Workbook

Sheet IN - All Programs
A1: Indiana MPO-Dedicated Funding Programs
A3: Updated as of 11.6.26
A4: PROJECT INFORMATION | G4: FY 2017 | J4: FY 2018 | M4: FY 2019 | P4: FY 2020 | S4: FY 2021 | V4: FY 2022 | Y4: FY 2023 | AB4: FY 2024 | AE4: FY 2025 | AH4: FY 2026 | AK4: FY 2027 | AN4: FY 2028 | AQ4: FY 2029 | AT4: FY 2030 | AW4: FY 2031 | AZ4: FY 2032 | BC4: FUTURE
A5: PROJECT | B5: KIPDA ID | C5: DES Number | D5: DESCRIPTION | E5: SPONSOR | F5: PHASE | G5: FEDERAL COST | H5: FEDERAL PGM | I5: FEDERAL OBL. | J5: FEDERAL COST | K5: FEDERAL PGM | L5: FEDERAL OBL. | M5: FEDERAL COST | N5: FEDERAL PGM | O5: FEDERAL OBL. | P5: FEDERAL COST | Q5: FEDERAL PGM | R5: FEDERAL OBL. | S5: FEDERAL COST | T5: FEDERAL PGM | U5: FEDERAL OBL. | V5: FEDERAL COST | W5: FEDERAL PGM | X5: FEDERAL OBL. | Y5: FEDERAL COST | Z5: FEDERAL PGM | AA5: FEDERAL OBL. | AB5: FEDERAL COST | AC5: FEDERAL PGM | AD5: FEDERAL OBL. | AE5: FEDERAL COST | AF5: FEDERAL PGM | AG5: FEDERAL OBL. | AH5: FEDERAL COST | AI5: FEDERAL PGM | AJ5: FEDERAL OBL. | AK5: FEDERAL COST | AL5: FEDERAL PGM | AM5: FEDERAL OBL. | AN5: FEDERAL COST | AO5: FEDERAL PGM | AP5: FEDERAL OBL. | AQ5: FEDERAL COST | AR5: FEDERAL PGM | AS5: FEDERAL OBL. | AT5: FEDERAL COST | AU5: FEDERAL PGM | AV5: FEDERAL OBL. | AW5: FEDERAL COST | AX5: FEDERAL PGM | AY5: FEDERAL OBL. | AZ5: FEDERAL COST | BA5: FEDERAL PGM | BB5: FEDERAL OBL. | BC5: FEDERAL COST | BD5: TOTALS
A7: Kentuckiana Air Education | B7: 370 | C7: 2300016 | D7: KAIRE Ozone Prevention and Awareness Program | E7: APCD | F7: Planning | H7: =G7-I7 -> 0 | K7: =J7-L7 -> 0 | N7: =M7-O7 -> 0 | Q7: =P7-R7 -> 0 | T7: =S7-U7 -> 0 | W7: =V7-X7 -> 0 | Z7: =Y7-AA7 -> 0 | AC7: =AB7-AD7 -> 0 | AF7: =AE7-AG7 -> 0 | AI7: =AH7-AJ7 -> 0 | AL7: =AK7-AM7 -> 0 | AO7: =AN7-AP7 -> 0 | AR7: =AQ7-AS7 -> 0 | AU7: =AT7-AV7 -> 0 | AX7: =AW7-AY7 -> 0 | BA7: =AZ7-BB7 -> 0 | BD7: FED COST
F8: Preliminary Eng. | H8: =G8-I8 -> 0 | K8: =J8-L8 -> 0 | N8: =M8-O8 -> 0 | Q8: =P8-R8 -> 0 | T8: =S8-U8 -> 0 | W8: =V8-X8 -> 0 | Z8: =Y8-AA8 -> 0 | AC8: =AB8-AD8 -> 0 | AF8: =AE8-AG8 -> 0 | AI8: =AH8-AJ8 -> 0 | AL8: =AK8-AM8 -> 0 | AO8: =AN8-AP8 -> 0 | AR8: =AQ8-AS8 -> 0 | AU8: =AT8-AV8 -> 0 | AX8: =AW8-AY8 -> 0 | BA8: =AZ8-BB8 -> 0 | BD8: =SUM(G7:G16,J7:J16,M7:M16,P7:P16,S7:S16,V7:V16,Y7:Y16,AB7:AB16,AE7:AE16) -> 1800000
F9: Design | H9: =G9-I9 -> 0 | K9: =J9-L9 -> 0 | N9: =M9-O9 -> 0 | Q9: =P9-R9 -> 0 | T9: =S9-U9 -> 0 | W9: =V9-X9 -> 0 | Z9: =Y9-AA9 -> 0 | AC9: =AB9-AD9 -> 0 | AF9: =AE9-AG9 -> 0 | AI9: =AH9-AJ9 -> 0 | AL9: =AK9-AM9 -> 0 | AO9: =AN9-AP9 -> 0 | AR9: =AQ9-AS9 -> 0 | AU9: =AT9-AV9 -> 0 | AX9: =AW9-AY9 -> 0 | BA9: =AZ9-BB9 -> 0 | BD9: FED PGM
F10: Right of Way | H10: =G10-I10 -> 0 | K10: =J10-L10 -> 0 | N10: =M10-O10 -> 0 | Q10: =P10-R10 -> 0 | T10: =S10-U10 -> 0 | W10: =V10-X10 -> 0 | Z10: =Y10-AA10 -> 0 | AC10: =AB10-AD10 -> 0 | AF10: =AE10-AG10 -> 0 | AI10: =AH10-AJ10 -> 0 | AL10: =AK10-AM10 -> 0 | AO10: =AN10-AP10 -> 0 | AR10: =AQ10-AS10 -> 0 | AU10: =AT10-AV10 -> 0 | AX10: =AW10-AY10 -> 0 | BA10: =AZ10-BB10 -> 0 | BD10: =SUM(H7:H16,K7:K16,N7:N16,Q7:Q16,T7:T16,W7:W16,Z7:Z16,AC7:AC16,Z7:Z16,AF7:AF16) -> 7029
F11: Utility Relocation | H11: =G11-I11 -> 0 | K11: =J11-L11 -> 0 | N11: =M11-O11 -> 0 | Q11: =P11-R11 -> 0 | T11: =S11-U11 -> 0 | W11: =V11-X11 -> 0 | Z11: =Y11-AA11 -> 0 | AC11: =AB11-AD11 -> 0 | AF11: =AE11-AG11 -> 0 | AI11: =AH11-AJ11 -> 0 | AL11: =AK11-AM11 -> 0 | AO11: =AN11-AP11 -> 0 | AR11: =AQ11-AS11 -> 0 | AU11: =AT11-AV11 -> 0 | AX11: =AW11-AY11 -> 0 | BA11: =AZ11-BB11 -> 0 | BD11: FED OBL
F12: Construction Engineering
F13: Construction | H13: =G13-I13 -> 0 | K13: =J13-L13 -> 0 | N13: =M13-O13 -> 0 | Q13: =P13-R13 -> 0 | T13: =S13-U13 -> 0 | W13: =V13-X13 -> 0 | Z13: =Y13-AA13 -> 0 | AC13: =AB13-AD13 -> 0 | AF13: =AE13-AG13 -> 0 | AI13: =AH13-AJ13 -> 0 | AL13: =AK13-AM13 -> 0 | AO13: =AN13-AP13 -> 0 | AR13: =AQ13-AS13 -> 0 | AU13: =AT13-AV13 -> 0 | AX13: =AW13-AY13 -> 0 | BA13: =AZ13-BB13 -> 0 | BD13: =SUM(I7:I16,L7:L16,O7:O16,R7:R16,U7:U16,X7:X16,AA7:AA16,AD7:AD16,AG7:AG16) -> 1792971
F14: Program | G14: 200000 | H14: =G14-I14 -> 0 | I14: 200000 | J14: 200000 | K14: =J14-L14 -> 0 | L14: 200000 | M14: 200000 | N14: =M14-O14 -> 0 | O14: 200000 | P14: 200000 | Q14: =P14-R14 -> 0 | R14: 200000 | S14: 200000 | T14: =S14-U14 -> 0 | U14: 200000 | V14: 200000 | W14: =V14-X14 -> 0 | X14: 200000 | Y14: 200000 | Z14: =Y14-AA14 -> 0 | AA14: 200000 | AB14: 200000 | AC14: =AB14-AD14 -> 7029 | AD14: 192971 | AE14: 200000 | AF14: =AE14-AG14 -> 0 | AG14: 200000 | AH14: 200000 | AI14: =AH14-AJ14 -> 0 | AJ14: 200000 | AK14: 200000 | AL14: =AK14-AM14 -> 0 | AM14: 200000 | AN14: 200000 | AO14: =AN14-AP14 -> 200000 | AQ14: 200000 | AR14: =AQ14-AS14 -> 200000 | AT14: 200000 | AU14: =AT14-AV14 -> 200000 | AX14: =AW14-AY14 -> 0 | BA14: =AZ14-BB14 -> 0 | BD14: % OBL
F15: Capital | H15: =G15-I15 -> 0 | K15: =J15-L15 -> 0 | N15: =M15-O15 -> 0 | Q15: =P15-R15 -> 0 | T15: =S15-U15 -> 0 | W15: =V15-X15 -> 0 | Z15: =Y15-AA15 -> 0 | AC15: =AB15-AD15 -> 0 | AF15: =AE15-AG15 -> 0 | AI15: =AH15-AJ15 -> 0 | AL15: =AK15-AM15 -> 0 | AO15: =AN15-AP15 -> 0 | AR15: =AQ15-AS15 -> 0 | AU15: =AT15-AV15 -> 0 | AX15: =AW15-AY15 -> 0 | BA15: =AZ15-BB15 -> 0 | BD15: =BD13/BD8 -> 0.996095
F16: Operating | H16: =G16-I16 -> 0 | K16: =J16-L16 -> 0 | N16: =M16-O16 -> 0 | Q16: =P16-R16 -> 0 | T16: =S16-U16 -> 0 | W16: =V16-X16 -> 0 | Z16: =Y16-AA16 -> 0 | AC16: =AB16-AD16 -> 0 | AF16: =AE16-AG16 -> 0 | AI16: =AH16-AJ16 -> 0 | AL16: =AK16-AM16 -> 0 | AO16: =AN16-AP16 -> 0 | AR16: =AQ16-AS16 -> 0 | AU16: =AT16-AV16 -> 0 | AX16: =AW16-AY16 -> 0 | BA16: =AZ16-BB16 -> 0
A17: PROJECT | B17: KIPDA ID | C17: DES Number | D17: DESCRIPTION | E17: SPONSOR | F17: PHASE | G17: FEDERAL COST | H17: FEDERAL PGM | I17: FEDERAL OBL. | J17: FEDERAL COST | K17: FEDERAL PGM | L17: FEDERAL OBL. | M17: FEDERAL COST | N17: FEDERAL PGM | O17: FEDERAL OBL. | P17: FEDERAL COST | Q17: FEDERAL PGM | R17: FEDERAL OBL. | S17: FEDERAL COST | T17: FEDERAL PGM | U17: FEDERAL OBL. | V17: FEDERAL COST | W17: FEDERAL PGM | X17: FEDERAL OBL. | Y17: FEDERAL COST | Z17: FEDERAL PGM | AA17: FEDERAL OBL. | AB17: FEDERAL COST | AC17: FEDERAL PGM | AD17: FEDERAL OBL. | AE17: FEDERAL COST | AF17: FEDERAL PGM | AG17: FEDERAL OBL. | AH17: FEDERAL COST | AI17: FEDERAL PGM | AJ17: FEDERAL OBL. | AK17: FEDERAL COST | AL17: FEDERAL PGM | AM17: FEDERAL OBL. | AN17: FEDERAL COST | AO17: FEDERAL PGM | AP17: FEDERAL OBL. | AQ17: FEDERAL COST | AR17: FEDERAL PGM | AS17: FEDERAL OBL. | AT17: FEDERAL COST | AU17: FEDERAL PGM | AV17: FEDERAL OBL. | AW17: FEDERAL COST | AX17: FEDERAL PGM | AY17: FEDERAL OBL. | AZ17: FEDERAL COST | BA17: FEDERAL PGM | BB17: FEDERAL OBL. | BC17: FEDERAL COST | BD17: TOTALS
A19: CR-311 and Sellersburg Improvements | B19: 3364 | C19: 2401840 | D19: Corridor improvements will extend along CR-311 from SR-60 to US-31 in Sellersburg. Project will add sidewalks, a bike path and a center turn lane to provide safe traffic/transportation alternatives and improve overall safety in the area | E19: Clark County | F19: Planning | H19: =G19-I19 -> 0 | K19: =J19-L19 -> 0 | N19: =M19-O19 -> 0 | Q19: =P19-R19 -> 0 | T19: =S19-U19 -> 0 | W19: =V19-X19 -> 0 | Z19: =Y19-AA19 -> 0 | AC19: =AB19-AD19 -> 0 | AF19: =AE19-AG19 -> 0 | AI19: =AH19-AJ19 -> 0 | AL19: =AK19-AM19 -> 0 | AO19: =AN19-AP19 -> 0 | AR19: =AQ19-AS19 -> 0 | AU19: =AT19-AV19 -> 0 | AX19: =AW19-AY19 -> 0 | BA19: =AZ19-BB19 -> 0 | BD19: FED COST
F20: Preliminary Eng. | H20: =G20-I20 -> 0 | K20: =J20-L20 -> 0 | N20: =M20-O20 -> 0 | Q20: =P20-R20 -> 0 | T20: =S20-U20 -> 0 | W20: =V20-X20 -> 0 | Z20: =Y20-AA20 -> 0 | AC20: =AB20-AD20 -> 0 | AF20: =AE20-AG20 -> 0 | AH20: =142733+50341 -> 193074 | AI20: =AH20-AJ20 -> 0 | AJ20: =142733+50341 -> 193074 | AK20: 786301 | AL20: =AK20-AM20 -> 786301 | AO20: =AN20-AP20 -> 0 | AR20: =AQ20-AS20 -> 0 | AU20: =AT20-AV20 -> 0 | AX20: =AW20-AY20 -> 0 | BA20: =AZ20-BB20 -> 0 | BD20: =SUM(G19:G28,J19:J28,M19:M28,P19:P28,S19:S28,V19:V28,Y19:Y28,AB19:AB28,AE19:AE28) -> 0
F21: Design | H21: =G21-I21 -> 0 | K21: =J21-L21 -> 0 | M21: 0 | N21: =M21-O21 -> 0 | Q21: =P21-R21 -> 0 | T21: =S21-U21 -> 0 | W21: =V21-X21 -> 0 | Z21: =Y21-AA21 -> 0 | AC21: =AB21-AD21 -> 0 | AF21: =AE21-AG21 -> 0 | AI21: =AH21-AJ21 -> 0 | AL21: =AK21-AM21 -> 0 | AO21: =AN21-AP21 -> 0 | AR21: =AQ21-AS21 -> 0 | AU21: =AT21-AV21 -> 0 | AX21: =AW21-AY21 -> 0 | BA21: =AZ21-BB21 -> 0 | BD21: FED PGM
F22: Right of Way | H22: =G22-I22 -> 0 | K22: =J22-L22 -> 0 | N22: =M22-O22 -> 0 | W22: =V22-X22 -> 0 | AC22: =AB22-AD22 -> 0 | AF22: =AE22-AG22 -> 0 | AI22: =AH22-AJ22 -> 0 | AL22: =AK22-AM22 -> 0 | AN22: 500000 | AO22: =AN22-AP22 -> 500000 | AQ22: 500000 | AR22: =AQ22-AS22 -> 500000 | AU22: =AT22-AV22 -> 0 | AX22: =AW22-AY22 -> 0 | BA22: =AZ22-BB22 -> 0 | BD22: =SUM(H19:H28,K19:K28,N19:N28,Q19:Q28,T19:T28,W19:W28,Z19:Z28,AC19:AC28,Z19:Z28,AF19:AF28) -> 0
F23: Utility Relocation | H23: =G23-I23 -> 0 | K23: =J23-L23 -> 0 | N23: =M23-O23 -> 0 | Q23: =P23-R23 -> 0 | T23: =S23-U23 -> 0 | W23: =V23-X23 -> 0 | Z23: =Y23-AA23 -> 0 | AC23: =AB23-AD23 -> 0 | AF23: =AE23-AG23 -> 0 | AI23: =AH22-AJ23 -> 0 | AL23: =AK23-AM23 -> 0 | AO23: =AN23-AP23 -> 0 | AR23: =AQ23-AS23 -> 0 | AT23: 500000 | AU23: =AT23-AV23 -> 500000 | AX23: =AW23-AY23 -> 0 | BA23: =AZ23-BB23 -> 0 | BD23: FED OBL
F24: Construction Engineering | AR24: =AQ24-AS24 -> 0
F25: Construction | H25: =G25-I25 -> 0 | K25: =J25-L25 -> 0 | N25: =M25-O25 -> 0 | Q25: =P25-R25 -> 0 | T25: =S25-U25 -> 0 | W25: =V25-X25 -> 0 | Z25: =Y25-AA25 -> 0 | AC25: =AB25-AD25 -> 0 | AF25: =AE25-AG25 -> 0 | AI25: =AH25-AJ25 -> 0 | AL25: =AK25-AM25 -> 0 | AO25: =AN25-AP25 -> 0 | AR25: =AQ25-AS25 -> 0 | AU25: =AT25-AV25 -> 0 | AX25: =AW25-AY25 -> 0 | BA25: =AZ25-BB25 -> 0 | BD25: =SUM(I19:I28,L19:L28,O19:O28,R19:R28,U19:U28,X19:X28,AA19:AA28,AD19:AD28,AG19:AG28) -> 0
F26: Program | H26: =G26-I26 -> 0 | K26: =J26-L26 -> 0 | N26: =M26-O26 -> 0 | Q26: =P26-R26 -> 0 | T26: =S26-U26 -> 0 | W26: =V26-X26 -> 0 | Z26: =Y26-AA26 -> 0 | AC26: =AB26-AD26 -> 0 | AF26: =AE26-AG26 -> 0 | AI26: =AH26-AJ26 -> 0 | AL26: =AK26-AM26 -> 0 | AO26: =AN26-AP26 -> 0 | AR26: =AQ26-AS26 -> 0 | AU26: =AT26-AV26 -> 0 | AX26: =AW26-AY26 -> 0 | BA26: =AZ26-BB26 -> 0 | BD26: % OBL
F27: Capital | H27: =G27-I27 -> 0 | K27: =J27-L27 -> 0 | N27: =M27-O27 -> 0 | Q27: =P27-R27 -> 0 | T27: =S27-U27 -> 0 | W27: =V27-X27 -> 0 | Z27: =Y27-AA27 -> 0 | AC27: =AB27-AD27 -> 0 | AF27: =AE27-AG27 -> 0 | AI27: =AH27-AJ27 -> 0 | AL27: =AK27-AM27 -> 0 | AO27: =AN27-AP27 -> 0 | AR27: =AQ27-AS27 -> 0 | AU27: =AT27-AV27 -> 0 | AX27: =AW27-AY27 -> 0 | BA27: =AZ27-BB27 -> 0 | BD27: =BD25/BD20 -> #DIV/0!
F28: Operating | H28: =G28-I28 -> 0 | K28: =J28-L28 -> 0 | N28: =M28-O28 -> 0 | Q28: =P28-R28 -> 0 | T28: =S28-U28 -> 0 | W28: =V28-X28 -> 0 | Z28: =Y28-AA28 -> 0 | AC28: =AB28-AD28 -> 0 | AF28: =AE28-AG28 -> 0 | AI28: =AH28-AJ28 -> 0 | AL28: =AK28-AM28 -> 0 | AO28: =AN28-AP28 -> 0 | AR28: =AQ28-AS28 -> 0 | AU28: =AT28-AV28 -> 0 | AX28: =AW28-AY28 -> 0 | BA28: =AZ28-BB28 -> 0
A29: PROJECT | B29: KIPDA ID | C29: DES Number | D29: DESCRIPTION | E29: SPONSOR | F29: PHASE | G29: FEDERAL COST | H29: FEDERAL PGM | I29: FEDERAL OBL. | J29: FEDERAL COST | K29: FEDERAL PGM | L29: FEDERAL OBL. | M29: FEDERAL COST | N29: FEDERAL PGM | O29: FEDERAL OBL. | P29: FEDERAL COST | Q29: FEDERAL PGM | R29: FEDERAL OBL. | S29: FEDERAL COST | T29: FEDERAL PGM | U29: FEDERAL OBL. | V29: FEDERAL COST | W29: FEDERAL PGM | X29: FEDERAL OBL. | Y29: FEDERAL COST | Z29: FEDERAL PGM | AA29: FEDERAL OBL. | AB29: FEDERAL COST | AC29: FEDERAL PGM | AD29: FEDERAL OBL. | AE29: FEDERAL COST | AF29: FEDERAL PGM | AG29: FEDERAL OBL. | AH29: FEDERAL COST | AI29: FEDERAL PGM | AJ29: FEDERAL OBL. | AK29: FEDERAL COST | AL29: FEDERAL PGM | AM29: FEDERAL OBL. | AN29: FEDERAL COST | AO29: FEDERAL PGM | AP29: FEDERAL OBL. | AQ29: FEDERAL COST | AR29: FEDERAL PGM | AS29: FEDERAL OBL. | AT29: FEDERAL COST | AU29: FEDERAL PGM | AV29: FEDERAL OBL. | AW29: FEDERAL COST | AX29: FEDERAL PGM | AY29: FEDERAL OBL. | AZ29: FEDERAL COST | BA29: FEDERAL PGM | BB29: FEDERAL OBL. | BC29: FEDERAL COST | BD29: TOTALS
A31: Charlestown Road Corridor Complete Street - Multi Use Trail | B31: 2128 | C31: 1400550 | D31: Construction of a multi-use path on Charlestown Rd. from Sunset Drive to Chapel Lane and include pedestrian bridge | E31: Floyd County | F31: Planning | H31: =G31-I31 -> 0 | K31: =J31-L31 -> 0 | N31: =M31-O31 -> 0 | Q31: =P31-R31 -> 0 | T31: =S31-U31 -> 0 | W31: =V31-X31 -> 0 | Z31: =Y31-AA31 -> 0 | AC31: =AB31-AD31 -> 0 | AF31: =AE31-AG31 -> 0 | AI31: =AH31-AJ31 -> 0 | AL31: =AK31-AM31 -> 0 | AO31: =AN31-AP31 -> 0 | AR31: =AQ31-AS31 -> 0 | AU31: =AT31-AV31 -> 0 | AX31: =AW31-AY31 -> 0 | BA31: =AZ31-BB31 -> 0 | BD31: FED COST
F32: Preliminary Eng. | H32: =G32-I32 -> 0 | K32: =J32-L32 -> 0 | N32: =M32-O32 -> 0 | Q32: =P32-R32 -> 0 | T32: =S32-U32 -> 0 | W32: =V32-X32 -> 0 | Z32: =Y32-AA32 -> 0 | AC32: =AB32-AD32 -> 0 | AF32: =AE32-AG32 -> 0 | AI32: =AH32-AJ32 -> 0 | AL32: =AK32-AM32 -> 0 | AO32: =AN32-AP32 -> 0 | AR32: =AQ32-AS32 -> 0 | AU32: =AT32-AV32 -> 0 | AX32: =AW32-AY32 -> 0 | BA32: =AZ32-BB32 -> 0 | BD32: =SUM(G31:G40,J31:J40,M31:M40,P31:P40,S31:S40,V31:V40,Y31:Y40,AB31:AB40,AE31:AE40) -> 1099084
F33: Design | H33: =G33-I33 -> 0 | K33: =J33-L33 -> 0 | M33: 0 | N33: =M33-O33 -> 0 | Q33: =P33-R33 -> 0 | T33: =S33-U33 -> 0 | W33: =V33-X33 -> 0 | Z33: =Y33-AA33 -> 0 | AC33: =AB33-AD33 -> 0 | AF33: =AE33-AG33 -> 0 | AI33: =AH33-AJ33 -> 0 | AL33: =AK33-AM33 -> 0 | AO33: =AN33-AP33 -> 0 | AR33: =AQ33-AS33 -> 0 | AU33: =AT33-AV33 -> 0 | AX33: =AW33-AY33 -> 0 | BA33: =AZ33-BB33 -> 0 | BD33: FED PGM
F34: Right of Way | H34: =G34-I34 -> 0 | K34: =J34-L34 -> 0 | N34: =M34-O34 -> 0 | P34: 384147 | Q34: =P34-R34 -> 76830 | R34: 307317 | S34: 300000 | T34: =S34-U34 -> 0 | U34: 300000 | W34: =V34-X34 -> 0 | Y34: =SUM(97465+52535) -> 150000 | Z34: =Y34-AA34 -> 52535 | AA34: 97465 | AC34: =AB34-AD34 -> 0 | AF34: =AE34-AG34 -> 0 | AI34: =AH34-AJ34 -> 0 | AL34: =AK34-AM34 -> 0 | AO34: =AN34-AP34 -> 0 | AR34: =AQ34-AS34 -> 0 | AU34: =AT34-AV34 -> 0 | AX34: =AW34-AY34 -> 0 | BA34: =AZ34-BB34 -> 0 | BD34: =SUM(H31:H40,K31:K40,N31:N40,Q31:Q40,T31:T40,W31:W40,Z31:Z40,AC31:AC40,Z31:Z40,AF31:AF40) -> 181900
F35: Utility Relocation | H35: =G35-I35 -> 0 | K35: =J35-L35 -> 0 | N35: =M35-O35 -> 0 | Q35: =P35-R35 -> 0 | T35: =S35-U35 -> 0 | W35: =V35-X35 -> 0 | Z35: =Y35-AA35 -> 0 | AC35: =AB35-AD35 -> 0 | AF35: =AE35-AG35 -> 0 | AI35: =AH35-AJ35 -> 0 | AL35: =AK35-AM35 -> 0 | AO35: =AN35-AP35 -> 0 | AR35: =AQ35-AS35 -> 0 | AU35: =AT35-AV35 -> 0 | AX35: =AW35-AY35 -> 0 | BA35: =AZ35-BB35 -> 0 | BD35: FED OBL
F36: Construction Engineering | AE36: 264937 | AF36: =AE36-AG36 -> 0 | AG36: 264937
F37: Construction | H37: =G37-I37 -> 0 | K37: =J37-L37 -> 0 | N37: =M37-O37 -> 0 | Q37: =P37-R37 -> 0 | T37: =S37-U37 -> 0 | W37: =V37-X37 -> 0 | Z37: =Y37-AA37 -> 0 | AC37: =AB37-AD37 -> 0 | AF37: =AE37-AG37 -> 0 | AI37: =AH37-AJ37 -> 0 | AL37: =AK37-AM37 -> 0 | AO37: =AN37-AP37 -> 0 | AR37: =AQ37-AS37 -> 0 | AU37: =AT37-AV37 -> 0 | AX37: =AW37-AY37 -> 0 | BA37: =AZ37-BB37 -> 0 | BD37: =SUM(I31:I40,L31:L40,O31:O40,R31:R40,U31:U40,X31:X40,AA31:AA40,AD31:AD40,AG31:AG40) -> 969719
F38: Program | H38: =G38-I38 -> 0 | K38: =J38-L38 -> 0 | N38: =M38-O38 -> 0 | Q38: =P38-R38 -> 0 | T38: =S38-U38 -> 0 | W38: =V38-X38 -> 0 | Z38: =Y38-AA38 -> 0 | AC38: =AB38-AD38 -> 0 | AF38: =AE38-AG38 -> 0 | AI38: =AH38-AJ38 -> 0 | AL38: =AK38-AM38 -> 0 | AO38: =AN38-AP38 -> 0 | AR38: =AQ38-AS38 -> 0 | AU38: =AT38-AV38 -> 0 | AX38: =AW38-AY38 -> 0 | BA38: =AZ38-BB38 -> 0 | BD38: % OBL
F39: Capital | H39: =G39-I39 -> 0 | K39: =J39-L39 -> 0 | N39: =M39-O39 -> 0 | Q39: =P39-R39 -> 0 | T39: =S39-U39 -> 0 | W39: =V39-X39 -> 0 | Z39: =Y39-AA39 -> 0 | AC39: =AB39-AD39 -> 0 | AF39: =AE39-AG39 -> 0 | AI39: =AH39-AJ39 -> 0 | AL39: =AK39-AM39 -> 0 | AO39: =AN39-AP39 -> 0 | AR39: =AQ39-AS39 -> 0 | AU39: =AT39-AV39 -> 0 | AX39: =AW39-AY39 -> 0 | BA39: =AZ39-BB39 -> 0 | BD39: =BD37/BD32 -> 0.88229744
F40: Operating | H40: =G40-I40 -> 0 | K40: =J40-L40 -> 0 | N40: =M40-O40 -> 0 | Q40: =P40-R40 -> 0 | T40: =S40-U40 -> 0 | W40: =V40-X40 -> 0 | Z40: =Y40-AA40 -> 0 | AC40: =AB40-AD40 -> 0 | AF40: =AE40-AG40 -> 0 | AI40: =AH40-AJ40 -> 0 | AL40: =AK40-AM40 -> 0 | AO40: =AN40-AP40 -> 0 | AR40: =AQ40-AS40 -> 0 | AU40: =AT40-AV40 -> 0 | AX40: =AW40-AY40 -> 0 | BA40: =AZ40-BB40 -> 0
A41: PROJECT | B41: KIPDA ID | C41: DES Number | D41: DESCRIPTION | E41: SPONSOR | F41: PHASE | G41: FEDERAL COST | H41: FEDERAL PGM | I41: FEDERAL OBL. | J41: FEDERAL COST | K41: FEDERAL PGM | L41: FEDERAL OBL. | M41: FEDERAL COST | N41: FEDERAL PGM | O41: FEDERAL OBL. | P41: FEDERAL COST | Q41: FEDERAL PGM | R41: FEDERAL OBL. | S41: FEDERAL COST | T41: FEDERAL PGM | U41: FEDERAL OBL. | V41: FEDERAL COST | W41: FEDERAL PGM | X41: FEDERAL OBL. | Y41: FEDERAL COST | Z41: FEDERAL PGM | AA41: FEDERAL OBL. | AB41: FEDERAL COST | AC41: FEDERAL PGM | AD41: FEDERAL OBL. | AE41: FEDERAL COST | AF41: FEDERAL PGM | AG41: FEDERAL OBL. | AH41: FEDERAL COST | AI41: FEDERAL PGM | AJ41: FEDERAL OBL. | AK41: FEDERAL COST | AL41: FEDERAL PGM | AM41: FEDERAL OBL. | AN41: FEDERAL COST | AO41: FEDERAL PGM | AP41: FEDERAL OBL. | AQ41: FEDERAL COST | AR41: FEDERAL PGM | AS41: FEDERAL OBL. | AT41: FEDERAL COST | AU41: FEDERAL PGM | AV41: FEDERAL OBL. | AW41: FEDERAL COST | AX41: FEDERAL PGM | AY41: FEDERAL OBL. | AZ41: FEDERAL COST | BA41: FEDERAL PGM | BB41: FEDERAL OBL. | BC41: FEDERAL COST | BD41: TOTALS
A43: CR 403 and Stacy Road Intersection Improvements | B43: 2549 | C43: 1802805 | D43: Intersection improvement including construction of a roundabout to improve safety at CR 403 and Stacy Road. Roundabout construction would include HMA pavement, curb and gutter and storm sewer for drainage, and intersection lighting. The footprint for the proposed roundabout would require approximately <1.0 acre of additional right of way, as well as relocating an existing Vectren utility pole and regulated gas line that runs along CR 403. | E43: Clark County | F43: Planning | H43: =G43-I43 -> 0 | K43: =J43-L43 -> 0 | N43: =M43-O43 -> 0 | Q43: =P43-R43 -> 0 | T43: =S43-U43 -> 0 | W43: =V43-X43 -> 0 | Z43: =Y43-AA43 -> 0 | AC43: =AB43-AD43 -> 0 | AF43: =AE43-AG43 -> 0 | AI43: =AH43-AJ43 -> 0 | AL43: =AK43-AM43 -> 0 | AO43: =AN43-AP43 -> 0 | AR43: =AQ43-AS43 -> 0 | AU43: =AT43-AV43 -> 0 | AX43: =AW43-AY43 -> 0 | BA43: =AZ43-BB43 -> 0 | BD43: FED COST
F44: Preliminary Eng. | H44: =G44-I44 -> 0 | K44: =J44-L44 -> 0 | N44: =M44-O44 -> 0 | P44: 283500 | Q44: =P44-R44 -> 0 | R44: 283500 | T44: =S44-U44 -> 0 | W44: =V44-X44 -> 0 | Z44: =Y44-AA44 -> 0 | AC44: =AB44-AD44 -> 0 | AF44: =AE44-AG44 -> 0 | AI44: =AH44-AJ44 -> 0 | AL44: =AK44-AM44 -> 0 | AO44: =AN44-AP44 -> 0 | AR44: =AQ44-AS44 -> 0 | AU44: =AT44-AV44 -> 0 | AX44: =AW44-AY44 -> 0 | BA44: =AZ44-BB44 -> 0 | BD44: =SUM(G43:G51,J43:J51,M43:M51,P43:P51,S43:S51,V43:V51,Y43:Y51,AB43:AB51,AE43:AE51) -> 2636984
F45: Design | H45: =G45-I45 -> 0 | K45: =J45-L45 -> 0 | N45: =M45-O45 -> 0 | Q45: =P45-R45 -> 0 | T45: =S45-U45 -> 0 | W45: =V45-X45 -> 0 | Z45: =Y45-AA45 -> 0 | AC45: =AB45-AD45 -> 0 | AF45: =AE45-AG45 -> 0 | AI45: =AH45-AJ45 -> 0 | AL45: =AK45-AM45 -> 0 | AO45: =AN45-AP45 -> 0 | AR45: =AQ45-AS45 -> 0 | AU45: =AT45-AV45 -> 0 | AX45: =AW45-AY45 -> 0 | BA45: =AZ45-BB45 -> 0 | BD45: FED PGM
F46: Right of Way | H46: =G46-I46 -> 0 | K46: =J46-L46 -> 0 | N46: =M46-O46 -> 0 | Q46: =P46-R46 -> 0 | T46: =S46-U46 -> 0 | V46: 71720 | W46: =V46-X46 -> 0 | X46: 71720 | Z46: =Y46-AA46 -> 0 | AC46: =AB46-AD46 -> 0 | AF46: =AE46-AG46 -> 0 | AI46: =AH46-AJ46 -> 0 | AL46: =AK46-AM46 -> 0 | AO46: =AN46-AP46 -> 0 | AR46: =AQ46-AS46 -> 0 | AU46: =AT46-AV46 -> 0 | AX46: =AW46-AY46 -> 0 | BA46: =AZ46-BB46 -> 0 | BD46: =SUM(H43:H51,K43:K51,N43:N51,Q43:Q51,T43:T51,W43:W51,Z43:Z51,AC43:AC51,Z43:Z51,AF43:AF51) -> 49685
F47: Utility Relocation | H47: =G47-I47 -> 0 | K47: =J47-L47 -> 0 | N47: =M47-O47 -> 0 | Q47: =P47-R47 -> 0 | T47: =S47-U47 -> 0 | W47: =V47-X47 -> 0 | Z47: =Y47-AA47 -> 0 | AF47: =AE47-AG47 -> 0 | AI47: =AH47-AJ47 -> 0 | AL47: =AK47-AM47 -> 0 | AO47: =AN47-AP47 -> 0 | AR47: =AQ47-AS47 -> 0 | AU47: =AT47-AV47 -> 0 | AX47: =AW47-AY47 -> 0 | BA47: =AZ47-BB47 -> 0 | BD47: FED OBL
F48: Construction Engineering | AB48: 134029 | AC48: =AB48-AD48 -> -95651 | AD48: 229680
F49: Construction | H49: =G49-I49 -> 0 | K49: =J49-L49 -> 0 | N49: =M49-O49 -> 0 | Q49: =P49-R49 -> 0 | T49: =S49-U49 -> 0 | W49: =V49-X49 -> 0 | Z49: =Y49-AA49 -> 0 | AB49: 2147735 | AC49: =AB49-AD49 -> 145336 | AD49: 2002399 | AF49: =AE49-AG49 -> 0 | AI49: =AH49-AJ49 -> 0 | AL49: =AK49-AM49 -> 0 | AO49: =AN49-AP49 -> 0 | AR49: =AQ49-AS49 -> 0 | AU49: =AT49-AV49 -> 0 | AX49: =AW49-AY49 -> 0 | BA49: =AZ49-BB49 -> 0 | BD49: =SUM(I43:I51,L43:L51,O43:O51,R43:R51,U43:U51,X43:X51,AA43:AA51,AD43:AD51,AG43:AG51) -> 2587299
F50: Capital | H50: =G50-I50 -> 0 | K50: =J50-L50 -> 0 | N50: =M50-O50 -> 0 | Q50: =P50-R50 -> 0 | T50: =S50-U50 -> 0 | W50: =V50-X50 -> 0 | Z50: =Y50-AA50 -> 0 | AC50: =AB50-AD50 -> 0 | AF50: =AE50-AG50 -> 0 | AI50: =AH50-AJ50 -> 0 | AL50: =AK50-AM50 -> 0 | AO50: =AN50-AP50 -> 0 | AR50: =AQ50-AS50 -> 0 | AU50: =AT50-AV50 -> 0 | AX50: =AW50-AY50 -> 0 | BA50: =AZ50-BB50 -> 0 | BD50: =BD49/BD44 -> 0.9811584
F51: Operating | H51: =G51-I51 -> 0 | K51: =J51-L51 -> 0 | N51: =M51-O51 -> 0 | Q51: =P51-R51 -> 0 | T51: =S51-U51 -> 0 | W51: =V51-X51 -> 0 | Z51: =Y51-AA51 -> 0 | AC51: =AB51-AD51 -> 0 | AF51: =AE51-AG51 -> 0 | AI51: =AH51-AJ51 -> 0 | AL51: =AK51-AM51 -> 0 | AO51: =AN51-AP51 -> 0 | AR51: =AQ51-AS51 -> 0 | AU51: =AT51-AV51 -> 0 | AX51: =AW51-AY51 -> 0 | BA51: =AZ51-BB51 -> 0
A52: PROJECT | B52: KIPDA ID | C52: DES Number | D52: DESCRIPTION | E52: SPONSOR | F52: PHASE | G52: FEDERAL COST | H52: FEDERAL PGM | I52: FEDERAL OBL. | J52: FEDERAL COST | K52: FEDERAL PGM | L52: FEDERAL OBL. | M52: FEDERAL COST | N52: FEDERAL PGM | O52: FEDERAL OBL. | P52: FEDERAL COST | Q52: FEDERAL PGM | R52: FEDERAL OBL. | S52: FEDERAL COST | T52: FEDERAL PGM | U52: FEDERAL OBL. | V52: FEDERAL COST | W52: FEDERAL PGM | X52: FEDERAL OBL. | Y52: FEDERAL COST | Z52: FEDERAL PGM | AA52: FEDERAL OBL. | AB52: FEDERAL COST | AC52: FEDERAL PGM | AD52: FEDERAL OBL. | AE52: FEDERAL COST | AF52: FEDERAL PGM | AG52: FEDERAL OBL. | AH52: FEDERAL COST | AI52: FEDERAL PGM | AJ52: FEDERAL OBL. | AK52: FEDERAL COST | AL52: FEDERAL PGM | AM52: FEDERAL OBL. | AN52: FEDERAL COST | AO52: FEDERAL PGM | AP52: FEDERAL OBL. | AQ52: FEDERAL COST | AR52: FEDERAL PGM | AS52: FEDERAL OBL. | AT52: FEDERAL COST | AU52: FEDERAL PGM | AV52: FEDERAL OBL. | AW52: FEDERAL COST | AX52: FEDERAL PGM | AY52: FEDERAL OBL. | AZ52: FEDERAL COST | BA52: FEDERAL PGM | BB52: FEDERAL OBL. | BC52: FEDERAL COST | BD52: TOTALS
A54: Baylor Wissman Hilltop | B54: 3367 | C54: 2401834 | D54: Project will replace existing roadway to widen lanes to 11 feet in each direction, add 2 foot shoulders with 1 foot aggregate. Additional safety measures including edge striping and curve notices will be included. | E54: Floyd County | F54: Planning | H54: =G54-I54 -> 0 | K54: =J54-L54 -> 0 | N54: =M54-O54 -> 0 | Q54: =P54-R54 -> 0 | T54: =S54-U54 -> 0 | W54: =V54-X54 -> 0 | Z54: =Y54-AA54 -> 0 | AC54: =AB54-AD54 -> 0 | AF54: =AE54-AG54 -> 0 | AI54: =AH54-AJ54 -> 0 | AL54: =AK54-AM54 -> 0 | AO54: =AN54-AP54 -> 0 | AR54: =AQ54-AS54 -> 0 | AU54: =AT54-AV54 -> 0 | AX54: =AW54-AY54 -> 0 | BA54: =AZ54-BB54 -> 0 | BD54: FED COST
F55: Preliminary Eng. | H55: =G55-I55 -> 0 | K55: =J55-L55 -> 0 | N55: =M55-O55 -> 0 | Q55: =P55-R55 -> 0 | T55: =S55-U55 -> 0 | W55: =V55-X55 -> 0 | Z55: =Y55-AA55 -> 0 | AC55: =AB55-AD55 -> 0 | AF55: =AE55-AG55 -> 0 | AI55: =AH55-AJ55 -> 0 | AK55: 100800 | AL55: =AK55-AM55 -> 100800 | AO55: =AN55-AP55 -> 0 | AR55: =AQ55-AS55 -> 0 | AU55: =AT55-AV55 -> 0 | AX55: =AW55-AY55 -> 0 | BA55: =AZ55-BB55 -> 0 | BD55: =SUM(G54:G64,J54:J64,M54:M64,P54:P64,S54:S64,V54:V64,Y54:Y64,AB54:AB64,AE54:AE64) -> 0
F56: Design | H56: =G56-I56 -> 0 | K56: =J56-L56 -> 0 | N56: =M56-O56 -> 0 | Q56: =P56-R56 -> 0 | T56: =S56-U56 -> 0 | W56: =V56-X56 -> 0 | Z56: =Y56-AA56 -> 0 | AC56: =AB56-AD56 -> 0 | AF56: =AE56-AG56 -> 0 | AI56: =AH56-AJ56 -> 0 | AL56: =AK56-AM56 -> 0 | AO56: =AN56-AP56 -> 0 | AR56: =AQ56-AS56 -> 0 | AU56: =AT56-AV56 -> 0 | AX56: =AW56-AY56 -> 0 | BA56: =AZ56-BB56 -> 0 | BD56: FED PGM
F57: Right of Way | H57: =G57-I57 -> 0 | K57: =J57-L57 -> 0 | N57: =M57-O57 -> 0 | Q57: =P57-R57 -> 0 | T57: =S57-U57 -> 0 | W57: =V57-X57 -> 0 | Z57: =Y57-AA57 -> 0 | AC57: =AB57-AD57 -> 0 | AF57: =AE57-AG57 -> 0 | AI57: =AH57-AJ57 -> 0 | AL57: =AK57-AM57 -> 0 | AO57: =AN57-AP57 -> 0 | AQ57: 256460 | AR57: =AQ57-AS57 -> 256460 | AU57: =AT57-AV57 -> 0 | AX57: =AW57-AY57 -> 0 | BA57: =AZ57-BB57 -> 0 | BD57: =SUM(H54:H64,K54:K64,N54:N64,Q54:Q64,T54:T64,W54:W64,Z54:Z64,AC54:AC64,Z54:Z64,AF54:AF64) -> 0
F58: Utility Relocation | H58: =G58-I58 -> 0 | K58: =J58-L58 -> 0 | N58: =M58-O58 -> 0 | Q58: =P58-R58 -> 0 | T58: =S58-U58 -> 0 | W58: =V58-X58 -> 0 | Z58: =Y58-AA58 -> 0 | AC58: =AB58-AD58 -> 0 | AF58: =AE58-AG58 -> 0 | AI58: =AH58-AJ58 -> 0 | AL58: =AK58-AM58 -> 0 | AO58: =AN58-AP58 -> 0 | AR58: =AQ58-AS58 -> 0 | AU58: =AT58-AV58 -> 0 | AX58: =AW58-AY58 -> 0 | BA58: =AZ58-BB58 -> 0 | BD58: FED OBL
F59: Railroad | H59: =G59-I59 -> 0 | K59: =J59-L59 -> 0 | N59: =M59-O59 -> 0 | Q59: =P59-R59 -> 0 | T59: =S59-U59 -> 0 | W59: =V59-X59 -> 0 | Z59: =Y59-AA59 -> 0 | AC59: =AB59-AD59 -> 0 | AF59: =AE59-AG59 -> 0 | AI59: =AH59-AJ59 -> 0 | AL59: =AK59-AM59 -> 0 | AO59: =AN59-AP59 -> 0 | AR59: =AQ59-AS59 -> 0 | AU59: =AT59-AV59 -> 0 | AX59: =AW59-AY59 -> 0 | BA59: =AZ59-BB59 -> 0 | BD59: =SUM(I54:I64,L54:L64,O54:O64,R54:R64,U54:U64,X54:X64,AA54:AA64,AD54:AD64,AG54:AG64) -> 0
F60: Construction Engineering | AU60: =AT60-AV60 -> 0 | AX60: =AW60-AY60 -> 0 | BA60: =AZ60-BB60 -> 0 | BC60: 257620
F61: Construction | Z61: =Y61-AA61 -> 0 | AC61: 0 | AF61: 0 | AI61: =AH61-AJ61 -> 0 | AL61: =AK61-AM61 -> 0 | AO61: =AN61-AP61 -> 0 | AR61: =AQ61-AS61 -> 0 | AU61: =AT61-AV61 -> 0 | AX61: =AW61-AY61 -> 0 | BA61: =AZ61-BB61 -> 0 | BC61: 833320
F62: Program | H62: =G62-I62 -> 0 | K62: =J62-L62 -> 0 | N62: =M62-O62 -> 0 | Q62: =P62-R62 -> 0 | T62: =S62-U62 -> 0 | W62: =V62-X62 -> 0 | Z62: =Y62-AA62 -> 0 | AC62: =AB62-AD62 -> 0 | AF62: =AE62-AG62 -> 0 | AI62: =AH62-AJ62 -> 0 | AL62: =AK62-AM62 -> 0 | AO62: =AN62-AP62 -> 0 | AR62: =AQ62-AS62 -> 0 | AU62: =AT62-AV62 -> 0 | AX62: =AW62-AY62 -> 0 | BA62: =AZ62-BB62 -> 0 | BD62: % OBL
F63: Capital | H63: =G63-I63 -> 0 | K63: =J63-L63 -> 0 | N63: =M63-O63 -> 0 | Q63: =P63-R63 -> 0 | T63: =S63-U63 -> 0 | W63: =V63-X63 -> 0 | Z63: =Y63-AA63 -> 0 | AC63: =AB63-AD63 -> 0 | AF63: =AE63-AG63 -> 0 | AI63: =AH63-AJ63 -> 0 | AL63: =AK63-AM63 -> 0 | AO63: =AN63-AP63 -> 0 | AR63: =AQ63-AS63 -> 0 | AU63: =AT63-AV63 -> 0 | AX63: =AW63-AY63 -> 0 | BA63: =AZ63-BB63 -> 0 | BD63: =BD59/BD55 -> #DIV/0!
F64: Operating | H64: =G64-I64 -> 0 | K64: =J64-L64 -> 0 | N64: =M64-O64 -> 0 | Q64: =P64-R64 -> 0 | T64: =S64-U64 -> 0 | W64: =V64-X64 -> 0 | Z64: =Y64-AA64 -> 0 | AC64: =AB64-AD64 -> 0 | AF64: =AE64-AG64 -> 0 | AI64: =AH64-AJ64 -> 0 | AL64: =AK64-AM64 -> 0 | AO64: =AN64-AP64 -> 0 | AR64: =AQ64-AS64 -> 0 | AU64: =AT64-AV64 -> 0 | AX64: =AW64-AY64 -> 0 | BA64: =AZ64-BB64 -> 0
A65: PROJECT | B65: KIPDA ID | C65: DES Number | D65: DESCRIPTION | E65: SPONSOR | F65: PHASE | G65: FEDERAL COST | H65: FEDERAL PGM | I65: FEDERAL OBL. | J65: FEDERAL COST | K65: FEDERAL PGM | L65: FEDERAL OBL. | M65: FEDERAL COST | N65: FEDERAL PGM | O65: FEDERAL OBL. | P65: FEDERAL COST | Q65: FEDERAL PGM | R65: FEDERAL OBL. | S65: FEDERAL COST | T65: FEDERAL PGM | U65: FEDERAL OBL. | V65: FEDERAL COST | W65: FEDERAL PGM | X65: FEDERAL OBL. | Y65: FEDERAL COST | Z65: FEDERAL PGM | AA65: FEDERAL OBL. | AB65: FEDERAL COST | AC65: FEDERAL PGM | AD65: FEDERAL OBL. | AE65: FEDERAL COST | AF65: FEDERAL PGM | AG65: FEDERAL OBL. | AH65: FEDERAL COST | AI65: FEDERAL PGM | AJ65: FEDERAL OBL. | AK65: FEDERAL COST | AL65: FEDERAL PGM | AM65: FEDERAL OBL. | AN65: FEDERAL COST | AO65: FEDERAL PGM | AP65: FEDERAL OBL. | AQ65: FEDERAL COST | AR65: FEDERAL PGM | AS65: FEDERAL OBL. | AT65: FEDERAL COST | AU65: FEDERAL PGM | AV65: FEDERAL OBL. | AW65: FEDERAL COST | AX65: FEDERAL PGM | AY65: FEDERAL OBL. | AZ65: FEDERAL COST | BA65: FEDERAL PGM | BB65: FEDERAL OBL. | BC65: FEDERAL COST | BD65: TOTALS
A67: Intersection of E. Spring St. & Beharrell Ave. | B67: 3136 | C67: 2301550 | E67: New Albany | F67: Planning | H67: =G67-I67 -> 0 | K67: =J67-L67 -> 0 | N67: =M67-O67 -> 0 | Q67: =P67-R67 -> 0 | T67: =S67-U67 -> 0 | W67: =V67-X67 -> 0 | Z67: =Y67-AA67 -> 0 | AC67: =AB67-AD67 -> 0 | AF67: =AE67-AG67 -> 0 | AI67: =AH67-AJ67 -> 0 | AL67: =AK67-AM67 -> 0 | AO67: =AN67-AP67 -> 0 | AR67: =AQ67-AS67 -> 0 | AU67: =AT67-AV67 -> 0 | AX67: =AW67-AY67 -> 0 | BA67: =AZ67-BB67 -> 0 | BD67: FED COST
F68: Preliminary Eng. | H68: =G68-I68 -> 0 | K68: =J68-L68 -> 0 | N68: =M68-O68 -> 0 | T68: =S68-U68 -> 0 | W68: =V68-X68 -> 0 | Z68: =Y68-AA68 -> 0 | AC68: =AB68-AD68 -> 0 | AF68: =AE68-AG68 -> 0 | AH68: 252000 | AI68: =AH68-AJ68 -> 0 | AJ68: 252000 | AL68: =AK68-AM68 -> 0 | AO68: =AN68-AP68 -> 0 | AR68: =AQ68-AS68 -> 0 | AU68: =AT68-AV68 -> 0 | AX68: =AW68-AY68 -> 0 | BA68: =AZ68-BB68 -> 0 | BD68: =SUM(G67:G75,J67:J75,M67:M75,P67:P75,S67:S75,V67:V75,Y67:Y75,AB67:AB75,AE67:AE75) -> 0
F69: Design | H69: =G69-I69 -> 0 | K69: =J69-L69 -> 0 | N69: =M69-O69 -> 0 | Q69: =P69-R69 -> 0 | T69: =S69-U69 -> 0 | W69: =V69-X69 -> 0 | Z69: =Y69-AA69 -> 0 | AC69: =AB69-AD69 -> 0 | AF69: =AE69-AG69 -> 0 | AI69: =AH69-AJ69 -> 0 | AL69: =AK69-AM69 -> 0 | AO69: =AN69-AP69 -> 0 | AR69: =AQ69-AS69 -> 0 | AU69: =AT69-AV69 -> 0 | AX69: =AW69-AY69 -> 0 | BA69: =AZ69-BB69 -> 0 | BD69: FED PGM
F70: Right of Way | H70: =G70-I70 -> 0 | K70: =J70-L70 -> 0 | N70: =M70-O70 -> 0 | Q70: =P70-R70 -> 0 | T70: =S70-U70 -> 0 | W70: =V70-X70 -> 0 | Z70: =Y70-AA70 -> 0 | AC70: =AB70-AD70 -> 0 | AF70: =AE70-AG70 -> 0 | AI70: =AH70-AJ70 -> 0 | AL70: =AK70-AM70 -> 0 | AO70: =AN70-AP70 -> 0 | AR70: =AQ70-AS70 -> 0 | AU70: =AT70-AV70 -> 0 | AX70: =AW70-AY70 -> 0 | BA70: =AZ70-BB70 -> 0 | BD70: =SUM(H67:H75,K67:K75,N67:N75,Q67:Q75,T67:T75,W67:W75,Z67:Z75,AC67:AC75,Z67:Z75,AF67:AF75) -> 0
F71: Utility Relocation | H71: =G71-I71 -> 0 | K71: =J71-L71 -> 0 | N71: =M71-O71 -> 0 | Q71: =P71-R71 -> 0 | T71: =S71-U71 -> 0 | W71: =V71-X71 -> 0 | Z71: =Y71-AA71 -> 0 | AC71: =AB71-AD71 -> 0 | AF71: =AE71-AG71 -> 0 | AI71: =AH71-AJ71 -> 0 | AL71: =AK71-AM71 -> 0 | AO71: =AN71-AP71 -> 0 | AR71: =AQ71-AS71 -> 0 | AU71: =AT71-AV71 -> 0 | AX71: =AW71-AY71 -> 0 | BA71: =AZ71-BB71 -> 0 | BD71: FED OBL
F72: Construction Engineering
F73: Construction | H73: =G73-I73 -> 0 | K73: =J73-L73 -> 0 | N73: =M73-O73 -> 0 | Q73: =P73-R73 -> 0 | T73: =S73-U73 -> 0 | W73: =V73-X73 -> 0 | Z73: =Y73-AA73 -> 0 | AC73: =AB73-AD73 -> 0 | AF73: =AE73-AG73 -> 0 | AI73: =AH73-AJ73 -> 0 | AL73: =AK73-AM73 -> 0 | AO73: =AN73-AP73 -> 0 | AQ73: 1932000 | AR73: =AQ73-AS73 -> 1932000 | BD73: =SUM(I67:I75,L67:L75,O67:O75,R67:R75,U67:U75,X67:X75,AA67:AA75,AD67:AD75,AG67:AG75) -> 0
F74: Capital | H74: =G74-I74 -> 0 | K74: =J74-L74 -> 0 | N74: =M74-O74 -> 0 | Q74: =P74-R74 -> 0 | T74: =S74-U74 -> 0 | W74: =V74-X74 -> 0 | Z74: =Y74-AA74 -> 0 | AC74: =AB74-AD74 -> 0 | AF74: =AE74-AG74 -> 0 | AI74: =AH74-AJ74 -> 0 | AL74: =AK74-AM74 -> 0 | AO74: =AN74-AP74 -> 0 | AR74: =AQ74-AS74 -> 0 | AU74: =AT74-AV74 -> 0 | AX74: =AW74-AY74 -> 0 | BA74: =AZ74-BB74 -> 0 | BD74: =BD73/BD68 -> #DIV/0!
F75: Operating | H75: =G75-I75 -> 0 | K75: =J75-L75 -> 0 | N75: =M75-O75 -> 0 | Q75: =P75-R75 -> 0 | T75: =S75-U75 -> 0 | W75: =V75-X75 -> 0 | Z75: =Y75-AA75 -> 0 | AC75: =AB75-AD75 -> 0 | AF75: =AE75-AG75 -> 0 | AI75: =AH75-AJ75 -> 0 | AL75: =AK75-AM75 -> 0 | AO75: =AN75-AP75 -> 0 | AR75: =AQ75-AS75 -> 0 | AU75: =AT75-AV75 -> 0 | AX75: =AW75-AY75 -> 0 | BA75: =AZ75-BB75 -> 0
A76: PROJECT | B76: KIPDA ID | C76: DES Number | D76: DESCRIPTION | E76: SPONSOR | F76: PHASE | G76: FEDERAL COST | H76: FEDERAL PGM | I76: FEDERAL OBL. | J76: FEDERAL COST | K76: FEDERAL PGM | L76: FEDERAL OBL. | M76: FEDERAL COST | N76: FEDERAL PGM | O76: FEDERAL OBL. | P76: FEDERAL COST | Q76: FEDERAL PGM | R76: FEDERAL OBL. | S76: FEDERAL COST | T76: FEDERAL PGM | U76: FEDERAL OBL. | V76: FEDERAL COST | W76: FEDERAL PGM | X76: FEDERAL OBL. | Y76: FEDERAL COST | Z76: FEDERAL PGM | AA76: FEDERAL OBL. | AB76: FEDERAL COST | AC76: FEDERAL PGM | AD76: FEDERAL OBL. | AE76: FEDERAL COST | AF76: FEDERAL PGM | AG76: FEDERAL OBL. | AH76: FEDERAL COST | AI76: FEDERAL PGM | AJ76: FEDERAL OBL. | AK76: FEDERAL COST | AL76: FEDERAL PGM | AM76: FEDERAL OBL. | AN76: FEDERAL COST | AO76: FEDERAL PGM | AP76: FEDERAL OBL. | AQ76: FEDERAL COST | AR76: FEDERAL PGM | AS76: FEDERAL OBL. | AT76: FEDERAL COST | AU76: FEDERAL PGM | AV76: FEDERAL OBL. | AW76: FEDERAL COST | AX76: FEDERAL PGM | AY76: FEDERAL OBL. | AZ76: FEDERAL COST | BA76: FEDERAL PGM | BB76: FEDERAL OBL. | BC76: FEDERAL COST | BD76: TOTALS
A78: Blackiston Mill Road Phase II | B78: 2389 | C78: 1700724 | D78: The Blackiston Mill Road Improvement Project is a series of improvements to the existing roadway from Lewis and Clark to just south of Gutford Road. Phase II is from the Kroger entrance to Blackiston View Drive. | E78: Clarksville | F78: Planning | H78: =G78-I78 -> 0 | K78: =J78-L78 -> 0 | N78: =M78-O78 -> 0 | Q78: =P78-R78 -> 0 | T78: =S78-U78 -> 0 | W78: =V78-X78 -> 0 | Z78: =Y78-AA78 -> 0 | AC78: =AB78-AD78 -> 0 | AF78: =AE78-AG78 -> 0 | AI78: =AH78-AJ78 -> 0 | AL78: =AK78-AM78 -> 0 | AO78: =AN78-AP78 -> 0 | AR78: =AQ78-AS78 -> 0 | AU78: =AT78-AV78 -> 0 | AX78: =AW78-AY78 -> 0 | BA78: =AZ78-BB78 -> 0 | BD78: FED COST
F79: Preliminary Eng. | H79: =G79-I79 -> 0 | K79: =J79-L79 -> 0 | N79: =M79-O79 -> 0 | Q79: =P79-R79 -> 0 | T79: =S79-U79 -> 0 | W79: =V79-X79 -> 0 | Z79: =Y79-AA79 -> 0 | AC79: =AB79-AD79 -> 0 | AF79: =AE79-AG79 -> 0 | AI79: =AH79-AJ79 -> 0 | AL79: =AK79-AM79 -> 0 | AO79: =AN79-AP79 -> 0 | AR79: =AQ79-AS79 -> 0 | AU79: =AT79-AV79 -> 0 | AX79: =AW79-AY79 -> 0 | BA79: =AZ79-BB79 -> 0 | BD79: =SUM(G78:G87,J78:J87,M78:M87,P78:P87,S78:S87,V78:V87,Y78:Y87,AB78:AB87,AE78:AE87) -> 2958480
F80: Design | H80: =G80-I80 -> 0 | K80: =J80-L80 -> 0 | N80: =M80-O80 -> 0 | Q80: =P80-R80 -> 0 | T80: =S80-U80 -> 0 | W80: =V80-X80 -> 0 | Z80: =Y80-AA80 -> 0 | AC80: =AB80-AD80 -> 0 | AF80: =AE80-AG80 -> 0 | AI80: =AH80-AJ80 -> 0 | AL80: =AK80-AM80 -> 0 | AO80: =AN80-AP80 -> 0 | AR80: =AQ80-AS80 -> 0 | AU80: =AT80-AV80 -> 0 | AX80: =AW80-AY80 -> 0 | BA80: =AZ80-BB80 -> 0 | BD80: FED PGM
F81: Right of Way | H81: =G81-I81 -> 0 | K81: =J81-L81 -> 0 | N81: =M81-O81 -> 0 | Q81: =P81-R81 -> 0 | S81: 850000 | T81: =S81-U81 -> 0 | U81: 850000 | W81: =V81-X81 -> 0 | Z81: =Y81-AA81 -> 0 | AC81: =AB81-AD81 -> 0 | AF81: =AE81-AG81 -> 0 | AI81: =AH81-AJ81 -> 0 | AL81: =AK81-AM81 -> 0 | AO81: =AN81-AP81 -> 0 | AR81: =AQ81-AS81 -> 0 | AU81: =AT81-AV81 -> 0 | AX81: =AW81-AY81 -> 0 | BA81: =AZ81-BB81 -> 0 | BD81: =SUM(H78:H87,K78:K87,N78:N87,Q78:Q87,T78:T87,W78:W87,Z78:Z87,AC78:AC87,Z78:Z87,AF78:AF87) -> 0
F82: Utility Relocation | H82: =G82-I82 -> 0 | K82: =J82-L82 -> 0 | N82: =M82-O82 -> 0 | Q82: =P82-R82 -> 0 | T82: =S82-U82 -> 0 | W82: =V82-X82 -> 0 | Z82: =Y82-AA82 -> 0 | AC82: =AB82-AD82 -> 0 | AF82: =AE82-AG82 -> 0 | AI82: =AH82-AJ82 -> 0 | AL82: =AK82-AM82 -> 0 | AO82: =AN82-AP82 -> 0 | AR82: =AQ82-AS82 -> 0 | AU82: =AT82-AV82 -> 0 | AX82: =AW82-AY82 -> 0 | BA82: =AZ82-BB82 -> 0 | BD82: FED OBL
F83: Construction Engineering
F84: Construction | H84: =G84-I84 -> 0 | K84: =J84-L84 -> 0 | N84: =M84-O84 -> 0 | Q84: =P84-R84 -> 0 | T84: =S84-U84 -> 0 | W84: =V84-X84 -> 0 | Y84: 2108480 | Z84: =Y84-AA84 -> 0 | AA84: 2108480 | AC84: =AB84-AD84 -> 0 | AF84: =AE84-AG84 -> 0 | AI84: =AH84-AJ84 -> 0 | AL84: =AK84-AM84 -> 0 | AO84: =AN84-AP84 -> 0 | AR84: =AQ84-AS84 -> 0 | AU84: =AT84-AV84 -> 0 | AX84: =AW84-AY84 -> 0 | BA84: =AZ84-BB84 -> 0 | BD84: =SUM(I78:I87,L78:L87,O78:O87,R78:R87,U78:U87,X78:X87,AA78:AA87,AD78:AD87,AG78:AG87) -> 2958480
F85: Program | H85: =G85-I85 -> 0 | K85: =J85-L85 -> 0 | N85: =M85-O85 -> 0 | Q85: =P85-R85 -> 0 | T85: =S85-U85 -> 0 | W85: =V85-X85 -> 0 | Z85: =Y85-AA85 -> 0 | AC85: =AB85-AD85 -> 0 | AF85: =AE85-AG85 -> 0 | AI85: =AH85-AJ85 -> 0 | AL85: =AK85-AM85 -> 0 | AO85: =AN85-AP85 -> 0 | AR85: =AQ85-AS85 -> 0 | AU85: =AT85-AV85 -> 0 | AX85: =AW85-AY85 -> 0 | BA85: =AZ85-BB85 -> 0 | BD85: % OBL
F86: Capital | H86: =G86-I86 -> 0 | K86: =J86-L86 -> 0 | N86: =M86-O86 -> 0 | Q86: =P86-R86 -> 0 | T86: =S86-U86 -> 0 | W86: =V86-X86 -> 0 | Z86: =Y86-AA86 -> 0 | AC86: =AB86-AD86 -> 0 | AF86: =AE86-AG86 -> 0 | AI86: =AH86-AJ86 -> 0 | AL86: =AK86-AM86 -> 0 | AO86: =AN86-AP86 -> 0 | AR86: =AQ86-AS86 -> 0 | AU86: =AT86-AV86 -> 0 | AX86: =AW86-AY86 -> 0 | BA86: =AZ86-BB86 -> 0 | BD86: =BD84/BD79 -> 1
F87: Operating | H87: =G87-I87 -> 0 | K87: =J87-L87 -> 0 | N87: =M87-O87 -> 0 | Q87: =P87-R87 -> 0 | T87: =S87-U87 -> 0 | W87: =V87-X87 -> 0 | Z87: =Y87-AA87 -> 0 | AC87: =AB87-AD87 -> 0 | AF87: =AE87-AG87 -> 0 | AI87: =AH87-AJ87 -> 0 | AL87: =AK87-AM87 -> 0 | AO87: =AN87-AP87 -> 0 | AR87: =AQ87-AS87 -> 0 | AU87: =AT87-AV87 -> 0 | AX87: =AW87-AY87 -> 0 | BA87: =AZ87-BB87 -> 0
A88: PROJECT | B88: KIPDA ID | C88: DES Number | D88: DESCRIPTION | E88: SPONSOR | F88: PHASE | G88: FEDERAL COST | H88: FEDERAL PGM | I88: FEDERAL OBL. | J88: FEDERAL COST | K88: FEDERAL PGM | L88: FEDERAL OBL. | M88: FEDERAL COST | N88: FEDERAL PGM | O88: FEDERAL OBL. | P88: FEDERAL COST | Q88: FEDERAL PGM | R88: FEDERAL OBL. | S88: FEDERAL COST | T88: FEDERAL PGM | U88: FEDERAL OBL. | V88: FEDERAL COST | W88: FEDERAL PGM | X88: FEDERAL OBL. | Y88: FEDERAL COST | Z88: FEDERAL PGM | AA88: FEDERAL OBL. | AB88: FEDERAL COST | AC88: FEDERAL PGM | AD88: FEDERAL OBL. | AE88: FEDERAL COST | AF88: FEDERAL PGM | AG88: FEDERAL OBL. | AH88: FEDERAL COST | AI88: FEDERAL PGM | AJ88: FEDERAL OBL. | AK88: FEDERAL COST | AL88: FEDERAL PGM | AM88: FEDERAL OBL. | AN88: FEDERAL COST | AO88: FEDERAL PGM | AP88: FEDERAL OBL. | AQ88: FEDERAL COST | AR88: FEDERAL PGM | AS88: FEDERAL OBL. | AT88: FEDERAL COST | AU88: FEDERAL PGM | AV88: FEDERAL OBL. | AW88: FEDERAL COST | AX88: FEDERAL PGM | AY88: FEDERAL OBL. | AZ88: FEDERAL COST | BA88: FEDERAL PGM | BB88: FEDERAL OBL. | BC88: FEDERAL COST | BD88: TOTALS
A90: Bridge 51 (Blackiston Mill Rd) Replacement Project | B90: 1558 | C90: 1700788 | D90: The proposed replacement bridge will be approximately 250 feet long, with 700 foot approaches. Bridge 51 carries Blackiston Mill Road over Silver Creek and currently serves as a critical link between the City of New Albany and the Town of Clarksville. The bridge structure itself is the responsibility of Floyd County, with the northern approach being in the City of New Albany and the southern approach in the Town of Clarksville and Clark County. In our 2016 Bridge Inspection Report, Bridge 51 scored a 39.2 Sufficiency Rating. | E90: Floyd County | F90: Planning | H90: =G90-I90 -> 0 | K90: =J90-L90 -> 0 | N90: =M90-O90 -> 0 | Q90: =P90-R90 -> 0 | T90: =S90-U90 -> 0 | W90: =V90-X90 -> 0 | Z90: =Y90-AA90 -> 0 | AC90: =AB90-AD90 -> 0 | AF90: =AE90-AG90 -> 0 | AI90: =AH90-AJ90 -> 0 | AL90: =AK90-AM90 -> 0 | AO90: =AN90-AP90 -> 0 | AR90: =AQ90-AS90 -> 0 | AU90: =AT90-AV90 -> 0 | AX90: =AW90-AY90 -> 0 | BA90: =AZ90-BB90 -> 0 | BD90: FED COST
F91: Preliminary Eng. | H91: =G91-I91 -> 0 | K91: =J91-L91 -> 0 | N91: =M91-O91 -> 0 | P91: 404420 | Q91: =P91-R91 -> 0 | R91: 404420 | T91: =S91-U91 -> 0 | W91: =V91-X91 -> 0 | Z91: =Y91-AA91 -> 0 | AB91: 202688 | AC91: =AB91-AD91 -> 0 | AD91: 202688 | AF91: =AE91-AG91 -> 0 | AH91: 11274 | AI91: =AH91-AJ91 -> 0 | AJ91: 11274 | AL91: =AK91-AM91 -> 0 | AO91: =AN91-AP91 -> 0 | AR91: =AQ91-AS91 -> 0 | AU91: =AT91-AV91 -> 0 | AX91: =AW91-AY91 -> 0 | BA91: =AZ91-BB91 -> 0 | BD91: =SUM(G90:G99,J90:J99,M90:M99,P90:P99,S90:S99,V90:V99,Y90:Y99,AB90:AB99,AE90:AE99) -> 1604420
F92: Design | H92: =G92-I92 -> 0 | K92: =J92-L92 -> 0 | N92: =M92-O92 -> 0 | Q92: =P92-R92 -> 0 | T92: =S92-U92 -> 0 | W92: =V92-X92 -> 0 | Z92: =Y92-AA92 -> 0 | AC92: =AB92-AD92 -> 0 | AF92: =AE92-AG92 -> 0 | AI92: =AH92-AJ92 -> 0 | AL92: =AK92-AM92 -> 0 | AO92: =AN92-AP92 -> 0 | AR92: =AQ92-AS92 -> 0 | AU92: =AT92-AV92 -> 0 | AX92: =AW92-AY92 -> 0 | BA92: =AZ92-BB92 -> 0 | BD92: FED PGM
F93: Right of Way | H93: =G93-I93 -> 0 | K93: =J93-L93 -> 0 | N93: =M93-O93 -> 0 | Q93: =P93-R93 -> 0 | T93: =S93-U93 -> 0 | W93: =V93-X93 -> 0 | Z93: =Y93-AA93 -> 0 | AB93: 997312 | AC93: =AB93-AD93 -> 0 | AD93: 997312 | AF93: =AE93-AG93 -> 0 | AI93: =AH93-AJ93 -> 0 | AL93: =AK93-AM93 -> 0 | AO93: =AN93-AP93 -> 0 | AR93: =AQ93-AS93 -> 0 | AU93: =AT93-AV93 -> 0 | AX93: =AW93-AY93 -> 0 | BA93: =AZ93-BB93 -> 0 | BD93: =SUM(H90:H99,K90:K99,N90:N99,Q90:Q99,T90:T99,W90:W99,Z90:Z99,AC90:AC99,Z90:Z99,AF90:AF99) -> 0
F94: Utility Relocation | H94: =G94-I94 -> 0 | K94: =J94-L94 -> 0 | N94: =M94-O94 -> 0 | Q94: =P94-R94 -> 0 | T94: =S94-U94 -> 0 | W94: =V94-X94 -> 0 | Z94: =Y94-AA94 -> 0 | AC94: =AB94-AD94 -> 0 | AF94: =AE94-AG94 -> 0 | AI94: =AH94-AJ94 -> 0 | AL94: =AK94-AM94 -> 0 | AO94: =AN94-AP94 -> 0 | AR94: =AQ94-AS94 -> 0 | AU94: =AT94-AV94 -> 0 | AX94: =AW94-AY94 -> 0 | BA94: =AZ94-BB94 -> 0 | BD94: FED OBL
F95: Construction Engineering | AH95: 675891 | AI95: =AH95-AJ95 -> 0 | AJ95: =667891+8000 -> 675891
F96: Construction | H96: =G96-I96 -> 0 | K96: =J96-L96 -> 0 | N96: =M96-O96 -> 0 | Q96: =P96-R96 -> 0 | T96: =S96-U96 -> 0 | W96: =V96-X96 -> 0 | AC96: =AB96-AD96 -> 0 | AH96: 5632428 | AI96: =AH96-AJ96 -> 0 | AJ96: 5632428 | AL96: =AK96-AM96 -> 0 | AO96: =AN96-AP96 -> 0 | AR96: =AQ96-AS96 -> 0 | AU96: =AT96-AV96 -> 0 | AX96: =AW96-AY96 -> 0 | BA96: =AZ96-BB96 -> 0 | BD96: =SUM(I90:I99,L90:L99,O90:O99,R90:R99,U90:U99,X90:X99,AA90:AA99,AD90:AD99,AG90:AG99) -> 1604420
F97: Program | H97: =G97-I97 -> 0 | K97: =J97-L97 -> 0 | N97: =M97-O97 -> 0 | Q97: =P97-R97 -> 0 | T97: =S97-U97 -> 0 | W97: =V97-X97 -> 0 | Z97: =Y97-AA97 -> 0 | AC97: =AB97-AD97 -> 0 | AF97: =AE97-AG97 -> 0 | AI97: =AH97-AJ97 -> 0 | AL97: =AK97-AM97 -> 0 | AO97: =AN97-AP97 -> 0 | AR97: =AQ97-AS97 -> 0 | AU97: =AT97-AV97 -> 0 | AX97: =AW97-AY97 -> 0 | BA97: =AZ97-BB97 -> 0 | BD97: % OBL
F98: Capital | H98: =G98-I98 -> 0 | K98: =J98-L98 -> 0 | N98: =M98-O98 -> 0 | Q98: =P98-R98 -> 0 | T98: =S98-U98 -> 0 | W98: =V98-X98 -> 0 | Z98: =Y98-AA98 -> 0 | AC98: =AB98-AD98 -> 0 | AF98: =AE98-AG98 -> 0 | AI98: =AH98-AJ98 -> 0 | AL98: =AK98-AM98 -> 0 | AO98: =AN98-AP98 -> 0 | AR98: =AQ98-AS98 -> 0 | AU98: =AT98-AV98 -> 0 | AX98: =AW98-AY98 -> 0 | BA98: =AZ98-BB98 -> 0 | BD98: =BD96/BD91 -> 1
F99: Operating | H99: =G99-I99 -> 0 | K99: =J99-L99 -> 0 | N99: =M99-O99 -> 0 | Q99: =P99-R99 -> 0 | T99: =S99-U99 -> 0 | W99: =V99-X99 -> 0 | Z99: =Y99-AA99 -> 0 | AC99: =AB99-AD99 -> 0 | AF99: =AE99-AG99 -> 0 | AI99: =AH99-AJ99 -> 0 | AL99: =AK99-AM99 -> 0 | AO99: =AN99-AP99 -> 0 | AR99: =AQ99-AS99 -> 0 | AU99: =AT99-AV99 -> 0 | AX99: =AW99-AY99 -> 0 | BA99: =AZ99-BB99 -> 0
A100: PROJECT | B100: KIPDA ID | C100: DES Number | D100: DESCRIPTION | E100: SPONSOR | F100: PHASE | G100: FEDERAL COST | H100: FEDERAL PGM | I100: FEDERAL OBL. | J100: FEDERAL COST | K100: FEDERAL PGM | L100: FEDERAL OBL. | M100: FEDERAL COST | N100: FEDERAL PGM | O100: FEDERAL OBL. | P100: FEDERAL COST | Q100: FEDERAL PGM | R100: FEDERAL OBL. | S100: FEDERAL COST | T100: FEDERAL PGM | U100: FEDERAL OBL. | V100: FEDERAL COST | W100: FEDERAL PGM | X100: FEDERAL OBL. | Y100: FEDERAL COST | Z100: FEDERAL PGM | AA100: FEDERAL OBL. | AB100: FEDERAL COST | AC100: FEDERAL PGM | AD100: FEDERAL OBL. | AE100: FEDERAL COST | AF100: FEDERAL PGM | AG100: FEDERAL OBL. | AH100: FEDERAL COST | AI100: FEDERAL PGM | AJ100: FEDERAL OBL. | AK100: FEDERAL COST | AL100: FEDERAL PGM | AM100: FEDERAL OBL. | AN100: FEDERAL COST | AO100: FEDERAL PGM | AP100: FEDERAL OBL. | AQ100: FEDERAL COST | AR100: FEDERAL PGM | AS100: FEDERAL OBL. | AT100: FEDERAL COST | AU100: FEDERAL PGM | AV100: FEDERAL OBL. | AW100: FEDERAL COST | AX100: FEDERAL PGM | AY100: FEDERAL OBL. | AZ100: FEDERAL COST | BA100: FEDERAL PGM | BB100: FEDERAL OBL. | BC100: FEDERAL COST | BD100: TOTALS
A102: E. Main Street from State Street Intersection to E. 5th Street Intersection | B102: 2392 | C102: 1700730 | D102: This road reconstruction project on E. Main Street will extend from State Street to E. 5th Street for approximately 1,600 feet or 0.3 miles and is located in the heart of Downtown New Albany. The proposed road reconstruction project will provide for a continuation of the improvements of the E. Main Street corridor extending from the recently completed project on E. Main from Vincennes Street to E. 5th Street in 2014 and connect to the improvements completed by INDOT on W. Main Street from State Street to Corydon Pike in 2015. | E102: New Albany | F102: Planning | H102: =G102-I102 -> 0 | K102: =J102-L102 -> 0 | N102: =M102-O102 -> 0 | Q102: =P102-R102 -> 0 | T102: =S102-U102 -> 0 | W102: =V102-X102 -> 0 | Z102: =Y102-AA102 -> 0 | AC102: =AB102-AD102 -> 0 | AF102: =AE102-AG102 -> 0 | AI102: =AH102-AJ102 -> 0 | AL102: =AK102-AM102 -> 0 | AO102: =AN102-AP102 -> 0 | AR102: =AQ102-AS102 -> 0 | AU102: =AT102-AV102 -> 0 | AX102: =AW102-AY102 -> 0 | BA102: =AZ102-BB102 -> 0 | BD102: FED COST
F103: Preliminary Eng. | H103: =G103-I103 -> 0 | K103: =J103-L103 -> 0 | M103: 173600 | N103: =M103-O103 -> 0 | O103: 173600 | P103: 46450 | Q103: =P103-R103 -> 0 | R103: 46450 | S103: 22314 | T103: =S103-U103 -> 0 | U103: 22314 | W103: =V103-X103 -> 0 | Y103: =SUM(22547+12153) -> 34700 | Z103: =Y103-AA103 -> 0 | AA103: 34700 | AC103: =AB103-AD103 -> 0 | AF103: =AE103-AG103 -> 0 | AI103: =AH103-AJ103 -> 0 | AL103: =AK103-AM103 -> 0 | AO103: =AN103-AP103 -> 0 | AR103: =AQ103-AS103 -> 0 | AU103: =AT103-AV103 -> 0 | AX103: =AW103-AY103 -> 0 | BA103: =AZ103-BB103 -> 0 | BD103: =SUM(G102:G112,J102:J112,M102:M112,P102:P112,S102:S112,V102:V112,Y102:Y112,AB102:AB112,AE102:AE112) -> 4982369
F104: Design | H104: =G104-I104 -> 0 | K104: =J104-L104 -> 0 | N104: =M104-O104 -> 0 | Q104: =P104-R104 -> 0 | T104: =S104-U104 -> 0 | W104: =V104-X104 -> 0 | Z104: =Y104-AA104 -> 0 | AC104: =AB104-AD104 -> 0 | AF104: =AE104-AG104 -> 0 | AI104: =AH104-AJ104 -> 0 | AL104: =AK104-AM104 -> 0 | AO104: =AN104-AP104 -> 0 | AR104: =AQ104-AS104 -> 0 | AU104: =AT104-AV104 -> 0 | AX104: =AW104-AY104 -> 0 | BA104: =AZ104-BB104 -> 0 | BD104: FED PGM
F105: Right of Way | H105: =G105-I105 -> 0 | K105: =J105-L105 -> 0 | N105: =M105-O105 -> 0 | Q105: =P105-R105 -> 0 | T105: =S105-U105 -> 0 | W105: =V105-X105 -> 0 | Z105: =Y105-AA105 -> 0 | AC105: =AB105-AD105 -> 0 | AF105: =AE105-AG105 -> 0 | AI105: =AH105-AJ105 -> 0 | AL105: =AK105-AM105 -> 0 | AO105: =AN105-AP105 -> 0 | AR105: =AQ105-AS105 -> 0 | AU105: =AT105-AV105 -> 0 | AX105: =AW105-AY105 -> 0 | BA105: =AZ105-BB105 -> 0 | BD105: =SUM(H102:H112,K102:K112,N102:N112,Q102:Q112,T102:T112,W102:W112,Z102:Z112,AC102:AC112,Z102:Z112,AF102:AF112) -> 0
F106: Utility Relocation | H106: =G106-I106 -> 0 | K106: =J106-L106 -> 0 | N106: =M106-O106 -> 0 | Q106: =P106-R106 -> 0 | T106: =S106-U106 -> 0 | W106: =V106-X106 -> 0 | Z106: =Y106-AA106 -> 0 | AC106: =AB106-AD106 -> 0 | AF106: =AE106-AG106 -> 0 | AI106: =AH106-AJ106 -> 0 | AL106: =AK106-AM106 -> 0 | AO106: =AN106-AP106 -> 0 | AR106: =AQ106-AS106 -> 0 | AU106: =AT106-AV106 -> 0 | AX106: =AW106-AY106 -> 0 | BA106: =AZ106-BB106 -> 0 | BD106: FED OBL
F107: Construction Engineering
F108: Construction | H108: =G108-I108 -> 0 | K108: =J108-L108 -> 0 | N108: =M108-O108 -> 0 | Q108: =P108-R108 -> 0 | T108: =S108-U108 -> 0 | V108: 3956981 | W108: =V108-X108 -> 0 | X108: 3956981 | Y108: 748324 | Z108: =Y108-AA108 -> 0 | AA108: 748324 | AC108: =AB108-AD108 -> 0 | AF108: =AE108-AG108 -> 0 | AI108: =AH108-AJ108 -> 0 | AL108: =AK108-AM108 -> 0 | AO108: =AN108-AP108 -> 0 | AR108: =AQ108-AS108 -> 0 | AU108: =AT108-AV108 -> 0 | AX108: =AW108-AY108 -> 0 | BA108: =AZ108-BB108 -> 0 | BD108: =SUM(I102:I112,L102:L112,O102:O112,R102:R112,U102:U112,X102:X112,AA102:AA112,AD102:AD112,AG102:AG112) -> 4982369
F109: Construction (CRRSAA) | Z109: =Y109-AA109 -> 0 | AC109: 0 | AI109: =AH109-AJ109 -> 0 | AL109: =AK109-AM109 -> 0 | AO109: =AN109-AP109 -> 0 | AR109: =AQ109-AS109 -> 0 | AU109: =AT109-AV109 -> 0 | AX109: =AW109-AY109 -> 0 | BA109: =AZ109-BB109 -> 0
F110: Program | H110: =G110-I110 -> 0 | K110: =J110-L110 -> 0 | N110: =M110-O110 -> 0 | Q110: =P110-R110 -> 0 | T110: =S110-U110 -> 0 | W110: =V110-X110 -> 0 | Z110: =Y110-AA110 -> 0 | AC110: =AB110-AD110 -> 0 | AF110: =AE110-AG110 -> 0 | AI110: =AH110-AJ110 -> 0 | AL110: =AK110-AM110 -> 0 | AO110: =AN110-AP110 -> 0 | AR110: =AQ110-AS110 -> 0 | AU110: =AT110-AV110 -> 0 | AX110: =AW110-AY110 -> 0 | BA110: =AZ110-BB110 -> 0 | BD110: % OBL
...

Sheet IN Program Breakdown
A1: CMAQ
B2: FY 2021 | C2: FY 2022 | D2: FY 2023 | E2: FY 2024 | F2: FY 2025 | G2: FY 2026 | H2: FY 2027 | I2: FY 2028 | J2: FY 2029 | K2: FY 2030 | L2: FY 2031 | M2: FY 2032 | N2: 10-Year TOTAL
A3: Annual Allocation | B3: ='IN - All Programs'!U353 -> 1087358 | C3: ='IN - All Programs'!X353 -> 1329812 | D3: ='IN - All Programs'!AA353 -> 421141 | E3: ='IN - All Programs'!AD353 -> 690952 | F3: ='IN - All Programs'!AG353 -> 719815.38 | G3: ='IN - All Programs'!AJ353 -> 439600 | H3: ='IN - All Programs'!AM353 -> 1045290 | I3: ='IN - All Programs'!AP353 -> 1045290 | J3: ='IN - All Programs'!AS353 -> 1045290 | K3: ='IN - All Programs'!AV353 -> 1045290 | L3: ='IN - All Programs'!AY353 -> 1045290 | M3: ='IN - All Programs'!BB353 -> 1045290 | N3: =SUM(D3:M3) -> 8543248.4
A4: 50% of Allocation | B4: =SUM(B3/2) -> 543679 | C4: =SUM(C3/2) -> 664906 | D4: =SUM(D3/2) -> 210570.5 | E4: =SUM(E3/2) -> 345476 | F4: =SUM(F3/2) -> 359907.69 | G4: =SUM(G3/2) -> 219800 | H4: =SUM(H3/2) -> 522645 | I4: =SUM(I3/2) -> 522645 | ... M4: =SUM(M3/2) -> 522645 | N4: =SUM(D4:M4) -> 4271624.2
A5: Programmed Amount | B5: ='IN - All Programs'!S342 -> 500000 | C5: ='IN - All Programs'!V342 -> 200000 | D5: ='IN - All Programs'!Y342 -> 350000 | E5: ='IN - All Programs'!AB342 -> 200000 | F5: ='IN - All Programs'!AE342 -> 464937 | G5: ='IN - All Programs'!AH342 -> 393074 | H5: ='IN - All Programs'!AK342 -> 986301 | I5: ='IN - All Programs'!AN342 -> 700000 | J5: ='IN - All Programs'!AQ342 -> 700000 | K5: ='IN - All Programs'!AT342 -> 700000 | L5: 0 | M5: ='IN - All Programs'!AV342 -> 0 | N5: =SUM(D5:M5) -> 4494312
A7: CRP
B8: FY 2021 | C8: FY 2022 | D8: FY 2023 | E8: FY 2024 | F8: FY 2025 | G8: FY 2026 | H8: FY 2027 | I8: FY 2028 | J8: FY 2029 | K8: FY 2030 | L8: FY 2031 | M8: FY 2032 | N8: 10-Year TOTAL
A9: Annual Allocation | D9: ='IN - All Programs'!AA354 -> 841664 | E9: ='IN - All Programs'!AD354 -> 433499 | F9: ='IN - All Programs'!AG354 -> 447998.38 | G9: ='IN - All Programs'!AJ354 -> 404747 | H9: ='IN - All Programs'!AM354 -> 405239 | I9: ='IN - All Programs'!AP354 -> 405239 | J9: ='IN - All Programs'!AS354 -> 405239 | K9: ='IN - All Programs'!AV354 -> 405239 | L9: ='IN - All Programs'!AY354 -> 405239 | M9: ='IN - All Programs'!BB354 -> 405239 | N9: =SUM(D9:M9) -> 4559342.4
A10: 50% of Allocation | D10: =SUM(D9/2) -> 420832 | E10: =SUM(E9/2) -> 216749.5 | F10: =SUM(F9/2) -> 223999.19 | G10: =SUM(G9/2) -> 202373.5 | H10: =SUM(H9/2) -> 202619.5 | I10: =SUM(I9/2) -> 202619.5 | J10: =SUM(J9/2) -> 202619.5 | K10: =SUM(K9/2) -> 202619.5 | ... M10: =SUM(M9/2) -> 202619.5 | N10: =SUM(D10:M10) -> 2279671.2
A11: Programmed Amount | D11: ='IN - All Programs'!Y343 -> 0 | E11: ='IN - All Programs'!AB343 -> 0 | F11: ='IN - All Programs'!AE343 -> 0 | G11: ='IN - All Programs'!AH343 -> 0 | H11: ='IN - All Programs'!AK343 -> 0 | I11: ='IN - All Programs'!AN343 -> 0 | J11: ='IN - All Programs'!AQ343 -> 0 | K11: ='IN - All Programs'!AT343 -> 4080000 | L11: 0 | M11: ='IN - All Programs'!AV343 -> 0 | N11: =SUM(D11:M11) -> 4080000
A13: HSIP
B14: FY 2021 | C14: FY 2022 | D14: FY 2023 | E14: FY 2024 | F14: FY 2025 | G14: FY 2026 | H14: FY 2027 | I14: FY 2028 | J14: FY 2029 | K14: FY 2030 | L14: FY 2031 | M14: FY 2032 | N14: 10-Year TOTAL
A15: Annual Allocation | B15: ='IN - All Programs'!U355 -> 679689 | C15: ='IN - All Programs'!X355 -> 838526 | D15: ='IN - All Programs'!AA355 -> 425829 | E15: ='IN - All Programs'!AD355 -> 427308 | F15: ='IN - All Programs'!AG355 -> 412892.38 | G15: ='IN - All Programs'!AJ355 -> 430324 | H15: ='IN - All Programs'!AM355 -> 410673 | I15: ='IN - All Programs'!AP355 -> 410673 | J15: ='IN - All Programs'!AS355 -> 410673 | K15: ='IN - All Programs'!AV355 -> 410673 | L15: ='IN - All Programs'!AY355 -> 410673 | M15: ='IN - All Programs'!BB355 -> 410673 | N15: =SUM(D15:M15) -> 4160391.4
A16: 50% of Allocation | B16: =SUM(B15/2) -> 339844.5 | C16: =SUM(C15/2) -> 419263 | D16: =SUM(D15/2) -> 212914.5 | E16: =SUM(E15/2) -> 213654 | F16: =SUM(F15/2) -> 206446.19 | G16: =SUM(G15/2) -> 215162 | H16: =SUM(H15/2) -> 205336.5 | I16: =SUM(I15/2) -> 205336.5 | ... M16: =SUM(M15/2) -> 205336.5 | N16: =SUM(D16:M16) -> 2080195.7
A17: Programmed Amount | B17: ='IN - All Programs'!S344 -> 0 | C17: ='IN - All Programs'!V344 -> 71720 | D17: ='IN - All Programs'!Y344 -> 0 | E17: ='IN - All Programs'!AB344 -> 2281764 | F17: ='IN - All Programs'!AE344 -> 0 | G17: ='IN - All Programs'!AH344 -> 252000 | H17: ='IN - All Programs'!AK344 -> 0 | I17: ='IN - All Programs'!AN344 -> 0 | J17: ='IN - All Programs'!AQ344 -> 2188460 | K17: ='IN - All Programs'!AT344 -> 0 | L17: ='IN - All Programs'!AU344 -> 0 | M17: ='IN - All Programs'!AV344 -> 0 | N17: =SUM(D17:M17) -> 4722224
A19: PROTECT
B20: FY 2021 | C20: FY 2022 | D20: FY 2023 | E20: FY 2024 | F20: FY 2025 | G20: FY 2026 | H20: FY 2027 | I20: FY 2028 | J20: FY 2029 | K20: FY 2030 | L20: FY 2031 | M20: FY 2032 | N20: 10-Year TOTAL
A21: Annual Allocation | B21: ='IN - All Programs'!U371 -> 0 | C21: ='IN - All Programs'!X371 -> 0 | D21: ='IN - All Programs'!AA356 -> 157057 | E21: ='IN - All Programs'!AD356 -> 160198 | F21: ='IN - All Programs'!AG356 -> 162961.38 | G21: ='IN - All Programs'!AJ356 -> 60819 | H21: ='IN - All Programs'!AM356 -> 59134 | I21: ='IN - All Programs'!AP356 -> 59134 | J21: ='IN - All Programs'!AS356 -> 59134 | K21: ='IN - All Programs'!AV356 -> 59134 | L21: ='IN - All Programs'!AY356 -> 59134 | M21: ='IN - All Programs'!BB356 -> 59134 | N21: =SUM(D21:M21) -> 895839.38
A22: 50% of Allocation | B22: =SUM(B21/2) -> 0 | C22: =SUM(C21/2) -> 0 | D22: =SUM(D21/2) -> 78528.5 | E22: =SUM(E21/2) -> 80099 | F22: =SUM(F21/2) -> 81480.69 | G22: =SUM(G21/2) -> 30409.5 | H22: =SUM(H21/2) -> 29567 | I22: =SUM(I21/2) -> 29567 | ... M22: =SUM(M21/2) -> 29567 | N22: =SUM(D22:M22) -> 447919.69
A23: Programmed Amount | B23: ='IN - All Programs'!S359 -> 0 | C23: ='IN - All Programs'!V359 -> 0 | D23: ='IN - All Programs'!Y345 -> 0 | E23: ='IN - All Programs'!Z345 -> 0 | F23: ='IN - All Programs'!AE345 -> 0 | G23: ='IN - All Programs'!AB345 -> 0 | H23: ='IN - All Programs'!AK345 -> 0 | I23: ='IN - All Programs'!AN345 -> 0 | J23: ='IN - All Programs'!AQ345 -> 0 | K23: ='IN - All Programs'!AT345 -> 0 | L23: ='IN - All Programs'!AU345 -> 0 | M23: ='IN - All Programs'!AV345 -> 0 | N23: =SUM(D23:M23) -> 0
A25: STBG
B26: FY 2021 | C26: FY 2022 | D26: FY 2023 | E26: FY 2024 | F26: FY 2025 | G26: FY 2026 | H26: FY 2027 | I26: FY 2028 | J26: FY 2029 | K26: FY 2030 | L26: FY 2031 | M26: FY 2032 | N26: 10-Year TOTAL
A27: Annual Allocation | B27: ='IN - All Programs'!U357 -> 2694466 | C27: ='IN - All Programs'!X357 -> 3262252 | D27: ='IN - All Programs'!AA357 -> 4508781 | E27: ='IN - All Programs'!AD357 -> 3568291 | F27: ='IN - All Programs'!AG357 -> 3694172.4 | G27: ='IN - All Programs'!AJ357 -> 3736153 | H27: ='IN - All Programs'!AM357 -> 3348140 | I27: ='IN - All Programs'!AP357 -> 3348140 | J27: ='IN - All Programs'!AS357 -> 3348140 | K27: ='IN - All Programs'!AV357 -> 3348140 | L27: ='IN - All Programs'!AY357 -> 3348140 | M27: ='IN - All Programs'!BB357 -> 3348140 | N27: =SUM(D27:M27) -> 35596237
A28: 50% of Allocation | B28: =SUM(B27/2) -> 1347233 | C28: =SUM(C27/2) -> 1631126 | D28: =SUM(D27/2) -> 2254390.5 | E28: =SUM(E27/2) -> 1784145.5 | F28: =SUM(F27/2) -> 1847086.2 | G28: =SUM(G27/2) -> 1868076.5 | H28: =SUM(H27/2) -> 1674070 | I28: =SUM(I27/2) -> 1674070 | ... M28: =SUM(M27/2) -> 1674070 | N28: =SUM(D28:M28) -> 17798119
A29: Programmed Amount | B29: ='IN - All Programs'!S346 -> 3305869 | C29: ='IN - All Programs'!V346 -> 4310978 | D29: ='IN - All Programs'!Y346 -> 4269039 | E29: ='IN - All Programs'!AB346 -> 1327000 | F29: ='IN - All Programs'!AE346 -> 796815 | G29: ='IN - All Programs'!AH346 -> 6446593 | H29: ='IN - All Programs'!AK346 -> 4495800 | I29: ='IN - All Programs'!AN346 -> 3209220 | J29: ='IN - All Programs'!AQ346 -> 2255000 | K29: ='IN - All Programs'!AT346 -> 566200 | L29: 0 | M29: ='IN - All Programs'!AV346 -> 0 | N29: =SUM(D29:M29) -> 23365667
A31: TA
B32: FY 2021 | C32: FY 2022 | D32: FY 2023 | E32: FY 2024 | F32: FY 2025 | G32: FY 2026 | H32: FY 2027 | I32: FY 2028 | J32: FY 2029 | K32: FY 2030 | L32: FY 2031 | M32: FY 2032 | N32: 10-Year TOTAL
A33: Annual Allocation | B33: ='IN - All Programs'!U358 -> 234664 | C33: ='IN - All Programs'!X358 -> 319525 | D33: ='IN - All Programs'!AA358 -> 487093 | E33: ='IN - All Programs'!AD358 -> 496835 | F33: ='IN - All Programs'!AG358 -> 513587.38 | G33: ='IN - All Programs'!AJ358 -> 519652 | H33: ='IN - All Programs'!AM358 -> 466165 | I33: ='IN - All Programs'!AP358 -> 466165 | J33: ='IN - All Programs'!AS358 -> 466165 | K33: ='IN - All Programs'!AV358 -> 466165 | L33: ='IN - All Programs'!AY358 -> 466165 | M33: ='IN - All Programs'!BB358 -> 466165 | N33: =SUM(D33:M33) -> 4814157.4
A34: 50% of Allocation | B34: =SUM(B33/2) -> 117332 | C34: =SUM(C33/2) -> 159762.5 | D34: =SUM(D33/2) -> 243546.5 | E34: =SUM(E33/2) -> 248417.5 | F34: =SUM(F33/2) -> 256793.69 | G34: =SUM(G33/2) -> 259826 | H34: =SUM(H33/2) -> 233082.5 | I34: =SUM(I33/2) -> 233082.5 | ... M34: =SUM(M33/2) -> 233082.5 | N34: =SUM(D34:M34) -> 2407078.7
A35: Programmed Amount | B35: ='IN - All Programs'!S347 -> 451540 | C35: ='IN - All Programs'!V347 -> 352671 | D35: ='IN - All Programs'!Y347 -> 688981 | E35: ='IN - All Programs'!AB347 -> 0 | F35: ='IN - All Programs'!AE347 -> 158407 | G35: ='IN - All Programs'!AH347 -> 0 | H35: ='IN - All Programs'!AK347 -> 0 | I35: ='IN - All Programs'!AN347 -> 1033060 | J35: ='IN - All Programs'!AQ347 -> 0 | K35: ='IN - All Programs'!AT347 -> 400000 | L35: 0 | M35: ='IN - All Programs'!AV347 -> 0 | N35: =SUM(D35:M35) -> 2280448

Sheet KY - CRP
A1: Kentucky Carbon Reduction Program (CRP-MPO)
A2: Updated as of 11.6.26
A3: PROJECT INFORMATION | H3: FY 2024 | K3: FY 2025 | N3: FY 2026 | Q3: FY 2027 | T3: FY 2028 | W3: FY 2029 | Z3: FY 2030 | AC3: FY 2031 | AF3: FUTURE
A4: SPONSOR | B4: PROJECT | C4: KIPDA ID | D4: STATE ID | E4: DESCRIPTION | G4: PHASE | H4: FEDERAL COST | I4: FEDERAL PGM | J4: FEDERAL OBL. | K4: FEDERAL COST | L4: FEDERAL PGM | M4: FEDERAL OBL. | N4: FEDERAL COST | O4: FEDERAL PGM | P4: FEDERAL OBL. | Q4: FEDERAL COST | R4: FEDERAL PGM | S4: FEDERAL OBL. | T4: FEDERAL COST | U4: FEDERAL PGM | V4: FEDERAL OBL. | W4: FEDERAL COST | X4: FEDERAL PGM | Y4: FEDERAL OBL. | Z4: FEDERAL COST | AA4: FEDERAL PGM | AB4: FEDERAL OBL. | AC4: FEDERAL COST | AD4: FEDERAL PGM | AE4: FEDERAL OBL. | AF4: FEDERAL COST | AG4: PROJECT ESTIMATES | AH4: PMG LIMITS
A5: Louisville Metro | B5: Dodge Gap Jefferson Memorial Forest - Louisville Loop Shared Use Path | C5: 2087 | D5: 05-00523.00 | E5: Design and construct shared use path and Louisville Loop trailhead facilities through Jefferson Memorial Forest from Blevins Gap Road to north end of sand quarry tunnel at Gene Snyder FWY (the tunnel will be part of this segment) approximately 2.5 miles | G5: Planning | I5: =H5-J5 -> 0 | L5: =K5-M5 -> 0 | O5: =N5-P5 -> 0 | R5: =Q5-S5 -> 0 | U5: =T5-V5 -> 0 | X5: =W5-Y5 -> 0 | AA5: =Z5-AB5 -> 0 | AD5: =AC5-AE5 -> 0 | AG5: Total Pre-PE Cost Estimate | AH5: Cost Increases Awarded to Date
G6: Preliminary Eng. | I6: =H6-J6 -> 0 | L6: =K6-M6 -> 0 | O6: =N6-P6 -> 0 | R6: =Q6-S6 -> 0 | U6: =T6-V6 -> 0 | X6: =W6-Y6 -> 0 | AA6: =Z6-AB6 -> 0 | AD6: =AC6-AE6 -> 0
G7: Design | I7: =H7-J7 -> 0 | K7: 98354 | L7: =K7-M7 -> 0 | M7: 98354 | O7: =N7-P7 -> 0 | R7: =Q7-S7 -> 0 | U7: =T7-V7 -> 0 | X7: =W7-Y7 -> 0 | AA7: =Z7-AB7 -> 0 | AD7: =AC7-AE7 -> 0 | AG7: Total Post-PE Cost Estimate | AH7: Total Cost Increase Limit
G8: Right of Way | I8: =H8-J8 -> 0 | L8: =K8-M8 -> 0 | O8: =N8-P8 -> 0 | Q8: 111000 | R8: =Q8-S8 -> 111000 | U8: =T8-V8 -> 0 | X8: =W8-Y8 -> 0 | AA8: =Z8-AB8 -> 0 | AD8: =AC8-AE8 -> 0 | AH8: =(AG8*0.25)*0.8 -> 0
G9: Utility Relocation | I9: =H9-J9 -> 0 | L9: =K9-M9 -> 0 | O9: =N9-P9 -> 0 | R9: =Q9-S9 -> 0 | T9: 25000 | U9: =T9-V9 -> 25000 | X9: =W9-Y9 -> 0 | AA9: =Z9-AB9 -> 0 | AD9: =AC9-AE9 -> 0 | AF9: 36800 | AG9: Post-PE Letting Date Estimate | AH9: Letting Date Limit
G10: Construction | I10: =H10-J10 -> 0 | L10: =K10-M10 -> 0 | O10: =N10-P10 -> 0 | R10: =Q10-S10 -> 0 | U10: =T10-V10 -> 0 | X10: =W10-Y10 -> 0 | AA10: =Z10-AB10 -> 0 | AD10: =AC10-AE10 -> 0 | AF10: 10560000
A11: SPONSOR | B11: PROJECT | C11: KIPDA ID | D11: STATE ID | E11: DESCRIPTION | G11: PHASE | H11: FEDERAL COST | I11: FEDERAL PGM | J11: FEDERAL OBL. | K11: FEDERAL COST | L11: FEDERAL PGM | M11: FEDERAL OBL. | N11: FEDERAL COST | O11: FEDERAL PGM | P11: FEDERAL OBL. | Q11: FEDERAL COST | R11: FEDERAL PGM | S11: FEDERAL OBL. | T11: FEDERAL COST | U11: FEDERAL PGM | V11: FEDERAL OBL. | W11: FEDERAL COST | X11: FEDERAL PGM | Y11: FEDERAL OBL. | Z11: FEDERAL COST | AA11: FEDERAL PGM | AB11: FEDERAL OBL. | AC11: FEDERAL COST | AD11: FEDERAL PGM | AE11: FEDERAL OBL. | AF11: FEDERAL COST | AG11: PROJECT ESTIMATES | AH11: PMG LIMITS
A12: Louisville Metro | B12: Northeast Louisville Loop Section II (Eastwood Cut-off) | C12: 2116 | D12: 05-00525.00 | E12: Construct a shared use path along US 60 from Eastwood Cutoff to Eastwood Recreation Center. | G12: Planning | I12: =H12-J12 -> 0 | L12: =K12-M12 -> 0 | O12: =N12-P12 -> 0 | R12: =Q12-S12 -> 0 | U12: =T12-V12 -> 0 | X12: =W12-Y12 -> 0 | AA12: =Z12-AB12 -> 0 | AD12: =AC12-AE12 -> 0 | AG12: Total Pre-PE Cost Estimate | AH12: Cost Increases Awarded to Date
G13: Preliminary Eng. | I13: =H13-J13 -> 0 | L13: =K13-M13 -> 0 | O13: =N13-P13 -> 0 | R13: =Q13-S13 -> 0 | U13: =T13-V13 -> 0 | X13: =W13-Y13 -> 0 | AA13: =Z13-AB13 -> 0 | AD13: =AC13-AE13 -> 0
G14: Design | H14: 32000 | I14: =H14-J14 -> 0 | J14: 32000 | L14: =K14-M14 -> 0 | O14: =N14-P14 -> 0 | R14: =Q14-S14 -> 0 | U14: =T14-V14 -> 0 | X14: =W14-Y14 -> 0 | AA14: =Z14-AB14 -> 0 | AD14: =AC14-AE14 -> 0 | AG14: Total Post-PE Cost Estimate | AH14: Total Cost Increase Limit
G15: Right of Way | L15: =K15-M15 -> 0 | O15: =N15-P15 -> 0 | R15: =Q15-S15 -> 0 | U15: =T15-V15 -> 0 | X15: =W15-Y15 -> 0 | AA15: =Z15-AB15 -> 0 | AD15: =AC15-AE15 -> 0 | AH15: =(AG15*0.25)*0.8 -> 0
G16: Utility Relocation | L16: =K16-M16 -> 0 | O16: =N16-P16 -> 0 | R16: =Q16-S16 -> 0 | U16: =T16-V16 -> 0 | X16: =W16-Y16 -> 0 | AA16: =Z16-AB16 -> 0 | AD16: =AC16-AE16 -> 0 | AG16: Post-PE Letting Date Estimate | AH16: Letting Date Limit
G17: Construction | I17: =H17-J17 -> 0 | K17: 826000 | M17: 480000 | O17: =N17-P17 -> 0 | R17: =Q17-S17 -> 0 | U17: =T17-V17 -> 0 | X17: =W17-Y17 -> 0 | AA17: =Z17-AB17 -> 0 | AD17: =AC17-AE17 -> 0
A18: SPONSOR | B18: PROJECT | C18: KIPDA ID | D18: STATE ID | E18: DESCRIPTION | G18: PHASE | H18: FEDERAL COST | I18: FEDERAL PGM | J18: FEDERAL OBL. | K18: FEDERAL COST | L18: FEDERAL PGM | M18: FEDERAL OBL. | N18: FEDERAL COST | O18: FEDERAL PGM | P18: FEDERAL OBL. | Q18: FEDERAL COST | R18: FEDERAL PGM | S18: FEDERAL OBL. | T18: FEDERAL COST | U18: FEDERAL PGM | V18: FEDERAL OBL. | W18: FEDERAL COST | X18: FEDERAL PGM | Y18: FEDERAL OBL. | Z18: FEDERAL COST | AA18: FEDERAL PGM | AB18: FEDERAL OBL. | AC18: FEDERAL COST | AD18: FEDERAL PGM | AE18: FEDERAL OBL. | AF18: FEDERAL COST | AG18: PROJECT ESTIMATES | AH18: PMG LIMITS
A19: Louisville Metro | B19: Ohio River Levee Trail Phase III | C19: 1109 | D19: 05-00505.00 | E19: Construct bicycle/pedestrian facilities along Campground Road from the end of the shared use path at the railroad crossing on Campground Road near I-264 to Lees Lane and the connection to Riverside Gardens Park at 2899 Lees Lane. | G19: Planning | I19: =H19-J19 -> 0 | L19: =K19-M19 -> 0 | O19: =N19-P19 -> 0 | R19: =Q19-S19 -> 0 | U19: =T19-V19 -> 0 | X19: =W19-Y19 -> 0 | AA19: =Z19-AB19 -> 0 | AD19: =AC19-AE19 -> 0 | AG19: Total Pre-PE Cost Estimate | AH19: Cost Increases Awarded to Date
G20: Preliminary Eng. | I20: =H20-J20 -> 0 | L20: =K20-M20 -> 0 | O20: =N20-P20 -> 0 | R20: =Q20-S20 -> 0 | U20: =T20-V20 -> 0 | X20: =W20-Y20 -> 0 | AA20: =Z20-AB20 -> 0 | AD20: =AC20-AE20 -> 0
G21: Design | I21: =H21-J21 -> 0 | L21: =K21-M21 -> 0 | N21: 220000 | O21: =N21-P21 -> 0 | P21: 220000 | R21: =Q21-S21 -> 0 | U21: =T21-V21 -> 0 | X21: =W21-Y21 -> 0 | AA21: =Z21-AB21 -> 0 | AD21: =AC21-AE21 -> 0 | AG21: Total Post-PE Cost Estimate | AH21: Total Cost Increase Limit
G22: Right of Way | I22: =H22-J22 -> 0 | L22: =K22-M22 -> 0 | O22: =N22-P22 -> 0 | R22: =Q22-S22 -> 0 | U22: =T22-V22 -> 0 | X22: =W22-Y22 -> 0 | AA22: =Z22-AB22 -> 0 | AD22: =AC22-AE22 -> 0 | AH22: =(AG22*0.25)*0.8 -> 0
G23: Utility Relocation | I23: =H23-J23 -> 0 | L23: =K23-M23 -> 0 | O23: =N23-P23 -> 0 | R23: =Q23-S23 -> 0 | U23: =T23-V23 -> 0 | X23: =W23-Y23 -> 0 | AA23: =Z23-AB23 -> 0 | AD23: =AC23-AE23 -> 0 | AG23: Post-PE Letting Date Estimate | AH23: Letting Date Limit
G24: Construction | I24: =H24-J24 -> 0 | L24: =K24-M24 -> 0 | O24: =N24-P24 -> 0 | R24: =Q24-S24 -> 0 | T24: 6463000 | U24: =T24-V24 -> 6463000 | X24: =W24-Y24 -> 0 | AA24: =Z24-AB24 -> 0 | AD24: =AC24-AE24 -> 0
A25: SPONSOR | B25: PROJECT | C25: KIPDA ID | D25: STATE ID | E25: DESCRIPTION | G25: PHASE | H25: FEDERAL COST | I25: FEDERAL PGM | J25: FEDERAL OBL. | K25: FEDERAL COST | L25: FEDERAL PGM | M25: FEDERAL OBL. | N25: FEDERAL COST | O25: FEDERAL PGM | P25: FEDERAL OBL. | Q25: FEDERAL COST | R25: FEDERAL PGM | S25: FEDERAL OBL. | T25: FEDERAL COST | U25: FEDERAL PGM | V25: FEDERAL OBL. | W25: FEDERAL COST | X25: FEDERAL PGM | Y25: FEDERAL OBL. | Z25: FEDERAL COST | AA25: FEDERAL PGM | AB25: FEDERAL OBL. | AC25: FEDERAL COST | AD25: FEDERAL PGM | AE25: FEDERAL OBL. | AF25: FEDERAL COST | AG25: PROJECT ESTIMATES | AH25: PMG LIMITS
A26: Louisville Metro | B26: Ohio River Valley NE Bike/Ped Improvements Phase I (Louisville Loop) | C26: 2979 | D26: 05-3036.00 | E26: Design and construct an accessible shared-use path system, including amenities, that connects the Lewis & Clark Bridge to US 42 in Prospect. Design and construct an accessible shared-use path system connecting This corridor is approximately 2.5 miles of the 100+ mile Louisville Loop. | G26: Planning | I26: =H26-J26 -> 0 | L26: =K26-M26 -> 0 | O26: =N26-P26 -> 0 | R26: =Q26-S26 -> 0 | U26: =T26-V26 -> 0 | X26: =W26-Y26 -> 0 | AA26: =Z26-AB26 -> 0 | AD26: =AC26-AE26 -> 0 | AG26: Total Pre-PE Cost Estimate | AH26: Cost Increases Awarded to Date
G27: Preliminary Eng. | I27: =H27-J27 -> 0 | L27: =K27-M27 -> 0 | O27: =N27-P27 -> 0 | R27: =Q27-S27 -> 0 | U27: =T27-V27 -> 0 | X27: =W27-Y27 -> 0 | AA27: =Z27-AB27 -> 0 | AD27: =AC27-AE27 -> 0
G28: Design | I28: =H28-J28 -> 0 | L28: =K28-M28 -> 0 | O28: =N28-P28 -> 0 | R28: =Q28-S28 -> 0 | U28: =T28-V28 -> 0 | X28: =W28-Y28 -> 0 | AA28: =Z28-AB28 -> 0 | AD28: =AC28-AE28 -> 0 | AG28: Total Post-PE Cost Estimate | AH28: Total Cost Increase Limit
G29: Right of Way | I29: =H29-J29 -> 0 | L29: =K29-M29 -> 0 | O29: =N29-P29 -> 0 | R29: =Q29-S29 -> 0 | U29: =T29-V29 -> 0 | X29: =W29-Y29 -> 0 | AA29: =Z29-AB29 -> 0 | AD29: =AC29-AE29 -> 0 | AH29: =(AG29*0.25)*0.8 -> 0
G30: Utility Relocation | I30: =H30-J30 -> 0 | L30: =K30-M30 -> 0 | O30: =N30-P30 -> 0 | R30: =Q30-S30 -> 0 | U30: =T30-V30 -> 0 | X30: =W30-Y30 -> 0 | AA30: =Z30-AB30 -> 0 | AD30: =AC30-AE30 -> 0 | AG30: Post-PE Letting Date Estimate | AH30: Letting Date Limit
G31: Construction | I31: =H31-J31 -> 0 | L31: =K31-M31 -> 0 | O31: =N31-P31 -> 0 | R31: =Q31-S31 -> 0 | U31: =T31-V31 -> 0 | W31: 3760000 | X31: =W31-Y31 -> 3760000 | AA31: =Z31-AB31 -> 0 | AD31: =AC31-AE31 -> 0
A32: SPONSOR | B32: PROJECT | C32: KIPDA ID | D32: STATE ID | E32: DESCRIPTION | G32: PHASE | H32: FEDERAL COST | I32: FEDERAL PGM | J32: FEDERAL OBL. | K32: FEDERAL COST | L32: FEDERAL PGM | M32: FEDERAL OBL. | N32: FEDERAL COST | O32: FEDERAL PGM | P32: FEDERAL OBL. | Q32: FEDERAL COST | R32: FEDERAL PGM | S32: FEDERAL OBL. | T32: FEDERAL COST | U32: FEDERAL PGM | V32: FEDERAL OBL. | W32: FEDERAL COST | X32: FEDERAL PGM | Y32: FEDERAL OBL. | Z32: FEDERAL COST | AA32: FEDERAL PGM | AB32: FEDERAL OBL. | AC32: FEDERAL COST | AD32: FEDERAL PGM | AE32: FEDERAL OBL. | AF32: FEDERAL COST | AG32: PROJECT ESTIMATES | AH32: PMG LIMITS
A33: Louisville Metro | B33: Ohio River Valley NE Bike/Ped Improvements Phase II (Louisville Loop) | C33: 2980 | D33: 5-584.00 | E33: Design and construct an accessible shared-use path system, including amenities; and make improvements to portions of an existing shared-use path that connects the Big Four Bridge to Caperton Swamp. This corridor is approximately 3.5 miles of the 100+ mile Louisville Loop. | G33: Planning | I33: =H33-J33 -> 0 | L33: =K33-M33 -> 0 | O33: =N33-P33 -> 0 | R33: =Q33-S33 -> 0 | U33: =T33-V33 -> 0 | X33: =W33-Y33 -> 0 | AA33: =Z33-AB33 -> 0 | AD33: =AC33-AE33 -> 0 | AG33: Total Pre-PE Cost Estimate | AH33: Cost Increases Awarded to Date
G34: Preliminary Eng. | I34: =H34-J34 -> 0 | L34: =K34-M34 -> 0 | O34: =N34-P34 -> 0 | R34: =Q34-S34 -> 0 | U34: =T34-V34 -> 0 | X34: =W34-Y34 -> 0 | AA34: =Z34-AB34 -> 0 | AD34: =AC34-AE34 -> 0
G35: Design | I35: =H35-J35 -> 0 | K35: 320000 | L35: =K35-M35 -> 0 | M35: 320000 | O35: =N35-P35 -> 0 | R35: =Q35-S35 -> 0 | U35: =T35-V35 -> 0 | X35: =W35-Y35 -> 0 | AA35: =Z35-AB35 -> 0 | AD35: =AC35-AE35 -> 0 | AG35: Total Post-PE Cost Estimate | AH35: Total Cost Increase Limit
G36: Right of Way | I36: =H36-J36 -> 0 | L36: =K36-M36 -> 0 | O36: =N36-P36 -> 0 | Q36: 88000 | R36: =Q36-S36 -> 88000 | U36: =T36-V36 -> 0 | X36: =W36-Y36 -> 0 | AA36: =Z36-AB36 -> 0 | AD36: =AC36-AE36 -> 0 | AH36: =(AG36*0.25)*0.8 -> 0
G37: Utility Relocation | I37: =H37-J37 -> 0 | L37: =K37-M37 -> 0 | O37: =N37-P37 -> 0 | R37: =Q37-S37 -> 0 | T37: 28000 | U37: =T37-V37 -> 28000 | X37: =W37-Y37 -> 0 | AA37: =Z37-AB37 -> 0 | AD37: =AC37-AE37 -> 0 | AG37: Post-PE Letting Date Estimate | AH37: Letting Date Limit
G38: Construction | I38: =H38-J38 -> 0 | L38: =K38-M38 -> 0 | O38: =N38-P38 -> 0 | R38: =Q38-S38 -> 0 | T38: =1150000+1546000 -> 2696000 | U38: =T38-V38 -> 2696000 | X38: =W38-Y38 -> 0 | AA38: =Z38-AB38 -> 0 | AD38: =AC38-AE38 -> 0
A39: SPONSOR | B39: PROJECT | C39: KIPDA ID | D39: STATE ID | E39: DESCRIPTION | G39: PHASE | H39: FEDERAL COST | I39: FEDERAL PGM | J39: FEDERAL OBL. | K39: FEDERAL COST | L39: FEDERAL PGM | M39: FEDERAL OBL. | N39: FEDERAL COST | O39: FEDERAL PGM | P39: FEDERAL OBL. | Q39: FEDERAL COST | R39: FEDERAL PGM | S39: FEDERAL OBL. | T39: FEDERAL COST | U39: FEDERAL PGM | V39: FEDERAL OBL. | W39: FEDERAL COST | X39: FEDERAL PGM | Y39: FEDERAL OBL. | Z39: FEDERAL COST | AA39: FEDERAL PGM | AB39: FEDERAL OBL. | AC39: FEDERAL COST | AD39: FEDERAL PGM | AE39: FEDERAL OBL. | AF39: FEDERAL COST | AG39: PROJECT ESTIMATES | AH39: PMG LIMITS
A40: Louisville Metro | B40: Pond Creek Jefferson Memorial Forest - Louisville Loop Shared Use Path | C40: 2086 | D40: 05-00522.00 | E40: Design and construct shared use path and Louisville Loop trailhead facilities through Jefferson Memorial Forest from north end of sand quarry tunnel at Gene Snyder FWY to west terminus of the existing MSD trail approximately 2.7 miles which will include a bridge over Pond Creek. | G40: Planning | I40: =H40-J40 -> 0 | L40: =K40-M40 -> 0 | O40: =N40-P40 -> 0 | R40: =Q40-S40 -> 0 | U40: =T40-V40 -> 0 | X40: =W40-Y40 -> 0 | AA40: =Z40-AB40 -> 0 | AD40: =AC40-AE40 -> 0 | AG40: Total Pre-PE Cost Estimate | AH40: Cost Increases Awarded to Date
G41: Preliminary Eng. | I41: =H41-J41 -> 0 | L41: =K41-M41 -> 0 | O41: =N41-P41 -> 0 | R41: =Q41-S41 -> 0 | U41: =T41-V41 -> 0 | X41: =W41-Y41 -> 0 | AA41: =Z41-AB41 -> 0 | AD41: =AC41-AE41 -> 0
G42: Design | I42: =H42-J42 -> 0 | L42: =K42-M42 -> 0 | O42: =N42-P42 -> 0 | R42: =Q42-S42 -> 0 | U42: =T42-V42 -> 0 | X42: =W42-Y42 -> 0 | AA42: =Z42-AB42 -> 0 | AD42: =AC42-AE42 -> 0 | AG42: Total Post-PE Cost Estimate | AH42: Total Cost Increase Limit
G43: Right of Way | I43: =H43-J43 -> 0 | K43: 680000 | L43: =K43-M43 -> 0 | M43: 680000 | O43: =N43-P43 -> 0 | R43: =Q43-S43 -> 0 | U43: =T43-V43 -> 0 | X43: =W43-Y43 -> 0 | AA43: =Z43-AB43 -> 0 | AD43: =AC43-AE43 -> 0 | AH43: =(AG43*0.25)*0.8 -> 0
G44: Utility Relocation | I44: =H44-J44 -> 0 | L44: =K44-M44 -> 0 | O44: =N44-P44 -> 0 | Q44: 55000 | R44: =Q44-S44 -> 55000 | U44: =T44-V44 -> 0 | X44: =W44-Y44 -> 0 | AA44: =Z44-AB44 -> 0 | AD44: =AC44-AE44 -> 0 | AF44: 15400 | AG44: Post-PE Letting Date Estimate | AH44: Letting Date Limit
G45: Construction | I45: =H45-J45 -> 0 | L45: =K45-M45 -> 0 | O45: =N45-P45 -> 0 | R45: =Q45-S45 -> 0 | U45: =T45-V45 -> 0 | X45: =W45-Y45 -> 0 | AA45: =Z45-AB45 -> 0 | AD45: =AC45-AE45 -> 0 | AF45: 9800000
A46: SPONSOR | B46: PROJECT | C46: KIPDA ID | D46: STATE ID | E46: DESCRIPTION | G46: PHASE | H46: FEDERAL COST | I46: FEDERAL PGM | J46: FEDERAL OBL. | K46: FEDERAL COST | L46: FEDERAL PGM | M46: FEDERAL OBL. | N46: FEDERAL COST | O46: FEDERAL PGM | P46: FEDERAL OBL. | Q46: FEDERAL COST | R46: FEDERAL PGM | S46: FEDERAL OBL. | T46: FEDERAL COST | U46: FEDERAL PGM | V46: FEDERAL OBL. | W46: FEDERAL COST | X46: FEDERAL PGM | Y46: FEDERAL OBL. | Z46: FEDERAL COST | AA46: FEDERAL PGM | AB46: FEDERAL OBL. | AC46: FEDERAL COST | AD46: FEDERAL PGM | AE46: FEDERAL OBL. | AF46: FEDERAL COST | AG46: PROJECT ESTIMATES | AH46: PMG LIMITS
A47: TARC | B47: Bus Stop and Access Improvements - M. Ali and Chestnut Street Corridor | C47: 3137 | G47: Planning | I47: =H47-J47 -> 0 | L47: =K47-M47 -> 0 | O47: =N47-P47 -> 0 | R47: =Q47-S47 -> 0 | U47: =T47-V47 -> 0 | X47: =W47-Y47 -> 0 | AA47: =Z47-AB47 -> 0 | AD47: =AC47-AE47 -> 0 | AG47: Total Pre-PE Cost Estimate | AH47: Cost Increases Awarded to Date
G48: Preliminary Eng. | I48: =H48-J48 -> 0 | L48: =K48-M48 -> 0 | N48: 100000 | O48: =N48-P48 -> 0 | P48: 100000 | R48: =Q48-S48 -> 0 | U48: =T48-V48 -> 0 | X48: =W48-Y48 -> 0 | AA48: =Z48-AB48 -> 0 | AD48: =AC48-AE48 -> 0
G49: Design | I49: =H49-J49 -> 0 | L49: =K49-M49 -> 0 | O49: =N49-P49 -> 0 | R49: =Q49-S49 -> 0 | U49: =T49-V49 -> 0 | X49: =W49-Y49 -> 0 | AA49: =Z49-AB49 -> 0 | AD49: =AC49-AE49 -> 0 | AG49: Total Post-PE Cost Estimate | AH49: Total Cost Increase Limit
G50: Right of Way | I50: =H50-J50 -> 0 | L50: =K50-M50 -> 0 | O50: =N50-P50 -> 0 | R50: =Q50-S50 -> 0 | U50: =T50-V50 -> 0 | X50: =W50-Y50 -> 0 | AA50: =Z50-AB50 -> 0 | AD50: =AC50-AE50 -> 0 | AH50: =(AG50*0.25)*0.8 -> 0
G51: Utility Relocation | I51: =H51-J51 -> 0 | L51: =K51-M51 -> 0 | O51: =N51-P51 -> 0 | R51: =Q51-S51 -> 0 | U51: =T51-V51 -> 0 | X51: =W51-Y51 -> 0 | AA51: =Z51-AB51 -> 0 | AD51: =AC51-AE51 -> 0 | AG51: Post-PE Letting Date Estimate | AH51: Letting Date Limit
G52: Construction | I52: =H52-J52 -> 0 | L52: =K52-M52 -> 0 | N52: 138375 | O52: =N52-P52 -> 0 | P52: 138375 | R52: =Q52-S52 -> 0 | U52: =T52-V52 -> 0 | X52: =W52-Y52 -> 0 | AA52: =Z52-AB52 -> 0 | AD52: =AC52-AE52 -> 0
A53: SPONSOR | B53: PROJECT | C53: KIPDA ID | D53: STATE ID | E53: DESCRIPTION | G53: PHASE | H53: FEDERAL COST | I53: FEDERAL PGM | J53: FEDERAL OBL. | K53: FEDERAL COST | L53: FEDERAL PGM | M53: FEDERAL OBL. | N53: FEDERAL COST | O53: FEDERAL PGM | P53: FEDERAL OBL. | Q53: FEDERAL COST | R53: FEDERAL PGM | S53: FEDERAL OBL. | T53: FEDERAL COST | U53: FEDERAL PGM | V53: FEDERAL OBL. | W53: FEDERAL COST | X53: FEDERAL PGM | Y53: FEDERAL OBL. | Z53: FEDERAL COST | AA53: FEDERAL PGM | AB53: FEDERAL OBL. | AC53: FEDERAL COST | AD53: FEDERAL PGM | AE53: FEDERAL OBL. | AF53: FEDERAL COST | AG53: PROJECT ESTIMATES | AH53: PMG LIMITS
A54: Louisville Metro | B54: Westport Road Sidewalk through I-265 Interchange | C54: 3121 | D54: 5-598.00 | G54: Planning | I54: =H54-J54 -> 0 | L54: =K54-M54 -> 0 | O54: =N54-P54 -> 0 | R54: =Q54-S54 -> 0 | U54: =T54-V54 -> 0 | X54: =W54-Y54 -> 0 | AA54: =Z54-AB54 -> 0 | AD54: =AC54-AE54 -> 0 | AG54: Total Pre-PE Cost Estimate | AH54: Cost Increases Awarded to Date
G55: Preliminary Eng. | I55: =H55-J55 -> 0 | L55: =K55-M55 -> 0 | O55: =N55-P55 -> 0 | R55: =Q55-S55 -> 0 | U55: =T55-V55 -> 0 | X55: =W55-Y55 -> 0 | AA55: =Z55-AB55 -> 0 | AD55: =AC55-AE55 -> 0
G56: Design | I56: =H56-J56 -> 0 | K56: 45000 | L56: =K56-M56 -> 0 | M56: 45000 | O56: =N56-P56 -> 0 | R56: =Q56-S56 -> 0 | U56: =T56-V56 -> 0 | X56: =W56-Y56 -> 0 | AA56: =Z56-AB56 -> 0 | AD56: =AC56-AE56 -> 0 | AG56: Total Post-PE Cost Estimate | AH56: Total Cost Increase Limit
G57: Right of Way | I57: =H57-J57 -> 0 | L57: =K57-M57 -> 0 | O57: =N57-P57 -> 0 | R57: =Q57-S57 -> 0 | U57: =T57-V57 -> 0 | X57: =W57-Y57 -> 0 | AA57: =Z57-AB57 -> 0 | AD57: =AC57-AE57 -> 0 | AH57: =(AG57*0.25)*0.8 -> 0
G58: Utility Relocation | I58: =H58-J58 -> 0 | L58: =K58-M58 -> 0 | O58: =N58-P58 -> 0 | R58: =Q58-S58 -> 0 | U58: =T58-V58 -> 0 | X58: =W58-Y58 -> 0 | AA58: =Z58-AB58 -> 0 | AD58: =AC58-AE58 -> 0 | AG58: Post-PE Letting Date Estimate | AH58: Letting Date Limit
G59: Construction | I59: =H59-J59 -> 0 | L59: =K59-M59 -> 0 | O59: =N59-P59 -> 0 | Q59: 895000 | R59: =Q59-S59 -> 895000 | U59: =T59-V59 -> 0 | X59: =W59-Y59 -> 0 | AA59: =Z59-AB59 -> 0 | AD59: =AC59-AE59 -> 0
A60: SPONSOR | B60: PROJECT | C60: KIPDA ID | D60: STATE ID | E60: DESCRIPTION | G60: PHASE | H60: FEDERAL COST | I60: FEDERAL PGM | J60: FEDERAL OBL. | K60: FEDERAL COST | L60: FEDERAL PGM | M60: FEDERAL OBL. | N60: FEDERAL COST | O60: FEDERAL PGM | P60: FEDERAL OBL. | Q60: FEDERAL COST | R60: FEDERAL PGM | S60: FEDERAL OBL. | T60: FEDERAL COST | U60: FEDERAL PGM | V60: FEDERAL OBL. | W60: FEDERAL COST | X60: FEDERAL PGM | Y60: FEDERAL OBL. | Z60: FEDERAL COST | AA60: FEDERAL PGM | AB60: FEDERAL OBL. | AC60: FEDERAL COST | AD60: FEDERAL PGM | AE60: FEDERAL OBL. | AF60: FEDERAL COST | AG60: PROJECT ESTIMATES | AH60: PMG LIMITS
A61: Louisville Metro | B61: Dixie Highway Streetscape - Maple to Garland | C61: 3308 | D61: 5-478.81 | G61: Planning | I61: =H61-J61 -> 0 | L61: =K61-M61 -> 0 | O61: =N61-P61 -> 0 | R61: =Q61-S61 -> 0 | U61: =T61-V61 -> 0 | X61: =W61-Y61 -> 0 | AA61: =Z61-AB61 -> 0 | AD61: =AC61-AE61 -> 0 | AG61: Total Pre-PE Cost Estimate | AH61: Cost Increases Awarded to Date
G62: Preliminary Eng. | I62: =H62-J62 -> 0 | L62: =K62-M62 -> 0 | O62: =N62-P62 -> 0 | R62: =Q62-S62 -> 0 | U62: =T62-V62 -> 0 | X62: =W62-Y62 -> 0 | AA62: =Z62-AB62 -> 0 | AD62: =AC62-AE62 -> 0
G63: Design | I63: =H63-J63 -> 0 | L63: =K63-M63 -> 0 | O63: =N63-P63 -> 0 | R63: =Q63-S63 -> 0 | U63: =T63-V63 -> 0 | X63: =W63-Y63 -> 0 | AA63: =Z63-AB63 -> 0 | AD63: =AC63-AE63 -> 0 | AG63: Total Post-PE Cost Estimate | AH63: Total Cost Increase Limit
G64: Right of Way | I64: =H64-J64 -> 0 | L64: =K64-M64 -> 0 | N64: 48000 | O64: =N64-P64 -> 0 | P64: 48000 | R64: =Q64-S64 -> 0 | U64: =T64-V64 -> 0 | X64: =W64-Y64 -> 0 | AA64: =Z64-AB64 -> 0 | AD64: =AC64-AE64 -> 0 | AH64: =(AG64*0.25)*0.8 -> 0
G65: Utility Relocation | I65: =H65-J65 -> 0 | L65: =K65-M65 -> 0 | O65: =N65-P65 -> 0 | R65: =Q65-S65 -> 0 | U65: =T65-V65 -> 0 | X65: =W65-Y65 -> 0 | AA65: =Z65-AB65 -> 0 | AD65: =AC65-AE65 -> 0 | AG65: Post-PE Letting Date Estimate | AH65: Letting Date Limit
G66: Construction | I66: =H66-J66 -> 0 | L66: =K66-M66 -> 0 | O66: =N66-P66 -> 0 | Q66: 1743000 | R66: =Q66-S66 -> 1743000 | U66: =T66-V66 -> 0 | X66: =W66-Y66 -> 0 | AA66: =Z66-AB66 -> 0 | AD66: =AC66-AE66 -> 0
A67: SPONSOR | B67: PROJECT | C67: KIPDA ID | D67: STATE ID | E67: DESCRIPTION | G67: PHASE | H67: FEDERAL COST | I67: FEDERAL PGM | J67: FEDERAL OBL. | K67: FEDERAL COST | L67: FEDERAL PGM | M67: FEDERAL OBL. | N67: FEDERAL COST | O67: FEDERAL PGM | P67: FEDERAL OBL. | Q67: FEDERAL COST | R67: FEDERAL PGM | S67: FEDERAL OBL. | T67: FEDERAL COST | U67: FEDERAL PGM | V67: FEDERAL OBL. | W67: FEDERAL COST | X67: FEDERAL PGM | Y67: FEDERAL OBL. | Z67: FEDERAL COST | AA67: FEDERAL PGM | AB67: FEDERAL OBL. | AC67: FEDERAL COST | AD67: FEDERAL PGM | AE67: FEDERAL OBL. | AF67: FEDERAL COST | AG67: PROJECT ESTIMATES | AH67: PMG LIMITS
A68: TARC | B68: Bus Stop Improvements at Transit Node Eastern Parkway and Preston/Shelby Street | C68: 3129 | G68: Planning | I68: =H68-J68 -> 0 | L68: =K68-M68 -> 0 | O68: =N68-P68 -> 0 | R68: =Q68-S68 -> 0 | U68: =T68-V68 -> 0 | X68: =W68-Y68 -> 0 | AA68: =Z68-AB68 -> 0 | AD68: =AC68-AE68 -> 0 | AG68: Total Pre-PE Cost Estimate | AH68: Cost Increases Awarded to Date
G69: Preliminary Eng. | I69: =H69-J69 -> 0 | L69: =K69-M69 -> 0 | O69: =N69-P69 -> 0 | R69: =Q69-S69 -> 0 | U69: =T69-V69 -> 0 | X69: =W69-Y69 -> 0 | AA69: =Z69-AB69 -> 0 | AD69: =AC69-AE69 -> 0
G70: Design | I70: =H70-J70 -> 0 | L70: =K70-M70 -> 0 | O70: =N70-P70 -> 0 | R70: =Q70-S70 -> 0 | U70: =T70-V70 -> 0 | X70: =W70-Y70 -> 0 | AA70: =Z70-AB70 -> 0 | AD70: =AC70-AE70 -> 0 | AG70: Total Post-PE Cost Estimate | AH70: Total Cost Increase Limit
G71: Right of Way | I71: =H71-J71 -> 0 | L71: =K71-M71 -> 0 | O71: =N71-P71 -> 0 | R71: =Q71-S71 -> 0 | U71: =T71-V71 -> 0 | X71: =W71-Y71 -> 0 | AA71: =Z71-AB71 -> 0 | AD71: =AC71-AE71 -> 0 | AH71: =(AG71*0.25)*0.8 -> 0
G72: Utility Relocation | I72: =H72-J72 -> 0 | L72: =K72-M72 -> 0 | O72: =N72-P72 -> 0 | R72: =Q72-S72 -> 0 | U72: =T72-V72 -> 0 | X72: =W72-Y72 -> 0 | AA72: =Z72-AB72 -> 0 | AD72: =AC72-AE72 -> 0 | AG72: Post-PE Letting Date Estimate | AH72: Letting Date Limit
G73: Construction | I73: =H73-J73 -> 0 | L73: =K73-M73 -> 0 | N73: 121165 | O73: =N73-P73 -> 0 | P73: 121165 | R73: =Q73-S73 -> 0 | U73: =T73-V73 -> 0 | X73: =W73-Y73 -> 0 | AA73: =Z73-AB73 -> 0 | AD73: =AC73-AE73 -> 0
G74: Totals | H74: =SUM(H4:H73) -> 32000 | I74: =SUM(I4:I73) -> 0 | J74: =SUM(J4:J73) -> 32000 | K74: =SUM(K4:K73) -> 1969354 | L74: =SUM(L4:L73) -> 0 | M74: =SUM(M4:M73) -> 1623354 | N74: =SUM(N4:N73) -> 627540 | O74: =SUM(O4:O73) -> 0 | ... AF74: =SUM(AF4:AF73) -> 20412200
I75: =I74/H74 -> 0 | J75: =J74/H74 -> 1 | L75: =L74/K74 -> 0 | M75: =M74/K74 -> 0.82430787 | O75: =O74/N74 -> 0 | P75: =P74/N74 -> 1 | R75: =R74/Q74 -> 1 | S75: =S74/Q74 -> 0 | U75: =U74/T74 -> 1 | V75: =V74/T74 -> 0 | X75: =X74/W74 -> 1 | Y75: =Y74/W74 -> 0 | AA75: =AA74/Z74 -> #DIV/0! | AB75: =AB74/Z74 -> #DIV/0! | AD75: =AD74/AC74 -> #DIV/0! | AE75: =AE74/AC74 -> #DIV/0!
E76: PROGRAM SUB-ALLOCATION | H76: PROGRAM SUB-ALLOCATION | K76: PROGRAM SUB-ALLOCATION | N76: PROGRAM SUB-ALLOCATION | Q76: PROGRAM SUB-ALLOCATION | T76: PROGRAM SUB-ALLOCATION | W76: PROGRAM SUB-ALLOCATION | Z76: PROGRAM SUB-ALLOCATION | AC76: PROGRAM SUB-ALLOCATION | AF76: FUTURE
E77: CRP-MPO Annual Allocation | J77: 2687197 | M77: =J77*1.02 -> 2740940.9 | P77: =M77*1.02 -> 2795759.8 | S77: =P77 -> 2795759.8 | Y77: =V77 -> 0 | AB77: =Y77 -> 0 | AE77: =AB77 -> 0 | AG77: Annual Alloc
E78: GENERAL FUND | H78: GENERAL FUND | K78: GENERAL FUND | N78: GENERAL FUND | Q78: GENERAL FUND | T78: GENERAL FUND | W78: GENERAL FUND | Z78: GENERAL FUND | AC78: GENERAL FUND | AF78: FUTURE CATEGORY
E79: Carryover from Previous Fiscal Year | J79: 5414996 | M79: =SUM(J84) -> 8070193 | P79: =SUM(M84) -> 9187779.9 | S79: =SUM(P84) -> 11356000 | V79: =SUM(S84) -> 11259759 | Y79: =SUM(V84) -> 2047759.5 | AB79: =SUM(Y84) -> -1712240.5 | AE79: =SUM(AB84) -> -1712240.5 | AF79: =Y84 -> -1712240.5
E80: Annual Sub-Allocation | J80: =SUM(J77:J77) -> 2687197 | M80: =M77 -> 2740940.9 | P80: =SUM(P77:P77) -> 2795759.8 | S80: =S77 -> 2795759.8 | V80: =V77 -> 0 | Y80: =Y77 -> 0 | AB80: =AB77 -> 0 | AE80: =AE77 -> 0 | AF80: =AF77 -> 0
E81: Available | J81: =SUM(J79:J80) -> 8102193 | M81: =SUM(M79:M80) -> 10811134 | P81: =SUM(P79:P80) -> 11983540 | S81: =SUM(S79:S80) -> 14151759 | V81: =SUM(V79:V80) -> 11259759 | Y81: =SUM(Y79:Y80) -> 2047759.5 | AB81: =SUM(AB79:AB80) -> -1712240.5 | AE81: =SUM(AE79:AE80) -> -1712240.5 | AF81: =SUM(AF77,AF79) -> -1712240.5 | AG81: Future Avail.
E82: Programmed | J82: =I74*-1 -> 0 | M82: =L74*-1 -> 0 | P82: =O74*-1 -> 0 | S82: =R74*-1 -> -2892000 | V82: =U74*-1 -> -9212000 | Y82: =X74*-1 -> -3760000 | AB82: =AA74*-1 -> 0 | AE82: =AD74*-1 -> 0 | AF82: =SUM(AF4:AF73) -> 20412200 | AG82: Future Sched.
E83: Obligated | J83: =J74*-1 -> -32000 | M83: =M74*-1 -> -1623354 | P83: =P74*-1 -> -627540 | S83: =S74*-1 -> 0 | V83: =V74*-1 -> 0 | Y83: =Y74*-1 -> 0 | AB83: =AB74*-1 -> 0 | AE83: =AE74*-1 -> 0
E84: CARRYOVER FUNDS FOR NEXT FISCAL YEAR | J84: =SUM(J81:J83) -> 8070193 | M84: =SUM(M81:M83) -> 9187779.9 | P84: =SUM(P81:P83) -> 11356000 | S84: =SUM(S81:S83) -> 11259759 | V84: =SUM(V81:V83) -> 2047759.5 | Y84: =SUM(Y81:Y83) -> -1712240.5 | AB84: =SUM(AB81:AB83) -> -1712240.5 | AE84: =SUM(AE81:AE83) -> -1712240.5 | AF84: =SUM(AF81:AF82) -> 18699959 | AG84: Future Balance
H86: LPA | I86: Programmed as of December 18, 2023 | K86: LPA | L86: Programmed as of May 23, 2025 | N86: LPA | O86: Programmed as of May 23, 2025 | Q86: LPA | R86: Programmed as of May 23, 2025 | T86: LPA | U86: Programmed as of May 19, 2025 | W86: LPA | X86: Programmed as of May 23, 2025 | Z86: LPA | AA86: Programmed as of May 23, 2025 | AC86: LPA | AD86: Programmed as of May 23, 2025
H87: Louisville Metro | I87: =8149301 -> 8149301 | K87: Louisville Metro | L87: 9718354 | N87: Louisville Metro | O87: 2754000 | Q87: Louisville Metro | R87: =80000+792000 -> 872000 | T87: Louisville Metro | U87: 2696000 | W87: Louisville Metro | X87: 3760000 | Z87: Louisville Metro | AC87: Louisville Metro
H88: Jeffersontown | K88: Jeffersontown | L88: 132000 | N88: Jeffersontown | Q88: Jeffersontown | T88: Jeffersontown | W88: Jeffersontown | Z88: Jeffersontown | AC88: Jeffersontown
H89: TARC | K89: TARC | L89: 359540 | N89: TARC | Q89: TARC | T89: TARC | W89: TARC | Z89: TARC | AC89: TARC
H91: LPA | I91: Programmed | J91: Obligated | K91: LPA | L91: Programmed | M91: Obligated | N91: LPA | O91: Programmed | P91: Obligated | Q91: LPA | R91: Programmed | S91: Obligated | T91: LPA | U91: Programmed | V91: Obligated | W91: LPA | X91: Programmed | Y91: Obligated | Z91: LPA | AA91: Programmed | AB91: Obligated | AC91: LPA | AD91: Programmed | AE91: Obligated | AG91: LPA | AH91: Total Programmed to CRP Projects FY2024-FY2029 | AI91: % of CRP Dollars Programmed FY2017-FY2029 | AJ91: Total TA Programmed for KY Projects FY2017-FY2029 Per Capita
H92: Louisville Metro | I92: =SUM(H40:H45,H19:H24,H12:H17,H5:H10) -> 32000 | J92: =SUM(J40:J45,J19:J24,J12:J17,J5:J10) -> 32000 | K92: Louisville Metro | L92: =SUM(K40:K45,K19:K24,K12:K17,K5:K10) -> 1604354 | M92: =SUM(M40:M45,M19:M24,M12:M17,M5:M10) -> 1258354 | N92: Louisville Metro | O92: =SUM(N61:N66,N54:N59,N33:N38) -> 48000 | P92: =SUM(P61:P66,P54:P59) -> 48000 | Q92: Louisville Metro | R92: =SUM(Q5:Q10,Q26:Q31,Q33:Q38,Q40:Q45) -> 254000 | S92: =SUM(S5:S10,S26:S31,S33:S38,S40:S45) -> 0 | T92: Louisville Metro | U92: =SUM(T5:T10,T26:T31,T33:T38,T40:T45) -> 2749000 | V92: =SUM(V5:V10,V26:V31,V33:V38,V40:V45) -> 0 | W92: Louisville Metro | X92: =SUM(W5:W10,W26:W31,W33:W38,W40:W45) -> 3760000 | Y92: =SUM(Y5:Y10,Y26:Y31,Y33:Y38,Y40:Y45) -> 0 | Z92: Louisville Metro | AA92: =SUM(Z5:Z10,Z26:Z31,Z33:Z38,Z40:Z45) -> 0 | AB92: =SUM(AB5:AB10,AB26:AB31,AB33:AB38,AB40:AB45) -> 0 | AC92: Louisville Metro | AD92: =SUM(AC5:AC10,AC26:AC31,AC33:AC38,AC40:AC45) -> 0 | AE92: =SUM(AE5:AE10,AE26:AE31,AE33:AE38,AE40:AE45) -> 0 | AG92: Louisville Metro | AH92: =SUM(R92,O92,L92,I92,U92,X92) -> 8447354 | AI92: =AH92/$AH$101 -> 1
H93: KYTC | K93: KYTC | N93: KYTC | Q93: KYTC | T93: KYTC | W93: KYTC | Z93: KYTC | AC93: KYTC | AG93: KYTC | AH93: =SUM(R93,O93,L93,I93,U93,X93) -> 0 | AI93: =AH93/$AH$101 -> 0
H94: Jeffersontown | K94: Jeffersontown | N94: Jeffersontown | Q94: Jeffersontown | T94: Jeffersontown | W94: Jeffersontown | Z94: Jeffersontown | AC94: Jeffersontown | AG94: Jeffersontown | AH94: =SUM(R94,O94,L94,I94,U94,X94) -> 0 | AI94: =AH94/$AH$101 -> 0
H95: Middletown | K95: Middletown | N95: Middletown | Q95: Middletown | T95: Middletown | W95: Middletown | Z95: Middletown | AC95: Middletown | AG95: Middletown | AH95: =SUM(R95,O95,L95,I95,U95,X95) -> 0 | AI95: =AH95/$AH$101 -> 0
H96: Oldham County | K96: Oldham County | N96: Oldham County | Q96: Oldham County | T96: Oldham County | W96: Oldham County | Z96: Oldham County | AC96: Oldham County | AG96: Oldham County | AH96: =SUM(R96,O96,L96,I96,U96,X96) -> 0 | AI96: =AH96/$AH$101 -> 0
H97: Bullitt County | K97: Bullitt County | N97: Bullitt County | Q97: Bullitt County | T97: Bullitt County | W97: Bullitt County | Z97: Bullitt County | AC97: Bullitt County | AG97: Bullitt County | AH97: =SUM(R97,O97,L97,I97,U97,X97) -> 0 | AI97: =AH97/$AH$101 -> 0
H98: TARC | K98: TARC | L98: =SUM(K68:K73,K47:K52) -> 0 | M98: =SUM(M68:M73,M47:M52) -> 0 | N98: TARC | Q98: TARC | T98: TARC | W98: TARC | Z98: TARC | AC98: TARC | AG98: TARC | AH98: =SUM(R98,O98,L98,I98,U98,X98) -> 0 | AI98: =AH98/$AH$101 -> 0
H99: University of Louisville | K99: University of Louisville | N99: University of Louisville | Q99: University of Louisville | T99: University of Louisville | W99: University of Louisville | Z99: University of Louisville | AC99: University of Louisville | AG99: University of Louisville | AH99: =SUM(R99,O99,L99,I99,U99,X99) -> 0 | AI99: =AH99/$AH$101 -> 0
H100: KIPDA | K100: KIPDA | N100: KIPDA | Q100: KIPDA | T100: KIPDA | W100: KIPDA | Z100: KIPDA | AC100: KIPDA | AG100: KIPDA | AH100: =SUM(R100,O100,L100,I100,U100,X100) -> 0 | AI100: =AH100/$AH$101 -> 0
AG101: Total | AH101: =SUM(AH92:AH100) -> 8447354 | AI101: =SUM(AI92:AI100) -> 1
H102: LPA | I102: Obligation Percentage | K102: LPA | L102: Obligation Percentage | N102: LPA | O102: Obligation Percentage | Q102: LPA | R102: Obligation Percentage | T102: LPA | U102: Obligation Percentage | W102: LPA | X102: Obligation Percentage | Z102: LPA | AA102: Obligation Percentage | AC102: LPA | AD102: Obligation Percentage
...

Sheet KY - STBG
A1: Kentucky Surface Transportation Block Grant (STBG-MPO) Program
A3: Updated as of 11.6.26
A4: PROJECT INFORMATION | G4: FY 2017 | J4: FY 2018 | M4: FY 2019 | P4: FY 2020 | S4: FY 2021 | V4: FY 2022 | Y4: FY 2023 | AB4: FY 2024 | AE4: FY 2025 | AH4: FY 2026 | AK4: FY 2027 | AN4: FY 2028 | AQ4: FY 2029 | AT4: FY 2030 | AW4: FY 2031 | AZ4: FUTURE FUNDING RESERVE
A5: SPONSOR | B5: PROJECT | C5: KIPDA ID | D5: STATE ID | E5: DESCRIPTION | F5: PHASE | G5: FEDERAL COST | H5: FEDERAL PGM | I5: FEDERAL OBL. | J5: FEDERAL COST | K5: FEDERAL PGM | L5: FEDERAL OBL. | M5: FEDERAL COST | N5: FEDERAL PGM | O5: FEDERAL OBL. | P5: FEDERAL COST | Q5: FEDERAL PGM | R5: FEDERAL OBL. | S5: FEDERAL COST | T5: FEDERAL PGM | U5: FEDERAL OBL. | V5: FEDERAL COST | W5: FEDERAL PGM | X5: FEDERAL OBL. | Y5: FEDERAL COST | Z5: FEDERAL PGM | AA5: FEDERAL OBL. | AB5: FEDERAL COST | AC5: FEDERAL PGM | AD5: FEDERAL OBL. | AE5: FEDERAL COST | AF5: FEDERAL PGM | AG5: FEDERAL OBL. | AH5: FEDERAL COST | AI5: FEDERAL PGM | AJ5: FEDERAL OBL. | AK5: FEDERAL COST | AL5: FEDERAL PGM | AM5: FEDERAL OBL. | AN5: FEDERAL COST | AO5: FEDERAL PGM | AP5: FEDERAL OBL. | AQ5: FEDERAL COST | AR5: FEDERAL PGM | AS5: FEDERAL OBL. | AT5: FEDERAL COST | AU5: FEDERAL PGM | AV5: FEDERAL OBL. | AW5: FEDERAL COST | AX5: FEDERAL PGM | AY5: FEDERAL OBL. | AZ5: FEDERAL COST | BA5: TOTALS
A6: Bullittt County | B6: KY 44 | C6: 2916 | D6: 05-00347.10 | E6: Widen KY 44 from 2 to 4 lanes from US 31 E to Kings Church Road and a 3 lane section from Kings Church Road to Spencer County line. | F6: Planning | H6: =G6-I6 -> 0 | K6: =J6-L6 -> 0 | N6: =M6-O6 -> 0 | Q6: =SUM(P6) -> 0 | T6: =S6-U6 -> 0 | W6: =V6-X6 -> 0 | Z6: =Y6-AA6 -> 0 | AC6: =AB6-AD6 -> 0 | AF6: =AE6-AG6 -> 0 | AI6: =AH6-AJ6 -> 0 | AL6: =AK6-AM6 -> 0 | AO6: =AN6-AP6 -> 0 | AR6: =AQ6-AS6 -> 0 | AU6: =AT6-AV6 -> 0 | AX6: =AW6-AY6 -> 0 | BA6: FED COST
F7: Preliminary Eng. | H7: =G7-I7 -> 0 | K7: =J7-L7 -> 0 | N7: =M7-O7 -> 0 | Q7: =SUM(P7) -> 0 | S7: 0 | T7: =S7-U7 -> 0 | W7: =V7-X7 -> 0 | Z7: =Y7-AA7 -> 0 | AC7: =AB7-AD7 -> 0 | AF7: =AE7-AG7 -> 0 | AI7: =AH7-AJ7 -> 0 | AL7: =AK7-AM7 -> 0 | AO7: =AN7-AP7 -> 0 | AR7: =AQ7-AS7 -> 0 | AU7: =AT7-AV7 -> 0 | AX7: =AW7-AY7 -> 0 | BA7: =SUM(G6:G12,J6:J12,M6:M12,P6:P12,S6:S12,V6:V12,Y6:Y12,AB6:AB12,AE6:AE12,AH6:AH12,AK6:AK12,AZ6:AZ12,AN6:AN12,AQ6:AQ12) -> 883606
F8: Design | H8: =G8-I8 -> 0 | K8: =J8-L8 -> 0 | N8: =M8-O8 -> 0 | Q8: =SUM(P8) -> 0 | S8: 465572 | T8: =S8-U8 -> 0 | U8: 465572 | W8: =V8-X8 -> 0 | Z8: =Y8-AA8 -> 0 | AC8: =AB8-AD8 -> 0 | AF8: =AE8-AG8 -> 0 | AI8: =AH8-AJ8 -> 0 | AL8: =AK8-AM8 -> 0 | AO8: =AN8-AP8 -> 0 | AR8: =AQ8-AS8 -> 0 | AU8: =AT8-AV8 -> 0 | AX8: =AW8-AY8 -> 0 | BA8: FED PGM
F9: Design (CRRSAA) | S9: 418034 | T9: =S9-U9 -> 0 | U9: 418034 | W9: 0
F10: Right of Way | H10: =G10-I10 -> 0 | K10: =J10-L10 -> 0 | N10: =M10-O10 -> 0 | Q10: =SUM(P10) -> 0 | T10: =S10-U10 -> 0 | W10: =V10-X10 -> 0 | Z10: =Y10-AA10 -> 0 | AC10: =AB10-AD10 -> 0 | AF10: =AE10-AG10 -> 0 | AI10: =AH10-AJ10 -> 0 | AL10: =AK10-AM10 -> 0 | AO10: =AN10-AP10 -> 0 | AR10: =AQ10-AS10 -> 0 | AU10: =AT10-AV10 -> 0 | AX10: =AW10-AY10 -> 0 | BA10: =SUM(H6:H12,K6:K12,N6:N12,Q6:Q12,T6:T12,W6:W12,Z6:Z12,AC6:AC12,AF6:AF12,AI6:AI12,AL6:AL12,AO6:AO12,AR6:AR12) -> 0
F11: Utility Relocation | H11: =G11-I11 -> 0 | K11: =J11-L11 -> 0 | N11: =M11-O11 -> 0 | Q11: =SUM(P11) -> 0 | T11: =S11-U11 -> 0 | W11: =V11-X11 -> 0 | Z11: =Y11-AA11 -> 0 | AC11: =AB11-AD11 -> 0 | AF11: =AE11-AG11 -> 0 | AI11: =AH11-AJ11 -> 0 | AL11: =AK11-AM11 -> 0 | AO11: =AN11-AP11 -> 0 | AR11: =AQ11-AS11 -> 0 | AU11: =AT11-AV11 -> 0 | AX11: =AW11-AY11 -> 0 | BA11: FED OBL
F12: Construction | H12: =G12-I12 -> 0 | K12: =J12-L12 -> 0 | N12: =M12-O12 -> 0 | Q12: =SUM(P12) -> 0 | T12: =S12-U12 -> 0 | W12: =V12-X12 -> 0 | Z12: =Y12-AA12 -> 0 | AC12: =AB12-AD12 -> 0 | AF12: =AE12-AG12 -> 0 | AI12: =AH12-AJ12 -> 0 | AL12: =AK12-AM12 -> 0 | AO12: =AN12-AP12 -> 0 | AR12: =AQ12-AS12 -> 0 | AU12: =AT12-AV12 -> 0 | AX12: =AW12-AY12 -> 0 | BA12: =SUM(I6:I12,L6:L12,O6:O12,R6:R12,U6:U12,X6:X12,AA6:AA12,AD6:AD12,AG6:AG12,AJ6:AJ12,AM6:AM12,AP6:AP12,AS6:AS12) -> 883606
A13: SPONSOR | B13: PROJECT | C13: KIPDA ID | D13: STATE ID | E13: DESCRIPTION | F13: PHASE | G13: FEDERAL COST | H13: FEDERAL PGM | I13: FEDERAL OBL. | J13: FEDERAL COST | K13: FEDERAL PGM | L13: FEDERAL OBL. | M13: FEDERAL COST | N13: FEDERAL PGM | O13: FEDERAL OBL. | P13: FEDERAL COST | Q13: FEDERAL PGM | R13: FEDERAL OBL. | S13: FEDERAL COST | T13: FEDERAL PGM | U13: FEDERAL OBL. | V13: FEDERAL COST | W13: FEDERAL PGM | X13: FEDERAL OBL. | Y13: FEDERAL COST | Z13: FEDERAL PGM | AA13: FEDERAL OBL. | AB13: FEDERAL COST | AC13: FEDERAL PGM | AD13: FEDERAL OBL. | AE13: FEDERAL COST | AF13: FEDERAL PGM | AG13: FEDERAL OBL. | AH13: FEDERAL COST | AI13: FEDERAL PGM | AJ13: FEDERAL OBL. | AK13: FEDERAL COST | AL13: FEDERAL PGM | AM13: FEDERAL OBL. | AN13: FEDERAL COST | AO13: FEDERAL PGM | AP13: FEDERAL OBL. | AQ13: FEDERAL COST | AR13: FEDERAL PGM | AS13: FEDERAL OBL. | AT13: FEDERAL COST | AU13: FEDERAL PGM | AV13: FEDERAL OBL. | AW13: FEDERAL COST | AX13: FEDERAL PGM | AY13: FEDERAL OBL. | AZ13: FEDERAL COST | BA13: TOTALS
A14: Jeffersontown | B14: Bluegrass Commerce Park Bicycle/Pedestrian Trail Phase II | C14: 2084 | D14: 05-00543.00 | E14: Construct a multi-use bicycle and pedestrian trail along Bluegrass Parkway from Watterson Trail to Tucker Station Road and along Tucker Station Road from Bluegrass Parkway to Plantside Drive. | F14: Planning | H14: =G14-I14 -> 0 | K14: =J14-L14 -> 0 | N14: =M14-O14 -> 0 | Q14: =P14-R14 -> 0 | T14: =S14-U14 -> 0 | W14: =V14-X14 -> 0 | Z14: =Y14-AA14 -> 0 | AC14: =AB14-AD14 -> 0 | AF14: =AE14-AG14 -> 0 | AI14: =AH14-AJ14 -> 0 | AL14: =AK14-AM14 -> 0 | AO14: =AN14-AP14 -> 0 | AR14: =AQ14-AS14 -> 0 | AU14: =AT14-AV14 -> 0 | AX14: =AW14-AY14 -> 0 | BA14: FED COST
F15: Preliminary Eng. | H15: =G15-I15 -> 0 | K15: =J15-L15 -> 0 | N15: =M15-O15 -> 0 | Q15: =P15-R15 -> 0 | T15: =S15-U15 -> 0 | W15: =V15-X15 -> 0 | Z15: =Y15-AA15 -> 0 | AC15: =AB15-AD15 -> 0 | AF15: =AE15-AG15 -> 0 | AI15: =AH15-AJ15 -> 0 | AL15: =AK15-AM15 -> 0 | AO15: =AN15-AP15 -> 0 | AR15: =AQ15-AS15 -> 0 | AU15: =AT15-AV15 -> 0 | AX15: =AW15-AY15 -> 0 | BA15: =SUM(G14:G19,J14:J19,M14:M19,P14:P19,S14:S19,V14:V19,Y14:Y19,AB14:AB19,AE14:AE19,AH14:AH19,AK14:AK19,AZ14:AZ19,AN14:AN19,AQ14:AQ19) -> 2130000
F16: Design | H16: =G16-I16 -> 0 | K16: =J16-L16 -> 0 | N16: =M16-O16 -> 0 | Q16: =P16-R16 -> 0 | T16: =S16-U16 -> 0 | W16: =V16-X16 -> 0 | Z16: =Y16-AA16 -> 0 | AC16: =AB16-AD16 -> 0 | AF16: =AE16-AG16 -> 0 | AI16: =AH16-AJ16 -> 0 | AL16: =AK16-AM16 -> 0 | AO16: =AN16-AP16 -> 0 | AR16: =AQ16-AS16 -> 0 | AU16: =AT16-AV16 -> 0 | AX16: =AW16-AY16 -> 0 | BA16: FED PGM
F17: Right of Way | H17: =G17-I17 -> 0 | K17: =J17-L17 -> 0 | N17: =M17-O17 -> 0 | Q17: =P17-R17 -> 0 | T17: =S17-U17 -> 0 | W17: =V17-X17 -> 0 | Z17: =Y17-AA17 -> 0 | AC17: =AB17-AD17 -> 0 | AF17: =AE17-AG17 -> 0 | AI17: =AH17-AJ17 -> 0 | AL17: =AK17-AM17 -> 0 | AO17: =AN17-AP17 -> 0 | AR17: =AQ17-AS17 -> 0 | AU17: =AT17-AV17 -> 0 | AX17: =AW17-AY17 -> 0 | BA17: =SUM(H14:H19,K14:K19,N14:N19,Q14:Q19,T14:T19,W14:W19,Z14:Z19,AC14:AC19,AF14:AF19,AI14:AI19,AL14:AL19,AO14:AO19,AR14:AR19) -> 0
F18: Utility Relocation | H18: =G18-I18 -> 0 | K18: =J18-L18 -> 0 | N18: =M18-O18 -> 0 | Q18: =P18-R18 -> 0 | T18: =S18-U18 -> 0 | W18: =V18-X18 -> 0 | Z18: =Y18-AA18 -> 0 | AC18: =AB18-AD18 -> 0 | AF18: =AE18-AG18 -> 0 | AI18: =AH18-AJ18 -> 0 | AL18: =AK18-AM18 -> 0 | AO18: =AN18-AP18 -> 0 | AR18: =AQ18-AS18 -> 0 | AU18: =AT18-AV18 -> 0 | AX18: =AW18-AY18 -> 0 | BA18: FED OBL
F19: Construction | H19: =G19-I19 -> 0 | K19: =J19-L19 -> 0 | N19: =M19-O19 -> 0 | Q19: =P19-R19 -> 0 | T19: =S19-U19 -> 0 | W19: =V19-X19 -> 0 | AC19: =AB19-AD19 -> 0 | AE19: 2130000 | AF19: =AE19-AG19 -> 0 | AG19: 2130000 | AI19: =AH19-AJ19 -> 0 | AL19: =AK19-AM19 -> 0 | AO19: =AN19-AP19 -> 0 | AR19: =AQ19-AS19 -> 0 | AU19: =AT19-AV19 -> 0 | AX19: =AW19-AY19 -> 0 | BA19: =SUM(I14:I19,L14:L19,O14:O19,R14:R19,U14:U19,X14:X19,AA14:AA19,AD14:AD19,AG14:AG19,AJ14:AJ19,AM14:AM19,AP14:AP19,AS14:AS19) -> 2130000
A20: SPONSOR | B20: PROJECT | C20: KIPDA ID | D20: STATE ID | E20: DESCRIPTION | F20: PHASE | G20: FEDERAL COST | H20: FEDERAL PGM | I20: FEDERAL OBL. | J20: FEDERAL COST | K20: FEDERAL PGM | L20: FEDERAL OBL. | M20: FEDERAL COST | N20: FEDERAL PGM | O20: FEDERAL OBL. | P20: FEDERAL COST | Q20: FEDERAL PGM | R20: FEDERAL OBL. | S20: FEDERAL COST | T20: FEDERAL PGM | U20: FEDERAL OBL. | V20: FEDERAL COST | W20: FEDERAL PGM | X20: FEDERAL OBL. | Y20: FEDERAL COST | Z20: FEDERAL PGM | AA20: FEDERAL OBL. | AB20: FEDERAL COST | AC20: FEDERAL PGM | AD20: FEDERAL OBL. | AE20: FEDERAL COST | AF20: FEDERAL PGM | AG20: FEDERAL OBL. | AH20: FEDERAL COST | AI20: FEDERAL PGM | AJ20: FEDERAL OBL. | AK20: FEDERAL COST | AL20: FEDERAL PGM | AM20: FEDERAL OBL. | AN20: FEDERAL COST | AO20: FEDERAL PGM | AP20: FEDERAL OBL. | AQ20: FEDERAL COST | AR20: FEDERAL PGM | AS20: FEDERAL OBL. | AT20: FEDERAL COST | AU20: FEDERAL PGM | AV20: FEDERAL OBL. | AW20: FEDERAL COST | AX20: FEDERAL PGM | AY20: FEDERAL OBL. | AZ20: FEDERAL COST | BA20: TOTALS
A21: Jeffersontown | B21: Good Samaritan Bicycle & Pedestrian Trail Connector | C21: 2082 | D21: 05-00486.00 | E21: Construct a multi-use bicycle and pedestrian trail along Old Taylorsville Road and Jefferson Street in downtown Jeffersontown connecting the downtown street network to the Good Samaritan Center and the existing bicycle/pedestrian trail at Grand Avenue and Watterson Trail. | F21: Planning | H21: =G21-I21 -> 0 | K21: =J21-L21 -> 0 | N21: =M21-O21 -> 0 | Q21: =P21-R21 -> 0 | T21: =S21-U21 -> 0 | W21: =V21-X21 -> 0 | Z21: =Y21-AA21 -> 0 | AC21: =AB21-AD21 -> 0 | AF21: =AE21-AG21 -> 0 | AI21: =AH21-AJ21 -> 0 | AL21: =AK21-AM21 -> 0 | AO21: =AN21-AP21 -> 0 | AR21: =AQ21-AS21 -> 0 | AU21: =AT21-AV21 -> 0 | AX21: =AW21-AY21 -> 0 | BA21: FED COST
F22: Preliminary Eng. | H22: =G22-I22 -> 0 | K22: =J22-L22 -> 0 | N22: =M22-O22 -> 0 | Q22: =P22-R22 -> 0 | T22: =S22-U22 -> 0 | W22: =V22-X22 -> 0 | Z22: =Y22-AA22 -> 0 | AC22: =AB22-AD22 -> 0 | AF22: =AE22-AG22 -> 0 | AI22: =AH22-AJ22 -> 0 | AL22: =AK22-AM22 -> 0 | AO22: =AN22-AP22 -> 0 | AR22: =AQ22-AS22 -> 0 | AU22: =AT22-AV22 -> 0 | AX22: =AW22-AY22 -> 0 | BA22: =SUM(G21:G26,J21:J26,M21:M26,P21:P26,S21:S26,V21:V26,Y21:Y26,AB21:AB26,AE21:AE26,AH21:AH26,AK21:AK26,AZ21:AZ26,AN21:AN26,AQ21:AQ26) -> 1460000
F23: Design | H23: =G23-I23 -> 0 | K23: =J23-L23 -> 0 | N23: =M23-O23 -> 0 | Q23: =P23-R23 -> 0 | T23: =S23-U23 -> 0 | W23: =V23-X23 -> 0 | Z23: =Y23-AA23 -> 0 | AC23: =AB23-AD23 -> 0 | AF23: =AE23-AG23 -> 0 | AI23: =AH23-AJ23 -> 0 | AL23: =AK23-AM23 -> 0 | AO23: =AN23-AP23 -> 0 | AR23: =AQ23-AS23 -> 0 | AU23: =AT23-AV23 -> 0 | AX23: =AW23-AY23 -> 0 | BA23: FED PGM
F24: Right of Way | H24: =G24-I24 -> 0 | K24: =J24-L24 -> 0 | N24: =M24-O24 -> 0 | Q24: =P24-R24 -> 0 | T24: =S24-U24 -> 0 | W24: =V24-X24 -> 0 | Z24: =Y24-AA24 -> 0 | AC24: =AB24-AD24 -> 0 | AF24: =AE24-AG24 -> 0 | AI24: =AH24-AJ24 -> 0 | AL24: =AK24-AM24 -> 0 | AO24: =AN24-AP24 -> 0 | AR24: =AQ24-AS24 -> 0 | AU24: =AT24-AV24 -> 0 | AX24: =AW24-AY24 -> 0 | BA24: =SUM(H21:H26,K21:K26,N21:N26,Q21:Q26,T21:T26,W21:W26,Z21:Z26,AC21:AC26,AF21:AF26,AI21:AI26,AL21:AL26,AO21:AO26,AR21:AR26) -> 1460000
F25: Utility Relocation | H25: =G25-I25 -> 0 | K25: =J25-L25 -> 0 | N25: =M25-O25 -> 0 | Q25: =P25-R25 -> 0 | T25: =S25-U25 -> 0 | W25: =V25-X25 -> 0 | Z25: =Y25-AA25 -> 0 | AC25: =AB25-AD25 -> 0 | AF25: =AE25-AG25 -> 0 | AI25: =AH25-AJ25 -> 0 | AL25: =AK25-AM25 -> 0 | AO25: =AN25-AP25 -> 0 | AR25: =AQ25-AS25 -> 0 | AU25: =AT25-AV25 -> 0 | AX25: =AW25-AY25 -> 0 | BA25: FED OBL
F26: Construction | H26: =G26-I26 -> 0 | K26: =J26-L26 -> 0 | N26: =M26-O26 -> 0 | Q26: =P26-R26 -> 0 | T26: =S26-U26 -> 0 | W26: =V26-X26 -> 0 | AC26: =AB26-AD26 -> 0 | AF26: =AE26-AG26 -> 0 | AI26: =AH26-AJ26 -> 0 | AL26: =AK26-AM26 -> 0 | AN26: 1460000 | AO26: =AN26-AP26 -> 1460000 | AR26: =AQ26-AS26 -> 0 | AU26: =AT26-AV26 -> 0 | AX26: =AW26-AY26 -> 0 | BA26: =SUM(I21:I26,L21:L26,O21:O26,R21:R26,U21:U26,X21:X26,AA21:AA26,AD21:AD26,AG21:AG26,AJ21:AJ26,AM21:AM26,AP21:AP26,AS21:AS26) -> 0
A27: SPONSOR | B27: PROJECT | C27: KIPDA ID | D27: STATE ID | E27: DESCRIPTION | F27: PHASE | G27: FEDERAL COST | H27: FEDERAL PGM | I27: FEDERAL OBL. | J27: FEDERAL COST | K27: FEDERAL PGM | L27: FEDERAL OBL. | M27: FEDERAL COST | N27: FEDERAL PGM | O27: FEDERAL OBL. | P27: FEDERAL COST | Q27: FEDERAL PGM | R27: FEDERAL OBL. | S27: FEDERAL COST | T27: FEDERAL PGM | U27: FEDERAL OBL. | V27: FEDERAL COST | W27: FEDERAL PGM | X27: FEDERAL OBL. | Y27: FEDERAL COST | Z27: FEDERAL PGM | AA27: FEDERAL OBL. | AB27: FEDERAL COST | AC27: FEDERAL PGM | AD27: FEDERAL OBL. | AE27: FEDERAL COST | AF27: FEDERAL PGM | AG27: FEDERAL OBL. | AH27: FEDERAL COST | AI27: FEDERAL PGM | AJ27: FEDERAL OBL. | AK27: FEDERAL COST | AL27: FEDERAL PGM | AM27: FEDERAL OBL. | AN27: FEDERAL COST | AO27: FEDERAL PGM | AP27: FEDERAL OBL. | AQ27: FEDERAL COST | AR27: FEDERAL PGM | AS27: FEDERAL OBL. | AT27: FEDERAL COST | AU27: FEDERAL PGM | AV27: FEDERAL OBL. | AW27: FEDERAL COST | AX27: FEDERAL PGM | AY27: FEDERAL OBL. | AZ27: FEDERAL COST | BA27: TOTALS
A28: Jeffersontown | B28: Ruckriegel Parkway Sidewalk Improvement | C28: 2619 | D28: 05-198.00 | E28: Construct the missing gaps of sidewalk and ADA ramps along Ruckriegel Parkway between Taylorsville Road and Billtown Road. | F28: Planning | H28: =G28-I28 -> 0 | K28: =J28-L28 -> 0 | N28: =M28-O28 -> 0 | Q28: =P28-R28 -> 0 | T28: =S28-U28 -> 0 | W28: =V28-X28 -> 0 | Z28: =Y28-AA28 -> 0 | AC28: =AB28-AD28 -> 0 | AF28: =AE28-AG28 -> 0 | AI28: =AH28-AJ28 -> 0 | AL28: =AK28-AM28 -> 0 | AO28: =AN28-AP28 -> 0 | AR28: =AQ28-AS28 -> 0 | AU28: =AT28-AV28 -> 0 | AX28: =AW28-AY28 -> 0 | BA28: FED COST
F29: Preliminary Eng. | H29: =G29-I29 -> 0 | K29: =J29-L29 -> 0 | N29: =M29-O29 -> 0 | Q29: =P29-R29 -> 0 | T29: =S29-U29 -> 0 | W29: =V29-X29 -> 0 | Z29: =Y29-AA29 -> 0 | AC29: =AB29-AD29 -> 0 | AF29: =AE29-AG29 -> 0 | AI29: =AH29-AJ29 -> 0 | AL29: =AK29-AM29 -> 0 | AO29: =AN29-AP29 -> 0 | AR29: =AQ29-AS29 -> 0 | AU29: =AT29-AV29 -> 0 | AX29: =AW29-AY29 -> 0 | BA29: =SUM(G28:G33,J28:J33,M28:M33,P28:P33,S28:S33,V28:V33,Y28:Y33,AB28:AB33,AE28:AE33,AH28:AH33,AK28:AK33,AZ28:AZ33,AN28:AN33,AQ28:AQ33) -> 529008
F30: Design | H30: =G30-I30 -> 0 | K30: =J30-L30 -> 0 | N30: =M30-O30 -> 0 | Q30: =P30-R30 -> 0 | T30: =S30-U30 -> 0 | W30: =V30-X30 -> 0 | Z30: =Y30-AA30 -> 0 | AC30: =AB30-AD30 -> 0 | AF30: =AE30-AG30 -> 0 | AI30: =AH30-AJ30 -> 0 | AL30: =AK30-AM30 -> 0 | AO30: =AN30-AP30 -> 0 | AR30: =AQ30-AS30 -> 0 | AU30: =AT30-AV30 -> 0 | AX30: =AW30-AY30 -> 0 | BA30: FED PGM
F31: Right of Way | H31: =G31-I31 -> 0 | K31: =J31-L31 -> 0 | N31: =M31-O31 -> 0 | Q31: =P31-R31 -> 0 | T31: =S31-U31 -> 0 | W31: =V31-X31 -> 0 | Z31: =Y31-AA31 -> 0 | AC31: =AB31-AD31 -> 0 | AF31: =AE31-AG31 -> 0 | AI31: =AH31-AJ31 -> 0 | AL31: =AK31-AM31 -> 0 | AO31: =AN31-AP31 -> 0 | AR31: =AQ31-AS31 -> 0 | AU31: =AT31-AV31 -> 0 | AX31: =AW31-AY31 -> 0 | BA31: =SUM(H28:H33,K28:K33,N28:N33,Q28:Q33,T28:T33,W28:W33,Z28:Z33,AC28:AC33,AF28:AF33,AI28:AI33,AL28:AL33,AO28:AO33,AR28:AR33) -> 529008
F32: Utility Relocation | H32: =G32-I32 -> 0 | K32: =J32-L32 -> 0 | N32: =M32-O32 -> 0 | Q32: =P32-R32 -> 0 | T32: =S32-U32 -> 0 | W32: =V32-X32 -> 0 | Z32: =Y32-AA32 -> 0 | AC32: =AB32-AD32 -> 0 | AF32: =AE32-AG32 -> 0 | AI32: =AH32-AJ32 -> 0 | AL32: =AK32-AM32 -> 0 | AO32: =AN32-AP32 -> 0 | AR32: =AQ32-AS32 -> 0 | AU32: =AT32-AV32 -> 0 | AX32: =AW32-AY32 -> 0 | BA32: FED OBL
F33: Construction | H33: =G33-I33 -> 0 | K33: =J33-L33 -> 0 | N33: =M33-O33 -> 0 | Q33: =P33-R33 -> 0 | T33: =S33-U33 -> 0 | W33: =V33-X33 -> 0 | AC33: =AB33-AD33 -> 0 | AF33: =AE33-AG33 -> 0 | AI33: =AH33-AJ33 -> 0 | AK33: 529008 | AL33: =AK33-AM33 -> 529008 | AO33: =AN33-AP33 -> 0 | AR33: =AQ33-AS33 -> 0 | AU33: =AT33-AV33 -> 0 | AX33: =AW33-AY33 -> 0 | BA33: =SUM(I28:I33,L28:L33,O28:O33,R28:R33,U28:U33,X28:X33,AA28:AA33,AD28:AD33,AG28:AG33,AJ28:AJ33,AM28:AM33) -> 0
A34: SPONSOR | B34: PROJECT | C34: KIPDA ID | D34: STATE ID | E34: DESCRIPTION | F34: PHASE | G34: FEDERAL COST | H34: FEDERAL PGM | I34: FEDERAL OBL. | J34: FEDERAL COST | K34: FEDERAL PGM | L34: FEDERAL OBL. | M34: FEDERAL COST | N34: FEDERAL PGM | O34: FEDERAL OBL. | P34: FEDERAL COST | Q34: FEDERAL PGM | R34: FEDERAL OBL. | S34: FEDERAL COST | T34: FEDERAL PGM | U34: FEDERAL OBL. | V34: FEDERAL COST | W34: FEDERAL PGM | X34: FEDERAL OBL. | Y34: FEDERAL COST | Z34: FEDERAL PGM | AA34: FEDERAL OBL. | AB34: FEDERAL COST | AC34: FEDERAL PGM | AD34: FEDERAL OBL. | AE34: FEDERAL COST | AF34: FEDERAL PGM | AG34: FEDERAL OBL. | AH34: FEDERAL COST | AI34: FEDERAL PGM | AJ34: FEDERAL OBL. | AK34: FEDERAL COST | AL34: FEDERAL PGM | AM34: FEDERAL OBL. | AN34: FEDERAL COST | AO34: FEDERAL PGM | AP34: FEDERAL OBL. | AQ34: FEDERAL COST | AR34: FEDERAL PGM | AS34: FEDERAL OBL. | AT34: FEDERAL COST | AU34: FEDERAL PGM | AV34: FEDERAL OBL. | AW34: FEDERAL COST | AX34: FEDERAL PGM | AY34: FEDERAL OBL. | AZ34: FEDERAL COST | BA34: TOTALS
A35: Jeffersontown | B35: Watterson Trail Phase I | C35: 1582 | D35: 05-03031.00 | E35: Improve streetscape, reconstruct sidewalks and enhance landscaping from Maple Road to Old Taylorsville Road. | F35: Planning | H35: =G35-I35 -> 0 | K35: =J35-L35 -> 0 | N35: =M35-O35 -> 0 | Q35: =P35-R35 -> 0 | T35: =S35-U35 -> 0 | W35: =V35-X35 -> 0 | Z35: =Y35-AA35 -> 0 | AC35: =AB35-AD35 -> 0 | AF35: =AE35-AG35 -> 0 | AI35: =AH35-AJ35 -> 0 | AL35: =AK35-AM35 -> 0 | AO35: =AN35-AP35 -> 0 | AR35: =AQ35-AS35 -> 0 | AU35: =AT35-AV35 -> 0 | AX35: =AW35-AY35 -> 0 | BA35: FED COST
F36: Preliminary Eng. | H36: =G36-I36 -> 0 | K36: =J36-L36 -> 0 | N36: =M36-O36 -> 0 | Q36: =P36-R36 -> 0 | T36: =S36-U36 -> 0 | W36: =V36-X36 -> 0 | Z36: =Y36-AA36 -> 0 | AC36: =AB36-AD36 -> 0 | AF36: =AE36-AG36 -> 0 | AI36: =AH36-AJ36 -> 0 | AL36: =AK36-AM36 -> 0 | AO36: =AN36-AP36 -> 0 | AR36: =AQ36-AS36 -> 0 | AU36: =AT36-AV36 -> 0 | AX36: =AW36-AY36 -> 0 | BA36: =SUM(G35:G41,J35:J41,M35:M41,P35:P41,S35:S41,V35:V41,Y35:Y41,AB35:AB41,AE35:AE41,AH35:AH41,AK35:AK41,AZ35:AZ41,AN35:AN41,AQ35:AQ41) -> 5111583
F37: Design | H37: =G37-I37 -> 0 | K37: =J37-L37 -> 0 | N37: =M37-O37 -> 0 | Q37: =P37-R37 -> 0 | T37: =S37-U37 -> 0 | W37: =V37-X37 -> 0 | Z37: =Y37-AA37 -> 0 | AC37: =AB37-AD37 -> 0 | AF37: =AE37-AG37 -> 0 | AI37: =AH37-AJ37 -> 0 | AL37: =AK37-AM37 -> 0 | AO37: =AN37-AP37 -> 0 | AR37: =AQ37-AS37 -> 0 | AU37: =AT37-AV37 -> 0 | AX37: =AW37-AY37 -> 0 | BA37: FED PGM
F38: Right of Way | H38: =G38-I38 -> 0 | K38: =J38-L38 -> 0 | N38: =M38-O38 -> 0 | Q38: =P38-R38 -> 0 | T38: =S38-U38 -> 0 | W38: =V38-X38 -> 0 | Z38: =Y38-AA38 -> 0 | AC38: =AB38-AD38 -> 0 | AF38: =AE38-AG38 -> 0 | AI38: =AH38-AJ38 -> 0 | AL38: =AK38-AM38 -> 0 | AO38: =AN38-AP38 -> 0 | AR38: =AQ38-AS38 -> 0 | AU38: =AT38-AV38 -> 0 | AX38: =AW38-AY38 -> 0 | BA38: =SUM(H35:H41,K35:K41,N35:N41,Q35:Q41,T35:T41,W35:W41,Z35:Z41,AC35:AC41,AF35:AF41,AI35:AI41,AL35:AL41) -> 399836
F39: Utility Relocation | H39: =G39-I39 -> 0 | K39: =J39-L39 -> 0 | M39: 1232000 | N39: =M39-O39 -> 0 | O39: 1232000 | Q39: =P39-R39 -> 0 | T39: =S39-U39 -> 0 | W39: =V39-X39 -> 0 | Z39: =Y39-AA39 -> 0 | AC39: =AB39-AD39 -> 0 | AF39: =AE39-AG39 -> 0 | AI39: =AH39-AJ39 -> 0 | AL39: =AK39-AM39 -> 0 | AO39: =AN39-AP39 -> 0 | AR39: =AQ39-AS39 -> 0 | AU39: =AT39-AV39 -> 0 | AX39: =AW39-AY39 -> 0 | BA39: FED OBL
F40: Construction | H40: =G40-I40 -> 0 | K40: =J40-L40 -> 0 | N40: =M40-O40 -> 0 | Q40: =P40-R40 -> 0 | T40: =S40-U40 -> 0 | V40: 3508876 | W40: =V40-X40 -> 399836 | X40: 3109040 | Z40: =Y40-AA40 -> 0 | AC40: =AB40-AD40 -> 0 | AF40: =AE40-AG40 -> 0 | AI40: =AH40-AJ40 -> 0 | AL40: =AK40-AM40 -> 0 | AO40: =AN40-AP40 -> 0 | AR40: =AQ40-AS40 -> 0 | AU40: =AT40-AV40 -> 0 | AX40: =AW40-AY40 -> 0 | BA40: =SUM(I35:I41,L35:L41,O35:O41,R35:R41,U35:U41,X35:X41,AA35:AA41,AD35:AD41,AG35:AG41,AJ35:AJ41,AM35:AM41,AP35:AP41,AS35:AS41) -> 4711747
F41: Construction (CRRSAA) | T41: =S41-U41 -> 0 | V41: 370707 | W41: =V41-X41 -> 0 | X41: 370707
A42: SPONSOR | B42: PROJECT | C42: KIPDA ID | D42: STATE ID | E42: DESCRIPTION | F42: PHASE | G42: FEDERAL COST | H42: FEDERAL PGM | I42: FEDERAL OBL. | J42: FEDERAL COST | K42: FEDERAL PGM | L42: FEDERAL OBL. | M42: FEDERAL COST | N42: FEDERAL PGM | O42: FEDERAL OBL. | P42: FEDERAL COST | Q42: FEDERAL PGM | R42: FEDERAL OBL. | S42: FEDERAL COST | T42: FEDERAL PGM | U42: FEDERAL OBL. | V42: FEDERAL COST | W42: FEDERAL PGM | X42: FEDERAL OBL. | Y42: FEDERAL COST | Z42: FEDERAL PGM | AA42: FEDERAL OBL. | AB42: FEDERAL COST | AC42: FEDERAL PGM | AD42: FEDERAL OBL. | AE42: FEDERAL COST | AF42: FEDERAL PGM | AG42: FEDERAL OBL. | AH42: FEDERAL COST | AI42: FEDERAL PGM | AJ42: FEDERAL OBL. | AK42: FEDERAL COST | AL42: FEDERAL PGM | AM42: FEDERAL OBL. | AN42: FEDERAL COST | AO42: FEDERAL PGM | AP42: FEDERAL OBL. | AQ42: FEDERAL COST | AR42: FEDERAL PGM | AS42: FEDERAL OBL. | AT42: FEDERAL COST | AU42: FEDERAL PGM | AV42: FEDERAL OBL. | AW42: FEDERAL COST | AX42: FEDERAL PGM | AY42: FEDERAL OBL. | AZ42: FEDERAL COST | BA42: TOTALS
A43: Jeffersontown | B43: Watterson Trail Phase II | C43: 1583 | D43: 05-00518.00 | E43: Widen Watterson Trail from 2 to 3 lanes from Ruckriegel Parkway to Maple Road, and widen Watterson Trail from 2 to 3 lanes from Old Taylorsville Road to Ruckriegel Parkway. Project to include streetscape enhancements to improve the corridor. | F43: Planning | H43: =G43-I43 -> 0 | K43: =J43-L43 -> 0 | N43: =M43-O43 -> 0 | Q43: =P43-R43 -> 0 | T43: =S43-U43 -> 0 | W43: =V43-X43 -> 0 | Z43: =Y43-AA43 -> 0 | AC43: =AB43-AD43 -> 0 | AF43: =AE43-AG43 -> 0 | AI43: =AH43-AJ43 -> 0 | AL43: =AK43-AM43 -> 0 | AO43: =AN43-AP43 -> 0 | AR43: =AQ43-AS43 -> 0 | AU43: =AT43-AV43 -> 0 | AX43: =AW43-AY43 -> 0 | BA43: FED COST
F44: Preliminary Eng. | H44: =G44-I44 -> 0 | K44: =J44-L44 -> 0 | N44: =M44-O44 -> 0 | Q44: =P44-R44 -> 0 | T44: =S44-U44 -> 0 | W44: =V44-X44 -> 0 | Z44: =Y44-AA44 -> 0 | AC44: =AB44-AD44 -> 0 | AF44: =AE44-AG44 -> 0 | AI44: =AH44-AJ44 -> 0 | AL44: =AK44-AM44 -> 0 | AO44: =AN44-AP44 -> 0 | AR44: =AQ44-AS44 -> 0 | AU44: =AT44-AV44 -> 0 | AX44: =AW44-AY44 -> 0 | BA44: =SUM(G43:G48,J43:J48,M43:M48,P43:P48,S43:S48,V43:V48,Y43:Y48,AB43:AB48,AE43:AE48,AH43:AH48,AK43:AK48,AZ43:AZ48,AN43:AN48,AQ43:AQ48) -> 1908000
F45: Design | H45: =G45-I45 -> 0 | K45: =J45-L45 -> 0 | N45: =M45-O45 -> 0 | P45: 107819 | Q45: =P45-R45 -> 0 | R45: 107819 | T45: =S45-U45 -> 0 | W45: =V45-X45 -> 0 | Z45: =Y45-AA45 -> 0 | AC45: =AB45-AD45 -> 0 | AF45: =AE45-AG45 -> 0 | AI45: =AH45-AJ45 -> 0 | AL45: =AK45-AM45 -> 0 | AO45: =AN45-AP45 -> 0 | AR45: =AQ45-AS45 -> 0 | AU45: =AT45-AV45 -> 0 | AX45: =AW45-AY45 -> 0 | BA45: FED PGM
F46: Right of Way | H46: =G46-I46 -> 0 | K46: =J46-L46 -> 0 | N46: =M46-O46 -> 0 | Q46: =P46-R46 -> 0 | T46: =S46-U46 -> 0 | V46: =SUM(156181+60000) -> 216181 | W46: =V46-X46 -> 13781 | X46: 202400 | Z46: =Y46-AA46 -> 0 | AC46: =AB46-AD46 -> 0 | AF46: =AE46-AG46 -> 0 | AI46: =AH46-AJ46 -> 0 | AL46: =AK46-AM46 -> 0 | AO46: =AN46-AP46 -> 0 | AR46: =AQ46-AS46 -> 0 | AU46: =AT46-AV46 -> 0 | AX46: =AW46-AY46 -> 0 | BA46: =SUM(H43:H48,K43:K48,N43:N48,Q43:Q48,T43:T48,W43:W48,Z43:Z48,AC43:AC48,AF43:AF48,AI43:AI48,AL43:AL48) -> 365781
F47: Utility Relocation | H47: =G47-I47 -> 0 | K47: =J47-L47 -> 0 | N47: =M47-O47 -> 0 | Q47: =P47-R47 -> 0 | T47: =S47-U47 -> 0 | W47: =V47-X47 -> 0 | Z47: =Y47-AA47 -> 0 | AC47: =AB47-AD47 -> 0 | AF47: =AE47-AG47 -> 0 | AI47: =AH47-AJ47 -> 0 | AK47: 352000 | AL47: =AK47-AM47 -> 352000 | AO47: =AN47-AP47 -> 0 | AR47: =AQ47-AS47 -> 0 | AU47: =AT47-AV47 -> 0 | AX47: =AW47-AY47 -> 0 | BA47: FED OBL
F48: Construction | H48: =G48-I48 -> 0 | K48: =J48-L48 -> 0 | N48: =M48-O48 -> 0 | Q48: =P48-R48 -> 0 | T48: =S48-U48 -> 0 | W48: =V48-X48 -> 0 | Z48: =Y48-AA48 -> 0 | AC48: =AB48-AD48 -> 0 | AF48: =AE48-AG48 -> 0 | AI48: =AH48-AJ48 -> 0 | AL48: =AK48-AM48 -> 0 | AN48: 1232000 | AO48: =AN48-AP48 -> 1232000 | AR48: =AQ48-AS48 -> 0 | AU48: =AT48-AV48 -> 0 | AX48: =AW48-AY48 -> 0 | BA48: =SUM(I43:I48,L43:L48,O43:O48,R43:R48,U43:U48,X43:X48,AA43:AA48,AD43:AD48,AG43:AG48,AJ43:AJ48,AM43:AM48,AP43:AP48,AS43:AS48) -> 310219
A49: SPONSOR | B49: PROJECT | C49: KIPDA ID | D49: STATE ID | E49: DESCRIPTION | F49: PHASE | G49: FEDERAL COST | H49: FEDERAL PGM | I49: FEDERAL OBL. | J49: FEDERAL COST | K49: FEDERAL PGM | L49: FEDERAL OBL. | M49: FEDERAL COST | N49: FEDERAL PGM | O49: FEDERAL OBL. | P49: FEDERAL COST | Q49: FEDERAL PGM | R49: FEDERAL OBL. | S49: FEDERAL COST | T49: FEDERAL PGM | U49: FEDERAL OBL. | V49: FEDERAL COST | W49: FEDERAL PGM | X49: FEDERAL OBL. | Y49: FEDERAL COST | Z49: FEDERAL PGM | AA49: FEDERAL OBL. | AB49: FEDERAL COST | AC49: FEDERAL PGM | AD49: FEDERAL OBL. | AE49: FEDERAL COST | AF49: FEDERAL PGM | AG49: FEDERAL OBL. | AH49: FEDERAL COST | AI49: FEDERAL PGM | AJ49: FEDERAL OBL. | AK49: FEDERAL COST | AL49: FEDERAL PGM | AM49: FEDERAL OBL. | AN49: FEDERAL COST | AO49: FEDERAL PGM | AP49: FEDERAL OBL. | AQ49: FEDERAL COST | AR49: FEDERAL PGM | AS49: FEDERAL OBL. | AT49: FEDERAL COST | AU49: FEDERAL PGM | AV49: FEDERAL OBL. | AW49: FEDERAL COST | AX49: FEDERAL PGM | AY49: FEDERAL OBL. | AZ49: FEDERAL COST | BA49: TOTALS
A50: KIPDA | B50: Every Commute Counts | C50: 162 | D50: 05-00384.00 | E50: Ticket to Ride regional Transportation Demand Management (TDM) Program. | F50: Planning | H50: =G50-I50 -> 0 | K50: =J50-L50 -> 0 | N50: =M50-O50 -> 0 | Q50: =P50-R50 -> 0 | T50: =S50-U50 -> 0 | W50: =V50-X50 -> 0 | Z50: =Y50-AA50 -> 0 | AC50: =AB50-AD50 -> 0 | AF50: =AE50-AG50 -> 0 | AI50: =AH50-AJ50 -> 0 | AL50: =AK50-AM50 -> 0 | AO50: =AN50-AP50 -> 0 | AR50: =AQ50-AS50 -> 0 | AU50: =AT50-AV50 -> 0 | AX50: =AW50-AY50 -> 0 | BA50: FED COST
F51: Program | G51: 1010000 | H51: =G51-I51 -> 0 | I51: 1010000 | J51: 1060500 | K51: =J51-L51 -> 0 | L51: 1060500 | M51: 1092315 | N51: =M51-O51 -> 0 | O51: 1092315 | P51: 1113532 | Q51: =P51-R51 -> 0 | R51: 1113532 | S51: 1146938 | T51: =S51-U51 -> 0 | U51: 1146938 | V51: 1181346 | W51: =V51-X51 -> 0 | X51: 1181346 | Y51: 1181346 | Z51: =Y51-AA51 -> 0 | AA51: 1181346 | AB51: 1204973 | AC51: =AB51-AD51 -> 0 | AD51: 1204973 | AE51: 977000 | AF51: =AE51-AG51 -> 0 | AG51: 977000 | AH51: 996540 | AI51: =AH51-AJ51 -> 0 | AJ51: 996540 | AK51: 673000 | AL51: =AK51-AM51 -> 673000 | AN51: 686460 | AO51: =AN51-AP51 -> 686460 | AQ51: 700189 | AR51: =AQ51-AS51 -> 700189 | AU51: =AT51-AV51 -> 0 | AX51: =AW51-AY51 -> 0 | BA51: % OBL
A52: SPONSOR | B52: PROJECT | C52: KIPDA ID | D52: STATE ID | E52: DESCRIPTION | F52: PHASE | G52: FEDERAL COST | H52: FEDERAL PGM | I52: FEDERAL OBL. | J52: FEDERAL COST | K52: FEDERAL PGM | L52: FEDERAL OBL. | M52: FEDERAL COST | N52: FEDERAL PGM | O52: FEDERAL OBL. | P52: FEDERAL COST | Q52: FEDERAL PGM | R52: FEDERAL OBL. | S52: FEDERAL COST | T52: FEDERAL PGM | U52: FEDERAL OBL. | V52: FEDERAL COST | W52: FEDERAL PGM | X52: FEDERAL OBL. | Y52: FEDERAL COST | Z52: FEDERAL PGM | AA52: FEDERAL OBL. | AB52: FEDERAL COST | AC52: FEDERAL PGM | AD52: FEDERAL OBL. | AE52: FEDERAL COST | AF52: FEDERAL PGM | AG52: FEDERAL OBL. | AH52: FEDERAL COST | AI52: FEDERAL PGM | AJ52: FEDERAL OBL. | AK52: FEDERAL COST | AL52: FEDERAL PGM | AM52: FEDERAL OBL. | AN52: FEDERAL COST | AO52: FEDERAL PGM | AP52: FEDERAL OBL. | AQ52: FEDERAL COST | AR52: FEDERAL PGM | AS52: FEDERAL OBL. | AT52: FEDERAL COST | AU52: FEDERAL PGM | AV52: FEDERAL OBL. | AW52: FEDERAL COST | AX52: FEDERAL PGM | AY52: FEDERAL OBL. | AZ52: FEDERAL COST | BA52: TOTALS
A53: KYTC | B53: English Station Rd. | C53: 188 | D53: 05-00353.00 | E53: Widen English Station Road from 2 to 3 lanes (3rd lane will be a center turn lane) from Aiken Road to Avoca Road. | F53: Planning | H53: =G53-I53 -> 0 | K53: =J53-L53 -> 0 | N53: =M53-O53 -> 0 | Q53: =P53-R53 -> 0 | T53: =S53-U53 -> 0 | W53: =V53-X53 -> 0 | Z53: =Y53-AA53 -> 0 | AC53: =AB53-AD53 -> 0 | AF53: =AE53-AG53 -> 0 | AI53: =AH53-AJ53 -> 0 | AL53: =AK53-AM53 -> 0 | AO53: =AN53-AP53 -> 0 | AR53: =AQ53-AS53 -> 0 | AU53: =AT53-AV53 -> 0 | AX53: =AW53-AY53 -> 0 | BA53: FED COST
F54: Preliminary Eng. | H54: =G54-I54 -> 0 | K54: =J54-L54 -> 0 | N54: =M54-O54 -> 0 | Q54: =P54-R54 -> 0 | T54: =S54-U54 -> 0 | W54: =V54-X54 -> 0 | Z54: =Y54-AA54 -> 0 | AC54: =AB54-AD54 -> 0 | AF54: =AE54-AG54 -> 0 | AI54: =AH54-AJ54 -> 0 | AL54: =AK54-AM54 -> 0 | AO54: =AN54-AP54 -> 0 | AR54: =AQ54-AS54 -> 0 | AU54: =AT54-AV54 -> 0 | AX54: =AW54-AY54 -> 0 | BA54: =SUM(G53:G58,J53:J58,M53:M58,P53:P58,S53:S58,V53:V58,Y53:Y58,AB53:AB58,AE53:AE58,AH53:AH58,AK53:AK58,AZ53:AZ58,AN53:AN58,AQ53:AQ58) -> 16324000
F55: Design | G55: 250000 | H55: =G55-I55 -> 0 | I55: 250000 | K55: =J55-L55 -> 0 | N55: =M55-O55 -> 0 | Q55: =P55-R55 -> 0 | T55: =S55-U55 -> 0 | W55: =V55-X55 -> 0 | Z55: =Y55-AA55 -> 0 | AC55: =AB55-AD55 -> 0 | AF55: =AE55-AG55 -> 0 | AH55: 256000 | AI55: =AH55-AJ55 -> 0 | AJ55: 256000 | AL55: =AK55-AM55 -> 0 | AO55: =AN55-AP55 -> 0 | AR55: =AQ55-AS55 -> 0 | AU55: =AT55-AV55 -> 0 | AX55: =AW55-AY55 -> 0 | BA55: FED PGM
F56: Right of Way | G56: 1200000 | H56: =G56-I56 -> 0 | I56: 1200000 | K56: =J56-L56 -> 0 | N56: =M56-O56 -> 0 | Q56: =P56-R56 -> 0 | T56: =S56-U56 -> 0 | W56: =V56-X56 -> 0 | Z56: =Y56-AA56 -> 0 | AC56: =AB56-AD56 -> 0 | AF56: =AE56-AG56 -> 0 | AI56: =AH56-AJ56 -> 0 | AL56: =AK56-AM56 -> 0 | AO56: =AN56-AP56 -> 0 | AR56: =AQ56-AS56 -> 0 | AU56: =AT56-AV56 -> 0 | AX56: =AW56-AY56 -> 0 | BA56: =SUM(H53:H58,K53:K58,N53:N58,Q53:Q58,T53:T58,W53:W58,Z53:Z58,AC53:AC58,Z53:Z58,AF53:AF58,AI53:AI58,AL53:AL58,AO53:AO58,AR53:AR58) -> 11364000
F57: Utility Relocation | G57: 450000 | H57: =G57-I57 -> 0 | I57: 450000 | K57: =J57-L57 -> 0 | N57: =M57-O57 -> 0 | Q57: =P57-R57 -> 0 | T57: =S57-U57 -> 0 | W57: =V57-X57 -> 0 | Z57: =Y57-AA57 -> 0 | AC57: =AB57-AD57 -> 0 | AF57: =AE57-AG57 -> 0 | AH57: 2800000 | AI57: =AH57-AJ57 -> -4000 | AJ57: 2804000 | AL57: =AK57-AM57 -> 0 | AO57: =AN57-AP57 -> 0 | AR57: =AQ57-AS57 -> 0 | AU57: =AT57-AV57 -> 0 | AX57: =AW57-AY57 -> 0 | BA57: FED OBL
F58: Construction | H58: =G58-I58 -> 0 | K58: =J58-L58 -> 0 | N58: =M58-O58 -> 0 | Q58: =P58-R58 -> 0 | T58: =S58-U58 -> 0 | W58: =V58-X58 -> 0 | Z58: =Y58-AA58 -> 0 | AC58: =AB58-AD58 -> 0 | AF58: =AE58-AG58 -> 0 | AI58: =AH58-AJ58 -> 0 | AK58: 11368000 | AL58: =AK58-AM58 -> 11368000 | AO58: =AN58-AP58 -> 0 | AR58: =AQ58-AS58 -> 0 | AU58: =AT58-AV58 -> 0 | AX58: =AW58-AY58 -> 0 | BA58: =SUM(I53:I58,L53:L58,O53:O58,R53:R58,U53:U58,X53:X58,AA53:AA58,AD53:AD58,AG53:AG58,AJ53:AJ58,AM53:AM58,AP53:AP58,AS53:AS58) -> 4960000
A59: SPONSOR | B59: PROJECT | C59: KIPDA ID | D59: STATE ID | E59: DESCRIPTION | F59: PHASE | G59: FEDERAL COST | H59: FEDERAL PGM | I59: FEDERAL OBL. | J59: FEDERAL COST | K59: FEDERAL PGM | L59: FEDERAL OBL. | M59: FEDERAL COST | N59: FEDERAL PGM | O59: FEDERAL OBL. | P59: FEDERAL COST | Q59: FEDERAL PGM | R59: FEDERAL OBL. | S59: FEDERAL COST | T59: FEDERAL PGM | U59: FEDERAL OBL. | V59: FEDERAL COST | W59: FEDERAL PGM | X59: FEDERAL OBL. | Y59: FEDERAL COST | Z59: FEDERAL PGM | AA59: FEDERAL OBL. | AB59: FEDERAL COST | AC59: FEDERAL PGM | AD59: FEDERAL OBL. | AE59: FEDERAL COST | AF59: FEDERAL PGM | AG59: FEDERAL OBL. | AH59: FEDERAL COST | AI59: FEDERAL PGM | AJ59: FEDERAL OBL. | AK59: FEDERAL COST | AL59: FEDERAL PGM | AM59: FEDERAL OBL. | AN59: FEDERAL COST | AO59: FEDERAL PGM | AP59: FEDERAL OBL. | AQ59: FEDERAL COST | AR59: FEDERAL PGM | AS59: FEDERAL OBL. | AT59: FEDERAL COST | AU59: FEDERAL PGM | AV59: FEDERAL OBL. | AW59: FEDERAL COST | AX59: FEDERAL PGM | AY59: FEDERAL OBL. | AZ59: FEDERAL COST | BA59: TOTALS
A60: KYTC | B60: KY 22/KY329 | C60: 1508 | D60: 05-00449.00 | E60: Intersection improvement at KY 22 and KY 329 in Crestwood | F60: Planning | H60: =G60-I60 -> 0 | K60: =J60-L60 -> 0 | N60: =M60-O60 -> 0 | Q60: =P60-R60 -> 0 | T60: =S60-U60 -> 0 | W60: =V60-X60 -> 0 | Z60: =Y60-AA60 -> 0 | AC60: =AB60-AD60 -> 0 | AF60: =AE60-AG60 -> 0 | AI60: =AH60-AJ60 -> 0 | AL60: =AK60-AM60 -> 0 | AO60: =AN60-AP60 -> 0 | AR60: =AQ60-AS60 -> 0 | AU60: =AT60-AV60 -> 0 | AX60: =AW60-AY60 -> 0 | BA60: FED COST
F61: Preliminary Eng. | H61: =G61-I61 -> 0 | K61: =J61-L61 -> 0 | N61: =M61-O61 -> 0 | Q61: =P61-R61 -> 0 | T61: =S61-U61 -> 0 | W61: =V61-X61 -> 0 | Z61: =Y61-AA61 -> 0 | AC61: =AB61-AD61 -> 0 | AF61: =AE61-AG61 -> 0 | AI61: =AH61-AJ61 -> 0 | AL61: =AK61-AM61 -> 0 | AO61: =AN61-AP61 -> 0 | AR61: =AQ61-AS61 -> 0 | AU61: =AT61-AV61 -> 0 | AX61: =AW61-AY61 -> 0 | BA61: =SUM(G60:G65,J60:J65,M60:M65,P60:P65,S60:S65,V60:V65,Y60:Y65,AB60:AB65,AE60:AE65,AH60:AH65,AK60:AK65,AZ60:AZ65,AN60:AN65,AQ60:AQ65) -> 1517692
F62: Design | H62: =G62-I62 -> 0 | K62: =J62-L62 -> 0 | N62: =M62-O62 -> 0 | Q62: =P62-R62 -> 0 | T62: =S62-U62 -> 0 | W62: =V62-X62 -> 0 | Z62: =Y62-AA62 -> 0 | AC62: =AB62-AD62 -> 0 | AF62: =AE62-AG62 -> 0 | AI62: =AH62-AJ62 -> 0 | AL62: =AK62-AM62 -> 0 | AO62: =AN62-AP62 -> 0 | AR62: =AQ62-AS62 -> 0 | AU62: =AT62-AV62 -> 0 | AX62: =AW62-AY62 -> 0 | BA62: FED PGM
F63: Right of Way | H63: =G63-I63 -> 0 | K63: =J63-L63 -> 0 | N63: =M63-O63 -> 0 | Q63: =P63-R63 -> 0 | T63: =S63-U63 -> 0 | W63: =V63-X63 -> 0 | Z63: =Y63-AA63 -> 0 | AC63: =AB63-AD63 -> 0 | AF63: =AE63-AG63 -> 0 | AI63: =AH63-AJ63 -> 0 | AL63: =AK63-AM63 -> 0 | AO63: =AN63-AP63 -> 0 | AR63: =AQ63-AS63 -> 0 | AU63: =AT63-AV63 -> 0 | AX63: =AW63-AY63 -> 0 | BA63: =SUM(H60:H65,K60:K65,N60:N65,Q60:Q65,T60:T65,W60:W65,Z60:Z65,AC60:AC65,Z60:Z65,AF60:AF65,AI60:AI65,AL60:AL65,AO60:AO65,AR60:AR65) -> -123
F64: Utility Relocation | H64: =G64-I64 -> 0 | K64: =J64-L64 -> 0 | N64: =M64-O64 -> 0 | Q64: =P64-R64 -> 0 | T64: =S64-U64 -> 0 | W64: =V64-X64 -> 0 | Z64: =Y64-AA64 -> 0 | AC64: =AB64-AD64 -> 0 | AF64: =AE64-AG64 -> 0 | AI64: =AH64-AJ64 -> 0 | AL64: =AK64-AM64 -> 0 | AO64: =AN64-AP64 -> 0 | AR64: =AQ64-AS64 -> 0 | AU64: =AT64-AV64 -> 0 | AX64: =AW64-AY64 -> 0 | BA64: FED OBL
F65: Construction | G65: 1296977 | H65: =G65-I65 -> -123 | I65: 1297100 | J65: 170715 | K65: =J65-L65 -> 0 | L65: 170715 | N65: =M65-O65 -> 0 | Q65: =P65-R65 -> 0 | S65: 50000 | T65: =S65-U65 -> 0 | U65: 50000 | W65: =V65-X65 -> 0 | Z65: =Y65-AA65 -> 0 | AC65: =AB65-AD65 -> 0 | AF65: =AE65-AG65 -> 0 | AI65: =AH65-AJ65 -> 0 | AL65: =AK65-AM65 -> 0 | AO65: =AN65-AP65 -> 0 | AR65: =AQ65-AS65 -> 0 | AU65: =AT65-AV65 -> 0 | AX65: =AW65-AY65 -> 0 | BA65: =SUM(I60:I65,L60:L65,O60:O65,R60:R65,U60:U65,X60:X65,AA60:AA65,AD60:AD65,AG60:AG65,AJ60:AJ65,AM60:AM65,AP60:AP65,AS60:AS65) -> 1517815
A66: SPONSOR | B66: PROJECT | C66: KIPDA ID | D66: STATE ID | E66: DESCRIPTION | F66: PHASE | G66: FEDERAL COST | H66: FEDERAL PGM | I66: FEDERAL OBL. | J66: FEDERAL COST | K66: FEDERAL PGM | L66: FEDERAL OBL. | M66: FEDERAL COST | N66: FEDERAL PGM | O66: FEDERAL OBL. | P66: FEDERAL COST | Q66: FEDERAL PGM | R66: FEDERAL OBL. | S66: FEDERAL COST | T66: FEDERAL PGM | U66: FEDERAL OBL. | V66: FEDERAL COST | W66: FEDERAL PGM | X66: FEDERAL OBL. | Y66: FEDERAL COST | Z66: FEDERAL PGM | AA66: FEDERAL OBL. | AB66: FEDERAL COST | AC66: FEDERAL PGM | AD66: FEDERAL OBL. | AE66: FEDERAL COST | AF66: FEDERAL PGM | AG66: FEDERAL OBL. | AH66: FEDERAL COST | AI66: FEDERAL PGM | AJ66: FEDERAL OBL. | AK66: FEDERAL COST | AL66: FEDERAL PGM | AM66: FEDERAL OBL. | AN66: FEDERAL COST | AO66: FEDERAL PGM | AP66: FEDERAL OBL. | AQ66: FEDERAL COST | AR66: FEDERAL PGM | AS66: FEDERAL OBL. | AT66: FEDERAL COST | AU66: FEDERAL PGM | AV66: FEDERAL OBL. | AW66: FEDERAL COST | AX66: FEDERAL PGM | AY66: FEDERAL OBL. | AZ66: FEDERAL COST | BA66: TOTALS
A67: KYTC | B67: KY 146 Sidewalks Eastern Jefferson County | C67: 2508 | D67: 05-00759.00 | E67: Improve pedestrian connectivity along KY 146 from Saddlecreek Drive to the existing sidewalk near the Oldham County line. | F67: Planning | H67: =G67-I67 -> 0 | K67: =J67-L67 -> 0 | N67: =M67-O67 -> 0 | Q67: =P67-R67 -> 0 | T67: =S67-U67 -> 0 | W67: =V67-X67 -> 0 | Z67: =Y67-AA67 -> 0 | AC67: =AB67-AD67 -> 0 | AF67: =AE67-AG67 -> 0 | AI67: =AH67-AJ67 -> 0 | AL67: =AK67-AM67 -> 0 | AO67: =AN67-AP67 -> 0 | AR67: =AQ67-AS67 -> 0 | AU67: =AT67-AV67 -> 0 | AX67: =AW67-AY67 -> 0 | BA67: FED COST
F68: Preliminary Eng. | H68: =G68-I68 -> 0 | K68: =J68-L68 -> 0 | N68: =M68-O68 -> 0 | Q68: =P68-R68 -> 0 | T68: =S68-U68 -> 0 | W68: =V68-X68 -> 0 | Z68: =Y68-AA68 -> 0 | AC68: =AB68-AD68 -> 0 | AF68: =AE68-AG68 -> 0 | AI68: =AH68-AJ68 -> 0 | AL68: =AK68-AM68 -> 0 | AO68: =AN68-AP68 -> 0 | AR68: =AQ68-AS68 -> 0 | AU68: =AT68-AV68 -> 0 | AX68: =AW68-AY68 -> 0 | BA68: =SUM(G67:G72,J67:J72,M67:M72,P67:P72,S67:S72,V67:V72,Y67:Y72,AB67:AB72,AE67:AE72,AH67:AH72,AK67:AK72,AZ67:AZ72,AN67:AN72,AQ67:AQ72) -> 450000
F69: Design | H69: =G69-I69 -> 0 | J69: 200000 | K69: =J69-L69 -> 0 | L69: 200000 | N69: =M69-O69 -> 0 | Q69: =P69-R69 -> 0 | T69: =S69-U69 -> 0 | W69: =V69-X69 -> 0 | Z69: =Y69-AA69 -> 0 | AC69: =AB69-AD69 -> 0 | AF69: =AE69-AG69 -> 0 | AI69: =AH69-AJ69 -> 0 | AL69: =AK69-AM69 -> 0 | AO69: =AN69-AP69 -> 0 | AR69: =AQ69-AS69 -> 0 | AU69: =AT69-AV69 -> 0 | AX69: =AW69-AY69 -> 0 | BA69: FED PGM
F70: Right of Way | H70: =G70-I70 -> 0 | K70: =J70-L70 -> 0 | N70: =M70-O70 -> 0 | Q70: =P70-R70 -> 0 | T70: =S70-U70 -> 0 | W70: =V70-X70 -> 0 | Z70: =Y70-AA70 -> 0 | AC70: =AB70-AD70 -> 0 | AF70: =AE70-AG70 -> 0 | AI70: =AH70-AJ70 -> 0 | AL70: =AK70-AM70 -> 0 | AO70: =AN70-AP70 -> 0 | AR70: =AQ70-AS70 -> 0 | AU70: =AT70-AV70 -> 0 | AX70: =AW70-AY70 -> 0 | BA70: =SUM(H67:H72,K67:K72,N67:N72,Q67:Q72,T67:T72,W67:W72,Z67:Z72,AC67:AC72,AF67:AF72,AI67:AI72,AL67:AL72,AO67:AO72,AR67:AR72) -> 107350
F71: Utility Relocation | H71: =G71-I71 -> 0 | K71: =J71-L71 -> 0 | N71: =M71-O71 -> 0 | Q71: =P71-R71 -> 0 | T71: =S71-U71 -> 0 | W71: =V71-X71 -> 0 | Z71: =Y71-AA71 -> 0 | AC71: =AB71-AD71 -> 0 | AF71: =AE71-AG71 -> 0 | AI71: =AH71-AJ71 -> 0 | AL71: =AK71-AM71 -> 0 | AO71: =AN71-AP71 -> 0 | AR71: =AQ71-AS71 -> 0 | AU71: =AT71-AV71 -> 0 | AX71: =AW71-AY71 -> 0 | BA71: FED OBL
F72: Construction | H72: =G72-I72 -> 0 | K72: =J72-L72 -> 0 | N72: =M72-O72 -> 0 | Q72: =P72-R72 -> 0 | S72: 250000 | T72: =S72-U72 -> 107350 | U72: 142650 | W72: =V72-X72 -> 0 | Z72: =Y72-AA72 -> 0 | AC72: =AB72-AD72 -> 0 | AF72: =AE72-AG72 -> 0 | AI72: =AH72-AJ72 -> 0 | AL72: =AK72-AM72 -> 0 | AO72: =AN72-AP72 -> 0 | AR72: =AQ72-AS72 -> 0 | AU72: =AT72-AV72 -> 0 | AX72: =AW72-AY72 -> 0 | BA72: =SUM(I67:I72,L67:L72,O67:O72,R67:R72,U67:U72,X67:X72,AA67:AA72,AD67:AD72,AG67:AG72,AJ67:AJ72,AM67:AM72,AP67:AP72,AS67:AS72) -> 342650
A73: SPONSOR | B73: PROJECT | C73: KIPDA ID | D73: STATE ID | E73: DESCRIPTION | F73: PHASE | G73: FEDERAL COST | H73: FEDERAL PGM | I73: FEDERAL OBL. | J73: FEDERAL COST | K73: FEDERAL PGM | L73: FEDERAL OBL. | M73: FEDERAL COST | N73: FEDERAL PGM | O73: FEDERAL OBL. | P73: FEDERAL COST | Q73: FEDERAL PGM | R73: FEDERAL OBL. | S73: FEDERAL COST | T73: FEDERAL PGM | U73: FEDERAL OBL. | V73: FEDERAL COST | W73: FEDERAL PGM | X73: FEDERAL OBL. | Y73: FEDERAL COST | Z73: FEDERAL PGM | AA73: FEDERAL OBL. | AB73: FEDERAL COST | AC73: FEDERAL PGM | AD73: FEDERAL OBL. | AE73: FEDERAL COST | AF73: FEDERAL PGM | AG73: FEDERAL OBL. | AH73: FEDERAL COST | AI73: FEDERAL PGM | AJ73: FEDERAL OBL. | AK73: FEDERAL COST | AL73: FEDERAL PGM | AM73: FEDERAL OBL. | AN73: FEDERAL COST | AO73: FEDERAL PGM | AP73: FEDERAL OBL. | AQ73: FEDERAL COST | AR73: FEDERAL PGM | AS73: FEDERAL OBL. | AT73: FEDERAL COST | AU73: FEDERAL PGM | AV73: FEDERAL OBL. | AW73: FEDERAL COST | AX73: FEDERAL PGM | AY73: FEDERAL OBL. | AZ73: FEDERAL COST | BA73: TOTALS
A74: KYTC | B74: KY 864 | C74: 1879 | D74: 05-00481.00 | E74: Widen Beulah Church Rd. from 2 to 3 lanes from I-265 to Cedar Creek Rd. | F74: Planning | H74: =G74-I74 -> 0 | K74: =J74-L74 -> 0 | N74: =M74-O74 -> 0 | Q74: =P74-R74 -> 0 | T74: =S74-U74 -> 0 | W74: =V74-X74 -> 0 | Z74: =Y74-AA74 -> 0 | AC74: =AB74-AD74 -> 0 | AF74: =AE74-AG74 -> 0 | AI74: =AH74-AJ74 -> 0 | AL74: =AK74-AM74 -> 0 | AO74: =AN74-AP74 -> 0 | AR74: =AQ74-AS74 -> 0 | AU74: =AT74-AV74 -> 0 | AX74: =AW74-AY74 -> 0 | BA74: FED COST
F75: Preliminary Eng. | H75: =G75-I75 -> 0 | K75: =J75-L75 -> 0 | N75: =M75-O75 -> 0 | Q75: =P75-R75 -> 0 | T75: =S75-U75 -> 0 | W75: =V75-X75 -> 0 | Z75: =Y75-AA75 -> 0 | AC75: =AB75-AD75 -> 0 | AF75: =AE75-AG75 -> 0 | AI75: =AH75-AJ75 -> 0 | AL75: =AK75-AM75 -> 0 | AO75: =AN75-AP75 -> 0 | AR75: =AQ75-AS75 -> 0 | AU75: =AT75-AV75 -> 0 | AX75: =AW75-AY75 -> 0 | BA75: =SUM(G74:G79,J74:J79,M74:M79,P74:P79,S74:S79,V74:V79,Y74:Y79,AB74:AB79,AE74:AE79,AH74:AH79,AK74:AK79,AZ74:AZ79,AN74:AN79,AQ74:AQ79) -> 25113000
F76: Design | G76: 350000 | H76: =G76-I76 -> 0 | I76: 350000 | K76: =J76-L76 -> 0 | N76: =M76-O76 -> 0 | Q76: =P76-R76 -> 0 | T76: =S76-U76 -> 0 | W76: =V76-X76 -> 0 | Z76: =Y76-AA76 -> 0 | AC76: =AB76-AD76 -> 0 | AF76: =AE76-AG76 -> 0 | AH76: 250000 | AJ76: 228080 | AL76: =AK76-AM76 -> 0 | AO76: =AN76-AP76 -> 0 | AR76: =AQ76-AS76 -> 0 | AU76: =AT76-AV76 -> 0 | AX76: =AW76-AY76 -> 0 | BA76: FED PGM
F77: Right of Way | H77: =G77-I77 -> 0 | K77: =J77-L77 -> 0 | M77: 5050000 | N77: =M77-O77 -> 0 | O77: 5050000 | Q77: =P77-R77 -> 0 | T77: =S77-U77 -> 0 | W77: =V77-X77 -> 0 | Z77: =Y77-AA77 -> 0 | AC77: =AB77-AD77 -> 0 | AF77: =AE77-AG77 -> 0 | AI77: =AH77-AJ77 -> 0 | AL77: =AK77-AM77 -> 0 | AO77: =AN77-AP77 -> 0 | AR77: =AQ77-AS77 -> 0 | AU77: =AT77-AV77 -> 0 | AX77: =AW77-AY77 -> 0 | BA77: =SUM(H74:H79,K74:K79,N74:N79,Q74:Q79,T74:T79,W74:W79,Z74:Z79,AC74:AC79,AF74:AF79,AI74:AI79,AL74:AL79,AO74:AO79,AR74:AR79) -> 0
F78: Utility Relocation | H78: =G78-I78 -> 0 | K78: =J78-L78 -> 0 | M78: 1975000 | N78: =M78-O78 -> 0 | O78: 1975000 | Q78: =P78-R78 -> 0 | T78: =S78-U78 -> 0 | W78: =V78-X78 -> 0 | Z78: =Y78-AA78 -> 0 | AC78: =AB78-AD78 -> 0 | AH78: 200000 | AI78: =AH78-AJ78 -> 0 | AJ78: 200000 | AL78: =AK78-AM78 -> 0 | AO78: =AN78-AP78 -> 0 | AR78: =AQ78-AS78 -> 0 | AU78: =AT78-AV78 -> 0 | AX78: =AW78-AY78 -> 0 | BA78: FED OBL
F79: Construction | H79: =G79-I79 -> 0 | K79: =J79-L79 -> 0 | N79: =M79-O79 -> 0 | Q79: =P79-R79 -> 0 | T79: =S79-U79 -> 0 | W79: =V79-X79 -> 0 | Z79: =Y79-AA79 -> 0 | AC79: =AB79-AD79 -> 0 | AF79: =AE79-AG79 -> 0 | AH79: 17288000 | AJ79: 16741120 | AL79: =AK79-AM79 -> 0 | AO79: =AN79-AP79 -> 0 | AR79: =AQ79-AS79 -> 0 | AU79: =AT79-AV79 -> 0 | AX79: =AW79-AY79 -> 0 | BA79: =SUM(I74:I79,L74:L79,O74:O79,R74:R79,U74:U79,X74:X79,AA74:AA79,AD74:AD79,AG74:AG79,AJ74:AJ79,AM74:AM79,AP74:AP79,AS74:AS79) -> 24544200
A80: SPONSOR | B80: PROJECT | C80: KIPDA ID | D80: STATE ID | E80: DESCRIPTION | F80: PHASE | G80: FEDERAL COST | H80: FEDERAL PGM | I80: FEDERAL OBL. | J80: FEDERAL COST | K80: FEDERAL PGM | L80: FEDERAL OBL. | M80: FEDERAL COST | N80: FEDERAL PGM | O80: FEDERAL OBL. | P80: FEDERAL COST | Q80: FEDERAL PGM | R80: FEDERAL OBL. | S80: FEDERAL COST | T80: FEDERAL PGM | U80: FEDERAL OBL. | V80: FEDERAL COST | W80: FEDERAL PGM | X80: FEDERAL OBL. | Y80: FEDERAL COST | Z80: FEDERAL PGM | AA80: FEDERAL OBL. | AB80: FEDERAL COST | AC80: FEDERAL PGM | AD80: FEDERAL OBL. | AE80: FEDERAL COST | AF80: FEDERAL PGM | AG80: FEDERAL OBL. | AH80: FEDERAL COST | AI80: FEDERAL PGM | AJ80: FEDERAL OBL. | AK80: FEDERAL COST | AL80: FEDERAL PGM | AM80: FEDERAL OBL. | AN80: FEDERAL COST | AO80: FEDERAL PGM | AP80: FEDERAL OBL. | AQ80: FEDERAL COST | AR80: FEDERAL PGM | AS80: FEDERAL OBL. | AT80: FEDERAL COST | AU80: FEDERAL PGM | AV80: FEDERAL OBL. | AW80: FEDERAL COST | AX80: FEDERAL PGM | AY80: FEDERAL OBL. | AZ80: FEDERAL COST | BA80: TOTALS
A81: KYTC | B81: KY 1494 | C81: 1493 | D81: 05-00293.01 | E81: Widen travel lanes (no additional travel lanes) on KY 1494 in Bullittt County, and relocate road from 2000 feet west of KY 61 to KY 61. | F81: Planning | H81: =G81-I81 -> 0 | K81: =J81-L81 -> 0 | N81: =M81-O81 -> 0 | Q81: =P81-R81 -> 0 | T81: =S81-U81 -> 0 | W81: =V81-X81 -> 0 | Z81: =Y81-AA81 -> 0 | AC81: =AB81-AD81 -> 0 | AF81: =AE81-AG81 -> 0 | AI81: =AH81-AJ81 -> 0 | AL81: =AK81-AM81 -> 0 | AO81: =AN81-AP81 -> 0 | AR81: =AQ81-AS81 -> 0 | AU81: =AT81-AV81 -> 0 | AX81: =AW81-AY81 -> 0 | BA81: FED COST
F82: Preliminary Eng. | H82: =G82-I82 -> 0 | K82: =J82-L82 -> 0 | N82: =M82-O82 -> 0 | Q82: =P82-R82 -> 0 | T82: =S82-U82 -> 0 | W82: =V82-X82 -> 0 | Z82: =Y82-AA82 -> 0 | AC82: =AB82-AD82 -> 0 | AF82: =AE82-AG82 -> 0 | AI82: =AH82-AJ82 -> 0 | AL82: =AK82-AM82 -> 0 | AO82: =AN82-AP82 -> 0 | AR82: =AQ82-AS82 -> 0 | AU82: =AT82-AV82 -> 0 | AX82: =AW82-AY82 -> 0 | BA82: =SUM(G81:G86,J81:J86,M81:M86,P81:P86,S81:S86,V81:V86,Y81:Y86,AB81:AB86,AE81:AE86,AH81:AH86,AK81:AK86,AZ81:AZ86,AN81:AN86,AQ81:AQ86) -> 20000
F83: Design | G83: 20000 | H83: =G83-I83 -> -4571 | I83: 24571 | K83: =J83-L83 -> 0 | N83: =M83-O83 -> 0 | Q83: =P83-R83 -> 0 | T83: =S83-U83 -> 0 | W83: =V83-X83 -> 0 | Z83: =Y83-AA83 -> 0 | AC83: =AB83-AD83 -> 0 | AF83: =AE83-AG83 -> 0 | AI83: =AH83-AJ83 -> 0 | AL83: =AK83-AM83 -> 0 | AO83: =AN83-AP83 -> 0 | AR83: =AQ83-AS83 -> 0 | AU83: =AT83-AV83 -> 0 | AX83: =AW83-AY83 -> 0 | BA83: FED PGM
F84: Right of Way | H84: =G84-I84 -> 0 | K84: =J84-L84 -> 0 | N84: =M84-O84 -> 0 | Q84: =P84-R84 -> 0 | T84: =S84-U84 -> 0 | W84: =V84-X84 -> 0 | Z84: =Y84-AA84 -> 0 | AC84: =AB84-AD84 -> 0 | AF84: =AE84-AG84 -> 0 | AI84: =AH84-AJ84 -> 0 | AL84: =AK84-AM84 -> 0 | AO84: =AN84-AP84 -> 0 | AR84: =AQ84-AS84 -> 0 | AU84: =AT84-AV84 -> 0 | AX84: =AW84-AY84 -> 0 | BA84: =SUM(H81:H86,K81:K86,N81:N86,Q81:Q86,T81:T86,W81:W86,Z81:Z86,AC81:AC86,Z81:Z86,AF81:AF86,AI81:AI86,AL81:AL86,AO81:AO86,AR81:AR86) -> -4571
F85: Utility Relocation | H85: =G85-I85 -> 0 | K85: =J85-L85 -> 0 | N85: =M85-O85 -> 0 | Q85: =P85-R85 -> 0 | T85: =S85-U85 -> 0 | W85: =V85-X85 -> 0 | Z85: =Y85-AA85 -> 0 | AC85: =AB85-AD85 -> 0 | AF85: =AE85-AG85 -> 0 | AI85: =AH85-AJ85 -> 0 | AL85: =AK85-AM85 -> 0 | AO85: =AN85-AP85 -> 0 | AR85: =AQ85-AS85 -> 0 | AU85: =AT85-AV85 -> 0 | AX85: =AW85-AY85 -> 0 | BA85: FED OBL
F86: Construction | H86: =G86-I86 -> 0 | K86: =J86-L86 -> 0 | N86: =M86-O86 -> 0 | Q86: =P86-R86 -> 0 | T86: =S86-U86 -> 0 | W86: =V86-X86 -> 0 | Z86: =Y86-AA86 -> 0 | AC86: =AB86-AD86 -> 0 | AF86: =AE86-AG86 -> 0 | AI86: =AH86-AJ86 -> 0 | AL86: =AK86-AM86 -> 0 | AO86: =AN86-AP86 -> 0 | AR86: =AQ86-AS86 -> 0 | AU86: =AT86-AV86 -> 0 | AX86: =AW86-AY86 -> 0 | BA86: =SUM(I81:I86,L81:L86,O81:O86,R81:R86,U81:U86,X81:X86,AA81:AA86,AD81:AD86,AG81:AG86,AJ81:AJ86,AM81:AM86,AP81:AP86,AS81:AS86) -> 24571
A87: SPONSOR | B87: PROJECT | C87: KIPDA ID | D87: STATE ID | E87: DESCRIPTION | F87: PHASE | G87: FEDERAL COST | H87: FEDERAL PGM | I87: FEDERAL OBL. | J87: FEDERAL COST | K87: FEDERAL PGM | L87: FEDERAL OBL. | M87: FEDERAL COST | N87: FEDERAL PGM | O87: FEDERAL OBL. | P87: FEDERAL COST | Q87: FEDERAL PGM | R87: FEDERAL OBL. | S87: FEDERAL COST | T87: FEDERAL PGM | U87: FEDERAL OBL. | V87: FEDERAL COST | W87: FEDERAL PGM | X87: FEDERAL OBL. | Y87: FEDERAL COST | Z87: FEDERAL PGM | AA87: FEDERAL OBL. | AB87: FEDERAL COST | AC87: FEDERAL PGM | AD87: FEDERAL OBL. | AE87: FEDERAL COST | AF87: FEDERAL PGM | AG87: FEDERAL OBL. | AH87: FEDERAL COST | AI87: FEDERAL PGM | AJ87: FEDERAL OBL. | AK87: FEDERAL COST | AL87: FEDERAL PGM | AM87: FEDERAL OBL. | AN87: FEDERAL COST | AO87: FEDERAL PGM | AP87: FEDERAL OBL. | AQ87: FEDERAL COST | AR87: FEDERAL PGM | AS87: FEDERAL OBL. | AT87: FEDERAL COST | AU87: FEDERAL PGM | AV87: FEDERAL OBL. | AW87: FEDERAL COST | AX87: FEDERAL PGM | AY87: FEDERAL OBL. | AZ87: FEDERAL COST | BA87: TOTALS
A88: Oldham County | B88: KY 1793 & Various Sidewalks | C88: 1623 | D88: 05-00440.10 | E88: Construct sidewalks on KY 1793 from Ridgeview Drive to Settlers Point Trail. | F88: Planning | H88: =G88-I88 -> 0 | K88: =J88-L88 -> 0 | N88: =M88-O88 -> 0 | Q88: =P88-R88 -> 0 | T88: =S88-U88 -> 0 | W88: =V88-X88 -> 0 | Z88: =Y88-AA88 -> 0 | AC88: =AB88-AD88 -> 0 | AF88: =AE88-AG88 -> 0 | AI88: =AH88-AJ88 -> 0 | AL88: =AK88-AM88 -> 0 | AO88: =AN88-AP88 -> 0 | AR88: =AQ88-AS88 -> 0 | AU88: =AT88-AV88 -> 0 | AX88: =AW88-AY88 -> 0 | BA88: FED COST
F89: Preliminary Eng. | H89: =G89-I89 -> 0 | K89: =J89-L89 -> 0 | N89: =M89-O89 -> 0 | Q89: =P89-R89 -> 0 | T89: =S89-U89 -> 0 | W89: =V89-X89 -> 0 | Z89: =Y89-AA89 -> 0 | AC89: =AB89-AD89 -> 0 | AF89: =AE89-AG89 -> 0 | AI89: =AH89-AJ89 -> 0 | AL89: =AK89-AM89 -> 0 | AO89: =AN89-AP89 -> 0 | AR89: =AQ89-AS89 -> 0 | AU89: =AT89-AV89 -> 0 | AX89: =AW89-AY89 -> 0 | BA89: =SUM(G88:G93,J88:J93,M88:M93,P88:P93,S88:S93,V88:V93,Y88:Y93,AB88:AB93,AE88:AE93,AH88:AH93,AK88:AK93,AZ88:AZ93,AN88:AN93,AQ88:AQ93) -> 200000
F90: Design | H90: =G90-I90 -> 0 | K90: =J90-L90 -> 0 | N90: =M90-O90 -> 0 | Q90: =P90-R90 -> 0 | T90: =S90-U90 -> 0 | W90: =V90-X90 -> 0 | Z90: =Y90-AA90 -> 0 | AC90: =AB90-AD90 -> 0 | AF90: =AE90-AG90 -> 0 | AI90: =AH90-AJ90 -> 0 | AL90: =AK90-AM90 -> 0 | AO90: =AN90-AP90 -> 0 | AR90: =AQ90-AS90 -> 0 | AU90: =AT90-AV90 -> 0 | AX90: =AW90-AY90 -> 0 | BA90: FED PGM
F91: Right of Way | H91: =G91-I91 -> 0 | K91: =J91-L91 -> 0 | N91: =M91-O91 -> 0 | Q91: =P91-R91 -> 0 | T91: =S91-U91 -> 0 | W91: =V91-X91 -> 0 | Z91: =Y91-AA91 -> 0 | AC91: =AB91-AD91 -> 0 | AF91: =AE91-AG91 -> 0 | AI91: =AH91-AJ91 -> 0 | AL91: =AK91-AM91 -> 0 | AO91: =AN91-AP91 -> 0 | AR91: =AQ91-AS91 -> 0 | AU91: =AT91-AV91 -> 0 | AX91: =AW91-AY91 -> 0 | BA91: =SUM(H88:H93,K88:K93,N88:N93,Q88:Q93,T88:T93,W88:W93,Z88:Z93,AC88:AC93,Z88:Z93,AF88:AF93,AI88:AI93,AL88:AL93,AO88:AO93,AR88:AR93) -> 29280
F92: Utility Relocation | H92: =G92-I92 -> 0 | K92: =J92-L92 -> 0 | N92: =M92-O92 -> 0 | Q92: =P92-R92 -> 0 | T92: =S92-U92 -> 0 | W92: =V92-X92 -> 0 | Z92: =Y92-AA92 -> 0 | AC92: =AB92-AD92 -> 0 | AF92: =AE92-AG92 -> 0 | AI92: =AH92-AJ92 -> 0 | AL92: =AK92-AM92 -> 0 | AO92: =AN92-AP92 -> 0 | AR92: =AQ92-AS92 -> 0 | AU92: =AT92-AV92 -> 0 | AX92: =AW92-AY92 -> 0 | BA92: FED OBL
F93: Construction | H93: =G93-I93 -> 0 | J93: 100000 | K93: =J93-L93 -> 0 | L93: 100000 | M93: 100000 | N93: =M93-O93 -> 29280 | O93: 70720 | Q93: =P93-R93 -> 0 | T93: =S93-U93 -> 0 | W93: =V93-X93 -> 0 | Z93: =Y93-AA93 -> 0 | AC93: =AB93-AD93 -> 0 | AF93: =AE93-AG93 -> 0 | AI93: =AH93-AJ93 -> 0 | AL93: =AK93-AM93 -> 0 | AO93: =AN93-AP93 -> 0 | AR93: =AQ93-AS93 -> 0 | AU93: =AT93-AV93 -> 0 | AX93: =AW93-AY93 -> 0 | BA93: =SUM(I88:I93,L88:L93,O88:O93,R88:R93,U88:U93,X88:X93,AA88:AA93,AD88:AD93,AG88:AG93,AJ88:AJ93,AM88:AM93,AP88:AP93,AS88:AS93) -> 170720
A94: SPONSOR | B94: PROJECT | C94: KIPDA ID | D94: STATE ID | E94: DESCRIPTION | F94: PHASE | G94: FEDERAL COST | H94: FEDERAL PGM | I94: FEDERAL OBL. | J94: FEDERAL COST | K94: FEDERAL PGM | L94: FEDERAL OBL. | M94: FEDERAL COST | N94: FEDERAL PGM | O94: FEDERAL OBL. | P94: FEDERAL COST | Q94: FEDERAL PGM | R94: FEDERAL OBL. | S94: FEDERAL COST | T94: FEDERAL PGM | U94: FEDERAL OBL. | V94: FEDERAL COST | W94: FEDERAL PGM | X94: FEDERAL OBL. | Y94: FEDERAL COST | Z94: FEDERAL PGM | AA94: FEDERAL OBL. | AB94: FEDERAL COST | AC94: FEDERAL PGM | AD94: FEDERAL OBL. | AE94: FEDERAL COST | AF94: FEDERAL PGM | AG94: FEDERAL OBL. | AH94: FEDERAL COST | AI94: FEDERAL PGM | AJ94: FEDERAL OBL. | AK94: FEDERAL COST | AL94: FEDERAL PGM | AM94: FEDERAL OBL. | AN94: FEDERAL COST | AO94: FEDERAL PGM | AP94: FEDERAL OBL. | AQ94: FEDERAL COST | AR94: FEDERAL PGM | AS94: FEDERAL OBL. | AT94: FEDERAL COST | AU94: FEDERAL PGM | AV94: FEDERAL OBL. | AW94: FEDERAL COST | AX94: FEDERAL PGM | AY94: FEDERAL OBL. | AZ94: FEDERAL COST | BA94: TOTALS
A95: KYTC | B95: KY 1931 | C95: 2214 | D95: 05-00536.00 | E95: Widen KY 1931 (Manslick Rd.) from 2 to 3 lanes from Dixie Highway (US 31W) to Doss High School, 1.7 miles. | F95: Planning | H95: =G95-I95 -> 0 | K95: =J95-L95 -> 0 | N95: =M95-O95 -> 0 | Q95: =P95-R95 -> 0 | T95: =S95-U95 -> 0 | W95: =V95-X95 -> 0 | Z95: =Y95-AA95 -> 0 | AC95: =AB95-AD95 -> 0 | AF95: =AE95-AG95 -> 0 | AI95: =AH95-AJ95 -> 0 | AL95: =AK95-AM95 -> 0 | AO95: =AN95-AP95 -> 0 | AR95: =AQ95-AS95 -> 0 | AU95: =AT95-AV95 -> 0 | AX95: =AW95-AY95 -> 0 | BA95: FED COST
F96: Preliminary Eng. | G96: 900000 | H96: =G96-I96 -> 0 | I96: 900000 | K96: =J96-L96 -> 0 | N96: =M96-O96 -> 0 | Q96: =P96-R96 -> 0 | T96: =S96-U96 -> 0 | W96: =V96-X96 -> 0 | Z96: =Y96-AA96 -> 0 | AC96: =AB96-AD96 -> 0 | AF96: =AE96-AG96 -> 0 | AI96: =AH96-AJ96 -> 0 | AL96: =AK96-AM96 -> 0 | AO96: =AN96-AP96 -> 0 | AR96: =AQ96-AS96 -> 0 | AU96: =AT96-AV96 -> 0 | AX96: =AW96-AY96 -> 0 | BA96: =SUM(G95:G100,J95:J100,M95:M100,P95:P100,S95:S100,V95:V100,Y95:Y100,AB95:AB100,AE95:AE100,AH95:AH100,AK95:AK100,AZ95:AZ100,AN95:AN100,AQ95:AQ100) -> 21640000
F97: Design | G97: 960000 | H97: =G97-I97 -> 0 | I97: 960000 | K97: =J97-L97 -> 0 | N97: =M97-O97 -> 0 | Q97: =P97-R97 -> 0 | T97: =S97-U97 -> 0 | W97: =V97-X97 -> 0 | Z97: =Y97-AA97 -> 0 | AC97: =AB97-AD97 -> 0 | AF97: =AE97-AG97 -> 0 | AI97: =AH97-AJ97 -> 0 | AL97: =AK97-AM97 -> 0 | AO97: =AN97-AP97 -> 0 | AR97: =AQ97-AS97 -> 0 | AU97: =AT97-AV97 -> 0 | AX97: =AW97-AY97 -> 0 | BA97: FED PGM
F98: Right of Way | H98: =G98-I98 -> 0 | K98: =J98-L98 -> 0 | M98: 1780000 | N98: =M98-O98 -> 0 | O98: 1780000 | Q98: =P98-R98 -> 0 | T98: =S98-U98 -> 0 | W98: =V98-X98 -> 0 | Z98: =Y98-AA98 -> 0 | AC98: =AB98-AD98 -> 0 | AF98: =AE98-AG98 -> 0 | AI98: =AH98-AJ98 -> 0 | AK98: 1220000 | AL98: =AK98-AM98 -> 1220000 | AO98: =AN98-AP98 -> 0 | AR98: =AQ98-AS98 -> 0 | AU98: =AT98-AV98 -> 0 | AX98: =AW98-AY98 -> 0 | BA98: =SUM(H95:H100,K95:K100,N95:N100,Q95:Q100,T95:T100,W95:W100,Z95:Z100,AC95:AC100,AF95:AF100,AI95:AI100,AL95:AL100,AO95:AO100,AR95:AR100) -> 12000000
F99: Utility Relocation | H99: =G99-I99 -> 0 | K99: =J99-L99 -> 0 | M99: 6000000 | N99: =M99-O99 -> 0 | O99: 6000000 | Q99: =P99-R99 -> 0 | T99: =S99-U99 -> 0 | W99: =V99-X99 -> 0 | Z99: =Y99-AA99 -> 0 | AC99: =AB99-AD99 -> 0 | AF99: =AE99-AG99 -> 0 | AI99: =AH99-AJ99 -> 0 | AL99: =AK99-AM99 -> 0 | AO99: =AN99-AP99 -> 0 | AR99: =AQ99-AS99 -> 0 | AU99: =AT99-AV99 -> 0 | AX99: =AW99-AY99 -> 0 | BA99: FED OBL
F100: Construction | H100: =G100-I100 -> 0 | K100: =J100-L100 -> 0 | N100: =M100-O100 -> 0 | Q100: =P100-R100 -> 0 | T100: =S100-U100 -> 0 | W100: =V100-X100 -> 0 | Z100: =Y100-AA100 -> 0 | AC100: =AB100-AD100 -> 0 | AF100: =AE100-AG100 -> 0 | AI100: =AH100-AJ100 -> 0 | AL100: =AK100-AM100 -> 0 | AN100: 10780000 | AO100: =AN100-AP100 -> 10780000 | AR100: =AQ100-AS100 -> 0 | AU100: =AT100-AV100 -> 0 | AX100: =AW100-AY100 -> 0 | BA100: =SUM(I95:I100,L95:L100,O95:O100,R95:R100,U95:U100,X95:X100,AA95:AA100,AD95:AD100,AG95:AG100,AJ95:AJ100,AM95:AM100,AP95:AP100,AS95:AS100) -> 9640000
A101: SPONSOR | B101: PROJECT | C101: KIPDA ID | D101: STATE ID | E101: DESCRIPTION | F101: PHASE | G101: FEDERAL COST | H101: FEDERAL PGM | I101: FEDERAL OBL. | J101: FEDERAL COST | K101: FEDERAL PGM | L101: FEDERAL OBL. | M101: FEDERAL COST | N101: FEDERAL PGM | O101: FEDERAL OBL. | P101: FEDERAL COST | Q101: FEDERAL PGM | R101: FEDERAL OBL. | S101: FEDERAL COST | T101: FEDERAL PGM | U101: FEDERAL OBL. | V101: FEDERAL COST | W101: FEDERAL PGM | X101: FEDERAL OBL. | Y101: FEDERAL COST | Z101: FEDERAL PGM | AA101: FEDERAL OBL. | AB101: FEDERAL COST | AC101: FEDERAL PGM | AD101: FEDERAL OBL. | AE101: FEDERAL COST | AF101: FEDERAL PGM | AG101: FEDERAL OBL. | AH101: FEDERAL COST | AI101: FEDERAL PGM | AJ101: FEDERAL OBL. | AK101: FEDERAL COST | AL101: FEDERAL PGM | AM101: FEDERAL OBL. | AN101: FEDERAL COST | AO101: FEDERAL PGM | AP101: FEDERAL OBL. | AQ101: FEDERAL COST | AR101: FEDERAL PGM | AS101: FEDERAL OBL. | AT101: FEDERAL COST | AU101: FEDERAL PGM | AV101: FEDERAL OBL. | AW101: FEDERAL COST | AX101: FEDERAL PGM | AY101: FEDERAL OBL. | AZ101: FEDERAL COST | BA101: TOTALS
...

Sheet KY - TA
A1: Kentucky Transportation Alternatives (TA-MPO) Program
A2: Updated as of 11.6.26
A3: PROJECT INFORMATION | G3: FY 2017 | J3: FY 2018 | M3: FY 2019 | P3: FY 2020 | S3: FY 2021 | V3: FY 2022 | Y3: FY 2023 | AB3: FY 2024 | AE3: FY 2025 | AH3: FY 2026 | AK3: FY 2027 | AN3: FY 2028 | AQ3: FY 2029 | AT3: FY 2030 | AW3: FY 2031 | AZ3: FUTURE FUNDING RESERVE
A4: SPONSOR | B4: PROJECT | C4: KIPDA ID | D4: STATE ID | E4: DESCRIPTION | F4: PHASE | G4: FEDERAL COST | H4: FEDERAL PGM | I4: FEDERAL OBL. | J4: FEDERAL COST | K4: FEDERAL PGM | L4: FEDERAL OBL. | M4: FEDERAL COST | N4: FEDERAL PGM | O4: FEDERAL OBL. | P4: FEDERAL COST | Q4: FEDERAL PGM | R4: FEDERAL OBL. | S4: FEDERAL COST | T4: FEDERAL PGM | U4: FEDERAL OBL. | V4: FEDERAL COST | W4: FEDERAL PGM | X4: FEDERAL OBL. | Y4: FEDERAL COST | Z4: FEDERAL PGM | AA4: FEDERAL OBL. | AB4: FEDERAL COST | AC4: FEDERAL PGM | AD4: FEDERAL OBL. | AE4: FEDERAL COST | AF4: FEDERAL PGM | AG4: FEDERAL OBL. | AH4: FEDERAL COST | AI4: FEDERAL PGM | AJ4: FEDERAL OBL. | AK4: FEDERAL COST | AL4: FEDERAL PGM | AM4: FEDERAL OBL. | AN4: FEDERAL COST | AO4: FEDERAL PGM | AP4: FEDERAL OBL. | AQ4: FEDERAL COST | AR4: FEDERAL PGM | AS4: FEDERAL OBL. | AT4: FEDERAL COST | AU4: FEDERAL PGM | AV4: FEDERAL OBL. | AW4: FEDERAL COST | AX4: FEDERAL PGM | AY4: FEDERAL OBL. | AZ4: FEDERAL COST | BA4: TOTALS
A5: Jeffersontown | B5: Miscellaneous Sidewalks and ADA Ramps | C5: 2230 | E5: Construct and replace various sidewalks ad ADA ramps throughout the city of Jeffersontown. | F5: Planning | H5: =G5-I5 -> 0 | K5: =J5-L5 -> 0 | N5: =M5-O5 -> 0 | Q5: =P5-R5 -> 0 | T5: =S5-U5 -> 0 | W5: =V5-X5 -> 0 | Z5: =Y5-AA5 -> 0 | AC5: =AB5-AD5 -> 0 | AF5: =AE5-AG5 -> 0 | AI5: =AH5-AJ5 -> 0 | AL5: =AK5-AM5 -> 0 | AO5: =AN5-AP5 -> 0 | AR5: =AQ5-AS5 -> 0 | AU5: =AT5-AV5 -> 0 | AX5: =AW5-AY5 -> 0 | BA5: FED COST
F6: Preliminary Eng. | H6: =G6-I6 -> 0 | K6: =J6-L6 -> 0 | N6: =M6-O6 -> 0 | Q6: =P6-R6 -> 0 | T6: =S6-U6 -> 0 | W6: =V6-X6 -> 0 | Z6: =Y6-AA6 -> 0 | AC6: =AB6-AD6 -> 0 | AF6: =AE6-AG6 -> 0 | AI6: =AH6-AJ6 -> 0 | AL6: =AK6-AM6 -> 0 | AO6: =AN6-AP6 -> 0 | AR6: =AQ6-AS6 -> 0 | AU6: =AT6-AV6 -> 0 | AX6: =AW6-AY6 -> 0 | BA6: =SUM(G5:G10,J5:J10,M5:M10,P5:P10,S5:S10,V5:V10,Y5:Y10,AB5:AB10,AE5:AE10) -> 679950
F7: Design | H7: =G7-I7 -> 0 | K7: =J7-L7 -> 0 | N7: =M7-O7 -> 0 | Q7: =P7-R7 -> 0 | T7: =S7-U7 -> 0 | W7: =V7-X7 -> 0 | Z7: =Y7-AA7 -> 0 | AC7: =AB7-AD7 -> 0 | AF7: =AE7-AG7 -> 0 | AI7: =AH7-AJ7 -> 0 | AL7: =AK7-AM7 -> 0 | AO7: =AN7-AP7 -> 0 | AR7: =AQ7-AS7 -> 0 | AU7: =AT7-AV7 -> 0 | AX7: =AW7-AY7 -> 0 | BA7: FED PGM
F8: Right of Way | H8: =G8-I8 -> 0 | K8: =J8-L8 -> 0 | N8: =M8-O8 -> 0 | Q8: =P8-R8 -> 0 | T8: =S8-U8 -> 0 | W8: =V8-X8 -> 0 | Z8: =Y8-AA8 -> 0 | AC8: =AB8-AD8 -> 0 | AF8: =AE8-AG8 -> 0 | AI8: =AH8-AJ8 -> 0 | AL8: =AK8-AM8 -> 0 | AO8: =AN8-AP8 -> 0 | AR8: =AQ8-AS8 -> 0 | AU8: =AT8-AV8 -> 0 | AX8: =AW8-AY8 -> 0 | BA8: =SUM(H5:H10,K5:K10,N5:N10,Q5:Q10,T5:T10,W5:W10,Z5:Z10,AC5:AC10,Z5:Z10,AF5:AF10) -> 550
F9: Utility Relocation | H9: =G9-I9 -> 0 | K9: =J9-L9 -> 0 | N9: =M9-O9 -> 0 | Q9: =P9-R9 -> 0 | T9: =S9-U9 -> 0 | W9: =V9-X9 -> 0 | Z9: =Y9-AA9 -> 0 | AC9: =AB9-AD9 -> 0 | AF9: =AE9-AG9 -> 0 | AI9: =AH9-AJ9 -> 0 | AL9: =AK9-AM9 -> 0 | AO9: =AN9-AP9 -> 0 | AR9: =AQ9-AS9 -> 0 | AU9: =AT9-AV9 -> 0 | AX9: =AW9-AY9 -> 0 | BA9: FED OBL
F10: Construction | H10: =G10-I10 -> 0 | K10: =J10-L10 -> 0 | M10: 679950 | N10: =M10-O10 -> 550 | O10: 679400 | Q10: =P10-R10 -> 0 | T10: =S10-U10 -> 0 | W10: =V10-X10 -> 0 | Z10: =Y10-AA10 -> 0 | AC10: =AB10-AD10 -> 0 | AF10: =AE10-AG10 -> 0 | AI10: =AH10-AJ10 -> 0 | AL10: =AK10-AM10 -> 0 | AO10: =AN10-AP10 -> 0 | AR10: =AQ10-AS10 -> 0 | AU10: =AT10-AV10 -> 0 | AX10: =AW10-AY10 -> 0 | BA10: =SUM(I5:I10,L5:L10,O5:O10,R5:R10,U5:U10,X5:X10,AA5:AA10,AD5:AD10,AG5:AG10) -> 679400
A11: SPONSOR | B11: PROJECT | C11: KIPDA ID | D11: STATE ID | E11: DESCRIPTION | F11: PHASE | G11: FEDERAL COST | H11: FEDERAL PGM | I11: FEDERAL OBL. | J11: FEDERAL COST | K11: FEDERAL PGM | L11: FEDERAL OBL. | M11: FEDERAL COST | N11: FEDERAL PGM | O11: FEDERAL OBL. | P11: FEDERAL COST | Q11: FEDERAL PGM | R11: FEDERAL OBL. | S11: FEDERAL COST | T11: FEDERAL PGM | U11: FEDERAL OBL. | V11: FEDERAL COST | W11: FEDERAL PGM | X11: FEDERAL OBL. | Y11: FEDERAL COST | Z11: FEDERAL PGM | AA11: FEDERAL OBL. | AB11: FEDERAL COST | AC11: FEDERAL PGM | AD11: FEDERAL OBL. | AE11: FEDERAL COST | AF11: FEDERAL PGM | AG11: FEDERAL OBL. | AH11: FEDERAL COST | AI11: FEDERAL PGM | AJ11: FEDERAL OBL. | AK11: FEDERAL COST | AL11: FEDERAL PGM | AM11: FEDERAL OBL. | AN11: FEDERAL COST | AO11: FEDERAL PGM | AP11: FEDERAL OBL. | AQ11: FEDERAL COST | AR11: FEDERAL PGM | AS11: FEDERAL OBL. | AT11: FEDERAL COST | AU11: FEDERAL PGM | AV11: FEDERAL OBL. | AW11: FEDERAL COST | AX11: FEDERAL PGM | AY11: FEDERAL OBL. | AZ11: FEDERAL COST | BA11: TOTALS
A12: Jeffersontown | B12: Olmsted Stone Arch Bridge Rehab Project | C12: 2212 | E12: Rehab Olmsted Stone Arch Bridge | F12: Planning | H12: =G12-I12 -> 0 | K12: =J12-L12 -> 0 | N12: =M12-O12 -> 0 | Q12: =P12-R12 -> 0 | T12: =S12-U12 -> 0 | W12: =V12-X12 -> 0 | Z12: =Y12-AA12 -> 0 | AC12: =AB12-AD12 -> 0 | AF12: =AE12-AG12 -> 0 | AI12: =AH12-AJ12 -> 0 | AL12: =AK12-AM12 -> 0 | AO12: =AN12-AP12 -> 0 | AR12: =AQ12-AS12 -> 0 | AU12: =AT12-AV12 -> 0 | AX12: =AW12-AY12 -> 0 | BA12: FED COST
F13: Preliminary Eng. | H13: =G13-I13 -> 0 | K13: =J13-L13 -> 0 | N13: =M13-O13 -> 0 | Q13: =P13-R13 -> 0 | T13: =S13-U13 -> 0 | W13: =V13-X13 -> 0 | Z13: =Y13-AA13 -> 0 | AC13: =AB13-AD13 -> 0 | AF13: =AE13-AG13 -> 0 | AI13: =AH13-AJ13 -> 0 | AL13: =AK13-AM13 -> 0 | AO13: =AN13-AP13 -> 0 | AR13: =AQ13-AS13 -> 0 | AU13: =AT13-AV13 -> 0 | AX13: =AW13-AY13 -> 0 | BA13: =SUM(G12:G17,J12:J17,M12:M17,P12:P17,S12:S17,V12:V17,Y12:Y17,AB12:AB17,AE12:AE17) -> 299978
F14: Design | H14: =G14-I14 -> 0 | K14: =J14-L14 -> 0 | N14: =M14-O14 -> 0 | Q14: =P14-R14 -> 0 | T14: =S14-U14 -> 0 | W14: =V14-X14 -> 0 | Z14: =Y14-AA14 -> 0 | AC14: =AB14-AD14 -> 0 | AF14: =AE14-AG14 -> 0 | AI14: =AH14-AJ14 -> 0 | AL14: =AK14-AM14 -> 0 | AO14: =AN14-AP14 -> 0 | AR14: =AQ14-AS14 -> 0 | AU14: =AT14-AV14 -> 0 | AX14: =AW14-AY14 -> 0 | BA14: FED PGM
F15: Right of Way | H15: =G15-I15 -> 0 | K15: =J15-L15 -> 0 | N15: =M15-O15 -> 0 | Q15: =P15-R15 -> 0 | T15: =S15-U15 -> 0 | W15: =V15-X15 -> 0 | Z15: =Y15-AA15 -> 0 | AC15: =AB15-AD15 -> 0 | AF15: =AE15-AG15 -> 0 | AI15: =AH15-AJ15 -> 0 | AL15: =AK15-AM15 -> 0 | AO15: =AN15-AP15 -> 0 | AR15: =AQ15-AS15 -> 0 | AU15: =AT15-AV15 -> 0 | AX15: =AW15-AY15 -> 0 | BA15: =SUM(H12:H17,K12:K17,N12:N17,Q12:Q17,T12:T17,W12:W17,Z12:Z17,AC12:AC17,Z12:Z17,AF12:AF17) -> 0
F16: Utility Relocation | H16: =G16-I16 -> 0 | K16: =J16-L16 -> 0 | N16: =M16-O16 -> 0 | Q16: =P16-R16 -> 0 | T16: =S16-U16 -> 0 | W16: =V16-X16 -> 0 | Z16: =Y16-AA16 -> 0 | AC16: =AB16-AD16 -> 0 | AF16: =AE16-AG16 -> 0 | AI16: =AH16-AJ16 -> 0 | AL16: =AK16-AM16 -> 0 | AO16: =AN16-AP16 -> 0 | AR16: =AQ16-AS16 -> 0 | AU16: =AT16-AV16 -> 0 | AX16: =AW16-AY16 -> 0 | BA16: FED OBL
F17: Construction | H17: =G17-I17 -> 0 | K17: =J17-L17 -> 0 | M17: 299978 | N17: =M17-O17 -> 0 | O17: 299978 | Q17: =P17-R17 -> 0 | T17: =S17-U17 -> 0 | W17: =V17-X17 -> 0 | Z17: =Y17-AA17 -> 0 | AC17: =AB17-AD17 -> 0 | AF17: =AE17-AG17 -> 0 | AI17: =AH17-AJ17 -> 0 | AL17: =AK17-AM17 -> 0 | AO17: =AN17-AP17 -> 0 | AR17: =AQ17-AS17 -> 0 | AU17: =AT17-AV17 -> 0 | AX17: =AW17-AY17 -> 0 | BA17: =SUM(I12:I17,L12:L17,O12:O17,R12:R17,U12:U17,X12:X17,AA12:AA17,AD12:AD17,AG12:AG17) -> 299978
A18: SPONSOR | B18: PROJECT | C18: KIPDA ID | D18: STATE ID | E18: DESCRIPTION | F18: PHASE | G18: FEDERAL COST | H18: FEDERAL PGM | I18: FEDERAL OBL. | J18: FEDERAL COST | K18: FEDERAL PGM | L18: FEDERAL OBL. | M18: FEDERAL COST | N18: FEDERAL PGM | O18: FEDERAL OBL. | P18: FEDERAL COST | Q18: FEDERAL PGM | R18: FEDERAL OBL. | S18: FEDERAL COST | T18: FEDERAL PGM | U18: FEDERAL OBL. | V18: FEDERAL COST | W18: FEDERAL PGM | X18: FEDERAL OBL. | Y18: FEDERAL COST | Z18: FEDERAL PGM | AA18: FEDERAL OBL. | AB18: FEDERAL COST | AC18: FEDERAL PGM | AD18: FEDERAL OBL. | AE18: FEDERAL COST | AF18: FEDERAL PGM | AG18: FEDERAL OBL. | AH18: FEDERAL COST | AI18: FEDERAL PGM | AJ18: FEDERAL OBL. | AK18: FEDERAL COST | AL18: FEDERAL PGM | AM18: FEDERAL OBL. | AN18: FEDERAL COST | AO18: FEDERAL PGM | AP18: FEDERAL OBL. | AQ18: FEDERAL COST | AR18: FEDERAL PGM | AS18: FEDERAL OBL. | AT18: FEDERAL COST | AU18: FEDERAL PGM | AV18: FEDERAL OBL. | AW18: FEDERAL COST | AX18: FEDERAL PGM | AY18: FEDERAL OBL. | AZ18: FEDERAL COST | BA18: TOTALS
A19: Jeffersontown | B19: Patti Lane Sidewalk Safety Improvement | C19: 2385 | D19: 5-3219.00 | E19: Construct safety and access improvements to Patti Lane. Construct sidewalks along both sides of Patti Lane from Taylorsville Road to Glenawyn Circle and "sharrow" bicycle markings that will designate this corridor as a bike route. The project will also construct new curb and gutter and associated drainage improvements to accommodate the sidewalks and the new access management design. The project also includes adding street lights and reconfiguring all the existing curb cuts and create managable commercial entrances for each business. | F19: Planning | H19: =G19-I19 -> 0 | K19: =J19-L19 -> 0 | N19: =M19-O19 -> 0 | Q19: =P19-R19 -> 0 | T19: =S19-U19 -> 0 | W19: =V19-X19 -> 0 | Z19: =Y19-AA19 -> 0 | AC19: =AB19-AD19 -> 0 | AF19: =AE19-AG19 -> 0 | AI19: =AH19-AJ19 -> 0 | AL19: =AK19-AM19 -> 0 | AO19: =AN19-AP19 -> 0 | AR19: =AQ19-AS19 -> 0 | AU19: =AT19-AV19 -> 0 | AX19: =AW19-AY19 -> 0 | BA19: FED COST
F20: Preliminary Eng. | H20: =G20-I20 -> 0 | K20: =J20-L20 -> 0 | N20: =M20-O20 -> 0 | Q20: =P20-R20 -> 0 | T20: =S20-U20 -> 0 | W20: =V20-X20 -> 0 | Z20: =Y20-AA20 -> 0 | AC20: =AB20-AD20 -> 0 | AF20: =AE20-AG20 -> 0 | AI20: =AH20-AJ20 -> 0 | AL20: =AK20-AM20 -> 0 | AO20: =AN20-AP20 -> 0 | AR20: =AQ20-AS20 -> 0 | AU20: =AT20-AV20 -> 0 | AX20: =AW20-AY20 -> 0 | BA20: =SUM(G19:G24,J19:J24,M19:M24,P19:P24,S19:S24,V19:V24,Y19:Y24,AB19:AB24,AE19:AE24,AH19:AH24,AQ19:AQ24,AZ19:AZ24,AK19:AK24,AN19:AN24) -> 744344
F21: Design | H21: =G21-I21 -> 0 | K21: =J21-L21 -> 0 | N21: =M21-O21 -> 0 | Q21: =P21-R21 -> 0 | T21: =S21-U21 -> 0 | W21: =V21-X21 -> 0 | Z21: =Y21-AA21 -> 0 | AC21: =AB21-AD21 -> 0 | AF21: =AE21-AG21 -> 0 | AI21: =AH21-AJ21 -> 0 | AL21: =AK21-AM21 -> 0 | AO21: =AN21-AP21 -> 0 | AR21: =AQ21-AS21 -> 0 | AU21: =AT21-AV21 -> 0 | AX21: =AW21-AY21 -> 0 | BA21: FED PGM
F22: Right of Way | H22: =G22-I22 -> 0 | K22: =J22-L22 -> 0 | N22: =M22-O22 -> 0 | Q22: =P22-R22 -> 0 | T22: =S22-U22 -> 0 | W22: =V22-X22 -> 0 | Z22: =Y22-AA22 -> 0 | AC22: =AB22-AD22 -> 0 | AF22: =AE22-AG22 -> 0 | AI22: =AH22-AJ22 -> 0 | AL22: =AK22-AM22 -> 0 | AO22: =AN22-AP22 -> 0 | AR22: =AQ22-AS22 -> 0 | AU22: =AT22-AV22 -> 0 | AX22: =AW22-AY22 -> 0 | BA22: =SUM(H19:H24,K19:K24,N19:N24,Q19:Q24,T19:T24,W19:W24,Z19:Z24,AC19:AC24,Z19:Z24,AF19:AF24,AI19:AI24,AR19:AR24,AL19:AL24,AO19:AO24) -> 0
F23: Utility Relocation | H23: =G23-I23 -> 0 | K23: =J23-L23 -> 0 | N23: =M23-O23 -> 0 | Q23: =P23-R23 -> 0 | T23: =S23-U23 -> 0 | W23: =V23-X23 -> 0 | Z23: =Y23-AA23 -> 0 | AC23: =AB23-AD23 -> 0 | AF23: =AE23-AG23 -> 0 | AI23: =AH23-AJ23 -> 0 | AL23: =AK23-AM23 -> 0 | AO23: =AN23-AP23 -> 0 | AR23: =AQ23-AS23 -> 0 | AU23: =AT23-AV23 -> 0 | AX23: =AW23-AY23 -> 0 | BA23: FED OBL
F24: Construction | H24: =G24-I24 -> 0 | K24: =J24-L24 -> 0 | N24: =M24-O24 -> 0 | Q24: =P24-R24 -> 0 | T24: =S24-U24 -> 0 | W24: =V24-X24 -> 0 | Y24: 744344 | Z24: =Y24-AA24 -> 0 | AA24: 744344 | AC24: =AB24-AD24 -> 0 | AF24: =AE24-AG24 -> 0 | AI24: =AH24-AJ24 -> 0 | AL24: =AK24-AM24 -> 0 | AO24: =AN24-AP24 -> 0 | AR24: =AQ24-AS24 -> 0 | AU24: =AT24-AV24 -> 0 | AX24: =AW24-AY24 -> 0 | BA24: =SUM(I19:I24,L19:L24,O19:O24,R19:R24,U19:U24,X19:X24,AA19:AA24,AD19:AD24,AG19:AG24,AJ19:AJ24,AM19:AM24,AP19:AP24,AS19:AS24) -> 744344
A25: SPONSOR | B25: PROJECT | C25: KIPDA ID | D25: STATE ID | E25: DESCRIPTION | F25: PHASE | G25: FEDERAL COST | H25: FEDERAL PGM | I25: FEDERAL OBL. | J25: FEDERAL COST | K25: FEDERAL PGM | L25: FEDERAL OBL. | M25: FEDERAL COST | N25: FEDERAL PGM | O25: FEDERAL OBL. | P25: FEDERAL COST | Q25: FEDERAL PGM | R25: FEDERAL OBL. | S25: FEDERAL COST | T25: FEDERAL PGM | U25: FEDERAL OBL. | V25: FEDERAL COST | W25: FEDERAL PGM | X25: FEDERAL OBL. | Y25: FEDERAL COST | Z25: FEDERAL PGM | AA25: FEDERAL OBL. | AB25: FEDERAL COST | AC25: FEDERAL PGM | AD25: FEDERAL OBL. | AE25: FEDERAL COST | AF25: FEDERAL PGM | AG25: FEDERAL OBL. | AH25: FEDERAL COST | AI25: FEDERAL PGM | AJ25: FEDERAL OBL. | AK25: FEDERAL COST | AL25: FEDERAL PGM | AM25: FEDERAL OBL. | AN25: FEDERAL COST | AO25: FEDERAL PGM | AP25: FEDERAL OBL. | AQ25: FEDERAL COST | AR25: FEDERAL PGM | AS25: FEDERAL OBL. | AT25: FEDERAL COST | AU25: FEDERAL PGM | AV25: FEDERAL OBL. | AW25: FEDERAL COST | AX25: FEDERAL PGM | AY25: FEDERAL OBL. | AZ25: FEDERAL COST | BA25: TOTALS
A26: Louisville Metro | B26: Medora Jefferson Memorial Forest (JMF) - Louisville Loop Shared Use Path | C26: 2092 | D26: 5-524.00 | E26: Design and construct shared use path and Louisville Loop trailhead facilities through Jefferson Memorial Forest from Pendleton Road at Medora Road to the beginning of Jefferson Memorial Forest property on Blevins Gap Road, approximately 1.3 miles | F26: Planning | H26: =G26-I26 -> 0 | K26: =J26-L26 -> 0 | N26: =M26-O26 -> 0 | Q26: =P26-R26 -> 0 | T26: =S26-U26 -> 0 | W26: =V26-X26 -> 0 | Z26: =Y26-AA26 -> 0 | AC26: =AB26-AD26 -> 0 | AF26: =AE26-AG26 -> 0 | AI26: =AH26-AJ26 -> 0 | AL26: =AK26-AM26 -> 0 | AO26: =AN26-AP26 -> 0 | AR26: =AQ26-AS26 -> 0 | AU26: =AT26-AV26 -> 0 | AX26: =AW26-AY26 -> 0 | BA26: FED COST
F27: Preliminary Eng. | H27: =G27-I27 -> 0 | K27: =J27-L27 -> 0 | N27: =M27-O27 -> 0 | Q27: =P27-R27 -> 0 | T27: =S27-U27 -> 0 | W27: =V27-X27 -> 0 | Z27: =Y27-AA27 -> 0 | AC27: =AB27-AD27 -> 0 | AF27: =AE27-AG27 -> 0 | AI27: =AH27-AJ27 -> 0 | AL27: =AK27-AM27 -> 0 | AO27: =AN27-AP27 -> 0 | AR27: =AQ27-AS27 -> 0 | AU27: =AT27-AV27 -> 0 | AX27: =AW27-AY27 -> 0 | BA27: =SUM(G26:G31,J26:J31,M26:M31,P26:P31,S26:S31,V26:V31,Y26:Y31,AB26:AB31,AE26:AE31,AH26:AH31,AQ26:AQ31,AZ26:AZ31,AK26:AK31,AN26:AN31) -> 4605000
F28: Design | H28: =G28-I28 -> 0 | K28: =J28-L28 -> 0 | N28: =M28-O28 -> 0 | Q28: =P28-R28 -> 0 | T28: =S28-U28 -> 0 | W28: =V28-X28 -> 0 | Z28: =Y28-AA28 -> 0 | AC28: =AB28-AD28 -> 0 | AF28: =AE28-AG28 -> 0 | AI28: =AH28-AJ28 -> 0 | AL28: =AK28-AM28 -> 0 | AO28: =AN28-AP28 -> 0 | AR28: =AQ28-AS28 -> 0 | AU28: =AT28-AV28 -> 0 | AX28: =AW28-AY28 -> 0 | BA28: FED PGM
F29: Right of Way | H29: =G29-I29 -> 0 | K29: =J29-L29 -> 0 | M29: 300000 | N29: =M29-O29 -> 0 | O29: 300000 | Q29: =P29-R29 -> 0 | T29: =S29-U29 -> 0 | W29: =V29-X29 -> 0 | Z29: =Y29-AA29 -> 0 | AC29: =AB29-AD29 -> 0 | AF29: =AE29-AG29 -> 0 | AI29: =AH29-AJ29 -> 0 | AL29: =AK29-AM29 -> 0 | AO29: =AN29-AP29 -> 0 | AR29: =AQ29-AS29 -> 0 | AU29: =AT29-AV29 -> 0 | AX29: =AW29-AY29 -> 0 | BA29: =SUM(H26:H31,K26:K31,N26:N31,Q26:Q31,T26:T31,W26:W31,Z26:Z31,AC26:AC31,Z26:Z31,AF26:AF31,AI26:AI31,AR26:AR31,AL26:AL31,AO26:AO31) -> 4305000
F30: Utility Relocation | H30: =G30-I30 -> 0 | K30: =J30-L30 -> 0 | N30: =M30-O30 -> 0 | Q30: =P30-R30 -> 0 | T30: =S30-U30 -> 0 | W30: =V30-X30 -> 0 | Z30: =Y30-AA30 -> 0 | AC30: =AB30-AD30 -> 0 | AF30: =AE30-AG30 -> 0 | AI30: =AH30-AJ30 -> 0 | AL30: =AK30-AM30 -> 0 | AO30: =AN30-AP30 -> 0 | AR30: =AQ30-AS30 -> 0 | AU30: =AT30-AV30 -> 0 | AX30: =AW30-AY30 -> 0 | BA30: FED OBL
F31: Construction | H31: =G31-I31 -> 0 | K31: =J31-L31 -> 0 | N31: =M31-O31 -> 0 | Q31: =P31-R31 -> 0 | T31: =S31-U31 -> 0 | W31: =V31-X31 -> 0 | Z31: =Y31-AA31 -> 0 | AC31: =AB31-AD31 -> 0 | AF31: =AE31-AG31 -> 0 | AI31: =AH31-AJ31 -> 0 | AK31: 4305000 | AL31: =AK31-AM31 -> 4305000 | AO31: =AN31-AP31 -> 0 | AR31: =AQ31-AS31 -> 0 | AU31: =AT31-AV31 -> 0 | AX31: =AW31-AY31 -> 0 | BA31: =SUM(I26:I31,L26:L31,O26:O31,R26:R31,U26:U31,X26:X31,AA26:AA31,AD26:AD31,AG26:AG31,AJ26:AJ31,AS26:AS31,AM26:AM31,AP26:AP31) -> 300000
A32: SPONSOR | B32: PROJECT | C32: KIPDA ID | D32: STATE ID | E32: DESCRIPTION | F32: PHASE | G32: FEDERAL COST | H32: FEDERAL PGM | I32: FEDERAL OBL. | J32: FEDERAL COST | K32: FEDERAL PGM | L32: FEDERAL OBL. | M32: FEDERAL COST | N32: FEDERAL PGM | O32: FEDERAL OBL. | P32: FEDERAL COST | Q32: FEDERAL PGM | R32: FEDERAL OBL. | S32: FEDERAL COST | T32: FEDERAL PGM | U32: FEDERAL OBL. | V32: FEDERAL COST | W32: FEDERAL PGM | X32: FEDERAL OBL. | Y32: FEDERAL COST | Z32: FEDERAL PGM | AA32: FEDERAL OBL. | AB32: FEDERAL COST | AC32: FEDERAL PGM | AD32: FEDERAL OBL. | AE32: FEDERAL COST | AF32: FEDERAL PGM | AG32: FEDERAL OBL. | AH32: FEDERAL COST | AI32: FEDERAL PGM | AJ32: FEDERAL OBL. | AK32: FEDERAL COST | AL32: FEDERAL PGM | AM32: FEDERAL OBL. | AN32: FEDERAL COST | AO32: FEDERAL PGM | AP32: FEDERAL OBL. | AQ32: FEDERAL COST | AR32: FEDERAL PGM | AS32: FEDERAL OBL. | AT32: FEDERAL COST | AU32: FEDERAL PGM | AV32: FEDERAL OBL. | AW32: FEDERAL COST | AX32: FEDERAL PGM | AY32: FEDERAL OBL. | AZ32: FEDERAL COST | BA32: TOTALS
A33: Louisville Metro | B33: Bernheim Lane Sidewalk and Road Reconfiguration | C33: 2895 | D33: 05-03002.00 | E33: Construct a continuous 5-foot sidewalk on the north/east side of Berheim Lane from Dixie Highway to Algonquin Parkway. This project will add approximately 1,150 linear feet of sidewalk. Also reconfigure the roadway from a four-lane highway to two through lanes and a center, two-way left-turn lane. | F33: Planning | H33: =G33-I33 -> 0 | K33: =J33-L33 -> 0 | N33: =M33-O33 -> 0 | Q33: =P33-R33 -> 0 | T33: =S33-U33 -> 0 | W33: =V33-X33 -> 0 | Z33: =Y33-AA33 -> 0 | AC33: =AB33-AD33 -> 0 | AF33: =AE33-AG33 -> 0 | AI33: =AH33-AJ33 -> 0 | AL33: =AK33-AM33 -> 0 | AO33: =AN33-AP33 -> 0 | AR33: =AQ33-AS33 -> 0 | AU33: =AT33-AV33 -> 0 | AX33: =AW33-AY33 -> 0 | BA33: FED COST
F34: Preliminary Eng. | H34: =G34-I34 -> 0 | K34: =J34-L34 -> 0 | N34: =M34-O34 -> 0 | Q34: =P34-R34 -> 0 | T34: =S34-U34 -> 0 | W34: =V34-X34 -> 0 | Z34: =Y34-AA34 -> 0 | AC34: =AB34-AD34 -> 0 | AF34: =AE34-AG34 -> 0 | AI34: =AH34-AJ34 -> 0 | AL34: =AK34-AM34 -> 0 | AO34: =AN34-AP34 -> 0 | AR34: =AQ34-AS34 -> 0 | AU34: =AT34-AV34 -> 0 | AX34: =AW34-AY34 -> 0 | BA34: =SUM(G33:G38,J33:J38,M33:M38,P33:P38,S33:S38,V33:V38,Y33:Y38,AB33:AB38,AE33:AE38,AH33:AH38,AQ33:AQ38,AZ33:AZ38,AK33:AK38,AN33:AN38) -> 756000
F35: Design | H35: =G35-I35 -> 0 | K35: =J35-L35 -> 0 | N35: =M35-O35 -> 0 | Q35: =P35-R35 -> 0 | S35: 68000 | T35: =S35-U35 -> 0 | U35: 68000 | W35: =V35-X35 -> 0 | Z35: =Y35-AA35 -> 0 | AC35: =AB35-AD35 -> 0 | AF35: =AE35-AG35 -> 0 | AI35: =AH35-AJ35 -> 0 | AL35: =AK35-AM35 -> 0 | AO35: =AN35-AP35 -> 0 | AR35: =AQ35-AS35 -> 0 | AU35: =AT35-AV35 -> 0 | AX35: =AW35-AY35 -> 0 | BA35: FED PGM
F36: Right of Way | H36: =G36-I36 -> 0 | K36: =J36-L36 -> 0 | N36: =M36-O36 -> 0 | Q36: =P36-R36 -> 0 | T36: =S36-U36 -> 0 | W36: =V36-X36 -> 0 | Z36: =Y36-AA36 -> 0 | AC36: =AB36-AD36 -> 0 | AF36: =AE36-AG36 -> 0 | AI36: =AH36-AJ36 -> 0 | AL36: =AK36-AM36 -> 0 | AO36: =AN36-AP36 -> 0 | AR36: =AQ36-AS36 -> 0 | AU36: =AT36-AV36 -> 0 | AX36: =AW36-AY36 -> 0 | BA36: =SUM(H33:H38,K33:K38,N33:N38,Q33:Q38,T33:T38,W33:W38,Z33:Z38,AC33:AC38,Z33:Z38,AF33:AF38,AI33:AI38,AR33:AR38,AL33:AL38,AO33:AO38) -> 0
F37: Utility Relocation | H37: =G37-I37 -> 0 | K37: =J37-L37 -> 0 | N37: =M37-O37 -> 0 | Q37: =P37-R37 -> 0 | T37: =S37-U37 -> 0 | W37: =V37-X37 -> 0 | Z37: =Y37-AA37 -> 0 | AC37: =AB37-AD37 -> 0 | AF37: =AE37-AG37 -> 0 | AI37: =AH37-AJ37 -> 0 | AL37: =AK37-AM37 -> 0 | AO37: =AN37-AP37 -> 0 | AR37: =AQ37-AS37 -> 0 | AU37: =AT37-AV37 -> 0 | AX37: =AW37-AY37 -> 0 | BA37: FED OBL
F38: Construction | H38: =G38-I38 -> 0 | K38: =J38-L38 -> 0 | N38: =M38-O38 -> 0 | Q38: =P38-R38 -> 0 | T38: =S38-U38 -> 0 | W38: =V38-X38 -> 0 | Z38: =Y38-AA38 -> 0 | AC38: =AB38-AD38 -> 0 | AE38: 688000 | AF38: =AE38-AG38 -> 0 | AG38: 688000 | AI38: =AH38-AJ38 -> 0 | AL38: =AK38-AM38 -> 0 | AO38: =AN38-AP38 -> 0 | AR38: =AQ38-AS38 -> 0 | AU38: =AT38-AV38 -> 0 | AX38: =AW38-AY38 -> 0 | BA38: =SUM(I33:I38,L33:L38,O33:O38,R33:R38,U33:U38,X33:X38,AA33:AA38,AD33:AD38,AG33:AG38,AJ33:AJ38,AS33:AS38,AM33:AM38,AP33:AP38) -> 756000
A39: SPONSOR | B39: PROJECT | C39: KIPDA ID | D39: STATE ID | E39: DESCRIPTION | F39: PHASE | G39: FEDERAL COST | H39: FEDERAL PGM | I39: FEDERAL OBL. | J39: FEDERAL COST | K39: FEDERAL PGM | L39: FEDERAL OBL. | M39: FEDERAL COST | N39: FEDERAL PGM | O39: FEDERAL OBL. | P39: FEDERAL COST | Q39: FEDERAL PGM | R39: FEDERAL OBL. | S39: FEDERAL COST | T39: FEDERAL PGM | U39: FEDERAL OBL. | V39: FEDERAL COST | W39: FEDERAL PGM | X39: FEDERAL OBL. | Y39: FEDERAL COST | Z39: FEDERAL PGM | AA39: FEDERAL OBL. | AB39: FEDERAL COST | AC39: FEDERAL PGM | AD39: FEDERAL OBL. | AE39: FEDERAL COST | AF39: FEDERAL PGM | AG39: FEDERAL OBL. | AH39: FEDERAL COST | AI39: FEDERAL PGM | AJ39: FEDERAL OBL. | AK39: FEDERAL COST | AL39: FEDERAL PGM | AM39: FEDERAL OBL. | AN39: FEDERAL COST | AO39: FEDERAL PGM | AP39: FEDERAL OBL. | AQ39: FEDERAL COST | AR39: FEDERAL PGM | AS39: FEDERAL OBL. | AT39: FEDERAL COST | AU39: FEDERAL PGM | AV39: FEDERAL OBL. | AW39: FEDERAL COST | AX39: FEDERAL PGM | AY39: FEDERAL OBL. | AZ39: FEDERAL COST | BA39: TOTALS
A40: Louisville Metro | B40: Blanton Lane Sidewalk | C40: 2920 | D40: 05-03004.00 | E40: Construct a continuous 6-foot sidewalk on the north side of Blanton Lane from Dixie Highway to St. Andrews Church Road. This project will add approximately 5,100 linear feet of sidewalk; one 190-foot segment will be constructed with curb and gutter and will include a retaining wall. | F40: Planning | H40: =G40-I40 -> 0 | K40: =J40-L40 -> 0 | N40: =M40-O40 -> 0 | Q40: =P40-R40 -> 0 | T40: =S40-U40 -> 0 | W40: =V40-X40 -> 0 | Z40: =Y40-AA40 -> 0 | AC40: =AB40-AD40 -> 0 | AF40: =AE40-AG40 -> 0 | AI40: =AH40-AJ40 -> 0 | AL40: =AK40-AM40 -> 0 | AO40: =AN40-AP40 -> 0 | AR40: =AQ40-AS40 -> 0 | AU40: =AT40-AV40 -> 0 | AX40: =AW40-AY40 -> 0 | BA40: FED COST
F41: Preliminary Eng. | H41: =G41-I41 -> 0 | K41: =J41-L41 -> 0 | N41: =M41-O41 -> 0 | Q41: =P41-R41 -> 0 | T41: =S41-U41 -> 0 | W41: =V41-X41 -> 0 | Z41: =Y41-AA41 -> 0 | AC41: =AB41-AD41 -> 0 | AF41: =AE41-AG41 -> 0 | AI41: =AH41-AJ41 -> 0 | AL41: =AK41-AM41 -> 0 | AO41: =AN41-AP41 -> 0 | AR41: =AQ41-AS41 -> 0 | AU41: =AT41-AV41 -> 0 | AX41: =AW41-AY41 -> 0 | BA41: =SUM(G40:G45,J40:J45,M40:M45,P40:P45,S40:S45,V40:V45,Y40:Y45,AB40:AB45,AE40:AE45,AH40:AH45,AQ40:AQ45,AZ40:AZ45,AK40:AK45,AN40:AN45) -> 1832080
F42: Design | H42: =G42-I42 -> 0 | K42: =J42-L42 -> 0 | N42: =M42-O42 -> 0 | Q42: =P42-R42 -> 0 | S42: 166000 | T42: =S42-U42 -> 0 | U42: 166000 | W42: =V42-X42 -> 0 | Z42: =Y42-AA42 -> 0 | AC42: =AB42-AD42 -> 0 | AF42: =AE42-AG42 -> 0 | AI42: =AH42-AJ42 -> 0 | AL42: =AK42-AM42 -> 0 | AO42: =AN42-AP42 -> 0 | AR42: =AQ42-AS42 -> 0 | AU42: =AT42-AV42 -> 0 | AX42: =AW42-AY42 -> 0 | BA42: FED PGM
F43: Right of Way | H43: =G43-I43 -> 0 | K43: =J43-L43 -> 0 | N43: =M43-O43 -> 0 | Q43: =P43-R43 -> 0 | T43: =S43-U43 -> 0 | W43: =V43-X43 -> 0 | Z43: =Y43-AA43 -> 0 | AC43: =AB43-AD43 -> 0 | AE43: 506880 | AF43: =AE43-AG43 -> 0 | AG43: 506880 | AI43: =AH43-AJ43 -> 0 | AL43: =AK43-AM43 -> 0 | AO43: =AN43-AP43 -> 0 | AR43: =AQ43-AS43 -> 0 | AU43: =AT43-AV43 -> 0 | AX43: =AW43-AY43 -> 0 | BA43: =SUM(H40:H45,K40:K45,N40:N45,Q40:Q45,T40:T45,W40:W45,Z40:Z45,AC40:AC45,Z40:Z45,AF40:AF45,AI40:AI45,AR40:AR45,AL40:AL45,AO40:AO45) -> 1159200
F44: Utility Relocation | H44: =G44-I44 -> 0 | K44: =J44-L44 -> 0 | N44: =M44-O44 -> 0 | Q44: =P44-R44 -> 0 | T44: =S44-U44 -> 0 | W44: =V44-X44 -> 0 | Z44: =Y44-AA44 -> 0 | AC44: =AB44-AD44 -> 0 | AF44: =AE44-AG44 -> 0 | AI44: =AH44-AJ44 -> 0 | AL44: =AK44-AM44 -> 0 | AO44: =AN44-AP44 -> 0 | AR44: =AQ44-AS44 -> 0 | AU44: =AT44-AV44 -> 0 | AX44: =AW44-AY44 -> 0 | BA44: FED OBL
F45: Construction | H45: =G45-I45 -> 0 | K45: =J45-L45 -> 0 | N45: =M45-O45 -> 0 | Q45: =P45-R45 -> 0 | T45: =S45-U45 -> 0 | W45: =V45-X45 -> 0 | Z45: =Y45-AA45 -> 0 | AC45: =AB45-AD45 -> 0 | AF45: =AE45-AG45 -> 0 | AI45: =AH45-AJ45 -> 0 | AL45: =AK45-AM45 -> 0 | AN45: 1159200 | AO45: =AN45-AP45 -> 1159200 | AR45: =AQ45-AS45 -> 0 | AU45: =AT45-AV45 -> 0 | AX45: =AW45-AY45 -> 0 | BA45: =SUM(I40:I45,L40:L45,O40:O45,R40:R45,U40:U45,X40:X45,AA40:AA45,AD40:AD45,AG40:AG45,AJ40:AJ45,AS40:AS45,AM40:AM45,AP40:AP45) -> 672880
A46: SPONSOR | B46: PROJECT | C46: KIPDA ID | D46: STATE ID | E46: DESCRIPTION | F46: PHASE | G46: FEDERAL COST | H46: FEDERAL PGM | I46: FEDERAL OBL. | J46: FEDERAL COST | K46: FEDERAL PGM | L46: FEDERAL OBL. | M46: FEDERAL COST | N46: FEDERAL PGM | O46: FEDERAL OBL. | P46: FEDERAL COST | Q46: FEDERAL PGM | R46: FEDERAL OBL. | S46: FEDERAL COST | T46: FEDERAL PGM | U46: FEDERAL OBL. | V46: FEDERAL COST | W46: FEDERAL PGM | X46: FEDERAL OBL. | Y46: FEDERAL COST | Z46: FEDERAL PGM | AA46: FEDERAL OBL. | AB46: FEDERAL COST | AC46: FEDERAL PGM | AD46: FEDERAL OBL. | AE46: FEDERAL COST | AF46: FEDERAL PGM | AG46: FEDERAL OBL. | AH46: FEDERAL COST | AI46: FEDERAL PGM | AJ46: FEDERAL OBL. | AK46: FEDERAL COST | AL46: FEDERAL PGM | AM46: FEDERAL OBL. | AN46: FEDERAL COST | AO46: FEDERAL PGM | AP46: FEDERAL OBL. | AQ46: FEDERAL COST | AR46: FEDERAL PGM | AS46: FEDERAL OBL. | AT46: FEDERAL COST | AU46: FEDERAL PGM | AV46: FEDERAL OBL. | AW46: FEDERAL COST | AX46: FEDERAL PGM | AY46: FEDERAL OBL. | AZ46: FEDERAL COST | BA46: TOTALS
A47: Louisville Metro | B47: Crums Lane Sidewalk Phase 1 | C47: 2896 | D47: 05-03011.00 | E47: Construct a continuous 6-foot sidewalk where none currently exists and rehabilitate existing sections of sidewalk on the north side of Crums Lane from Cheviot Drive to Janell Road. Construct a crosswalk over Crums Lane at Janell Road, then construct and/or rehabilitate a continuous 6-foot sidewalk from Janell Road to Dixie Highway on the south side. This project will add and/or rehabilitate approximately 3,785 linear feet of sidewalk. | F47: Planning | H47: =G47-I47 -> 0 | K47: =J47-L47 -> 0 | N47: =M47-O47 -> 0 | Q47: =P47-R47 -> 0 | T47: =S47-U47 -> 0 | W47: =V47-X47 -> 0 | Z47: =Y47-AA47 -> 0 | AC47: =AB47-AD47 -> 0 | AF47: =AE47-AG47 -> 0 | AI47: =AH47-AJ47 -> 0 | AL47: =AK47-AM47 -> 0 | AO47: =AN47-AP47 -> 0 | AR47: =AQ47-AS47 -> 0 | AU47: =AT47-AV47 -> 0 | AX47: =AW47-AY47 -> 0 | BA47: FED COST
F48: Preliminary Eng. | H48: =G48-I48 -> 0 | K48: =J48-L48 -> 0 | N48: =M48-O48 -> 0 | Q48: =P48-R48 -> 0 | T48: =S48-U48 -> 0 | W48: =V48-X48 -> 0 | Z48: =Y48-AA48 -> 0 | AC48: =AB48-AD48 -> 0 | AF48: =AE48-AG48 -> 0 | AI48: =AH48-AJ48 -> 0 | AL48: =AK48-AM48 -> 0 | AO48: =AN48-AP48 -> 0 | AR48: =AQ48-AS48 -> 0 | AU48: =AT48-AV48 -> 0 | AX48: =AW48-AY48 -> 0 | BA48: =SUM(G47:G52,J47:J52,M47:M52,P47:P52,S47:S52,V47:V52,Y47:Y52,AB47:AB52,AE47:AE52,AH47:AH52,AQ47:AQ52,AZ47:AZ52,AK47:AK52,AN47:AN52) -> 1051098
F49: Design | H49: =G49-I49 -> 0 | K49: =J49-L49 -> 0 | N49: =M49-O49 -> 0 | Q49: =P49-R49 -> 0 | S49: 102000 | T49: =S49-U49 -> 0 | U49: 102000 | W49: =V49-X49 -> 0 | Z49: =Y49-AA49 -> 0 | AC49: =AB49-AD49 -> 0 | AF49: =AE49-AG49 -> 0 | AI49: =AH49-AJ49 -> 0 | AL49: =AK49-AM49 -> 0 | AO49: =AN49-AP49 -> 0 | AR49: =AQ49-AS49 -> 0 | AU49: =AT49-AV49 -> 0 | AX49: =AW49-AY49 -> 0 | BA49: FED PGM
F50: Right of Way | H50: =G50-I50 -> 0 | K50: =J50-L50 -> 0 | N50: =M50-O50 -> 0 | Q50: =P50-R50 -> 0 | T50: =S50-U50 -> 0 | W50: =V50-X50 -> 0 | Z50: =Y50-AA50 -> 0 | AE50: 352978 | AF50: =AE50-AG50 -> 0 | AG50: 352978 | AI50: =AH50-AJ50 -> 0 | AL50: =AK50-AM50 -> 0 | AO50: =AN50-AP50 -> 0 | AR50: =AQ50-AS50 -> 0 | AU50: =AT50-AV50 -> 0 | AX50: =AW50-AY50 -> 0 | BA50: =SUM(H47:H52,K47:K52,N47:N52,Q47:Q52,T47:T52,W47:W52,Z47:Z52,AC47:AC52,Z47:Z52,AF47:AF52,AI47:AI52,AR47:AR52,AL47:AL52,AO47:AO52) -> 596120
F51: Utility Relocation | H51: =G51-I51 -> 0 | K51: =J51-L51 -> 0 | N51: =M51-O51 -> 0 | Q51: =P51-R51 -> 0 | T51: =S51-U51 -> 0 | W51: =V51-X51 -> 0 | Z51: =Y51-AA51 -> 0 | AC51: =AB51-AD51 -> 0 | AF51: =AE51-AG51 -> 0 | AI51: =AH51-AJ51 -> 0 | AL51: =AK51-AM51 -> 0 | AO51: =AN51-AP51 -> 0 | AR51: =AQ51-AS51 -> 0 | AU51: =AT51-AV51 -> 0 | AX51: =AW51-AY51 -> 0 | BA51: FED OBL
F52: Construction | H52: =G52-I52 -> 0 | K52: =J52-L52 -> 0 | N52: =M52-O52 -> 0 | Q52: =P52-R52 -> 0 | T52: =S52-U52 -> 0 | W52: =V52-X52 -> 0 | Z52: =Y52-AA52 -> 0 | AC52: =AB52-AD52 -> 0 | AF52: =AE52-AG52 -> 0 | AI52: =AH52-AJ52 -> 0 | AL52: =AK52-AM52 -> 0 | AN52: 596120 | AO52: =AN52-AP52 -> 596120 | AR52: =AQ52-AS52 -> 0 | AU52: =AT52-AV52 -> 0 | AX52: =AW52-AY52 -> 0 | BA52: =SUM(I47:I52,L47:L52,O47:O52,R47:R52,U47:U52,X47:X52,AA47:AA52,AD47:AD52,AG47:AG52,AJ47:AJ52,AS47:AS52,AM47:AM52,AP47:AP52) -> 454978
A53: SPONSOR | B53: PROJECT | C53: KIPDA ID | D53: STATE ID | E53: DESCRIPTION | F53: PHASE | G53: FEDERAL COST | H53: FEDERAL PGM | I53: FEDERAL OBL. | J53: FEDERAL COST | K53: FEDERAL PGM | L53: FEDERAL OBL. | M53: FEDERAL COST | N53: FEDERAL PGM | O53: FEDERAL OBL. | P53: FEDERAL COST | Q53: FEDERAL PGM | R53: FEDERAL OBL. | S53: FEDERAL COST | T53: FEDERAL PGM | U53: FEDERAL OBL. | V53: FEDERAL COST | W53: FEDERAL PGM | X53: FEDERAL OBL. | Y53: FEDERAL COST | Z53: FEDERAL PGM | AA53: FEDERAL OBL. | AB53: FEDERAL COST | AC53: FEDERAL PGM | AD53: FEDERAL OBL. | AE53: FEDERAL COST | AF53: FEDERAL PGM | AG53: FEDERAL OBL. | AH53: FEDERAL COST | AI53: FEDERAL PGM | AJ53: FEDERAL OBL. | AK53: FEDERAL COST | AL53: FEDERAL PGM | AM53: FEDERAL OBL. | AN53: FEDERAL COST | AO53: FEDERAL PGM | AP53: FEDERAL OBL. | AQ53: FEDERAL COST | AR53: FEDERAL PGM | AS53: FEDERAL OBL. | AT53: FEDERAL COST | AU53: FEDERAL PGM | AV53: FEDERAL OBL. | AW53: FEDERAL COST | AX53: FEDERAL PGM | AY53: FEDERAL OBL. | AZ53: FEDERAL COST | BA53: TOTALS
A54: Louisville Metro | B54: Gagel Avenue Sidewalk | C54: 2921 | D54: 05-03040.00 | E54: Construct a continuous 6-foot sidewalk on the north side of Gagel Avenue from Dixie Highway to London Drive, including a crossing at the P&L Railroad and an extension of the box culvert on the east side of the railroad tracks. Construct a crosswalk over Gagel Avenue at London Drive, then construct a continuous 6-foot sidewalk from London Drive to Manslick Road on the south side. This project will add approximately 6,235 linear feet of sidewalk. | F54: Planning | H54: =G54-I54 -> 0 | K54: =J54-L54 -> 0 | N54: =M54-O54 -> 0 | Q54: =P54-R54 -> 0 | T54: =S54-U54 -> 0 | W54: =V54-X54 -> 0 | Z54: =Y54-AA54 -> 0 | AC54: =AB54-AD54 -> 0 | AF54: =AE54-AG54 -> 0 | AI54: =AH54-AJ54 -> 0 | AL54: =AK54-AM54 -> 0 | AO54: =AN54-AP54 -> 0 | AR54: =AQ54-AS54 -> 0 | AU54: =AT54-AV54 -> 0 | AX54: =AW54-AY54 -> 0 | BA54: FED COST
F55: Preliminary Eng. | H55: =G55-I55 -> 0 | K55: =J55-L55 -> 0 | N55: =M55-O55 -> 0 | Q55: =P55-R55 -> 0 | T55: =S55-U55 -> 0 | W55: =V55-X55 -> 0 | Z55: =Y55-AA55 -> 0 | AC55: =AB55-AD55 -> 0 | AF55: =AE55-AG55 -> 0 | AI55: =AH55-AJ55 -> 0 | AL55: =AK55-AM55 -> 0 | AO55: =AN55-AP55 -> 0 | AR55: =AQ55-AS55 -> 0 | AU55: =AT55-AV55 -> 0 | AX55: =AW55-AY55 -> 0 | BA55: =SUM(G54:G59,J54:J59,M54:M59,P54:P59,S54:S59,V54:V59,Y54:Y59,AB54:AB59,AE54:AE59,AH54:AH59,AQ54:AQ59,AZ54:AZ59,AK54:AK59,AN54:AN59) -> 2062000
F56: Design | H56: =G56-I56 -> 0 | K56: =J56-L56 -> 0 | N56: =M56-O56 -> 0 | Q56: =P56-R56 -> 0 | S56: 222000 | T56: =S56-U56 -> 0 | U56: 222000 | W56: =V56-X56 -> 0 | Z56: =Y56-AA56 -> 0 | AC56: =AB56-AD56 -> 0 | AF56: =AE56-AG56 -> 0 | AI56: =AH56-AJ56 -> 0 | AL56: =AK56-AM56 -> 0 | AO56: =AN56-AP56 -> 0 | AR56: =AQ56-AS56 -> 0 | AU56: =AT56-AV56 -> 0 | AX56: =AW56-AY56 -> 0 | BA56: FED PGM
F57: Right of Way | H57: =G57-I57 -> 0 | K57: =J57-L57 -> 0 | N57: =M57-O57 -> 0 | Q57: =P57-R57 -> 0 | T57: =S57-U57 -> 0 | W57: =V57-X57 -> 0 | Z57: =Y57-AA57 -> 0 | AB57: 440000 | AC57: =AB57-AD57 -> 0 | AD57: 440000 | AF57: =AE57-AG57 -> 0 | AI57: =AH57-AJ57 -> 0 | AL57: =AK57-AM57 -> 0 | AO57: =AN57-AP57 -> 0 | AR57: =AQ57-AS57 -> 0 | AU57: =AT57-AV57 -> 0 | AX57: =AW57-AY57 -> 0 | BA57: =SUM(H54:H59,K54:K59,N54:N59,Q54:Q59,T54:T59,W54:W59,Z54:Z59,AC54:AC59,Z54:Z59,AF54:AF59,AI54:AI59,AR54:AR59,AL54:AL59,AO54:AO59) -> 1400000
F58: Utility Relocation | H58: =G58-I58 -> 0 | K58: =J58-L58 -> 0 | N58: =M58-O58 -> 0 | Q58: =P58-R58 -> 0 | T58: =S58-U58 -> 0 | W58: =V58-X58 -> 0 | Z58: =Y58-AA58 -> 0 | AC58: =AB58-AD58 -> 0 | AF58: =AE58-AG58 -> 0 | AI58: =AH58-AJ58 -> 0 | AL58: =AK58-AM58 -> 0 | AO58: =AN58-AP58 -> 0 | AR58: =AQ58-AS58 -> 0 | AU58: =AT58-AV58 -> 0 | AX58: =AW58-AY58 -> 0 | BA58: FED OBL
F59: Construction | H59: =G59-I59 -> 0 | K59: =J59-L59 -> 0 | N59: =M59-O59 -> 0 | Q59: =P59-R59 -> 0 | T59: =S59-U59 -> 0 | W59: =V59-X59 -> 0 | Z59: =Y59-AA59 -> 0 | AC59: =AB59-AD59 -> 0 | AF59: =AE59-AG59 -> 0 | AI59: =AH59-AJ59 -> 0 | AL59: =AK59-AM59 -> 0 | AN59: 1400000 | AO59: =AN59-AP59 -> 1400000 | AR59: =AQ59-AS59 -> 0 | AU59: =AT59-AV59 -> 0 | AX59: =AW59-AY59 -> 0 | BA59: =SUM(I54:I59,L54:L59,O54:O59,R54:R59,U54:U59,X54:X59,AA54:AA59,AD54:AD59,AG54:AG59,AJ54:AJ59,AS54:AS59,AM54:AM59,AP54:AP59) -> 662000
A60: SPONSOR | B60: PROJECT | C60: KIPDA ID | D60: STATE ID | E60: DESCRIPTION | F60: PHASE | G60: FEDERAL COST | H60: FEDERAL PGM | I60: FEDERAL OBL. | J60: FEDERAL COST | K60: FEDERAL PGM | L60: FEDERAL OBL. | M60: FEDERAL COST | N60: FEDERAL PGM | O60: FEDERAL OBL. | P60: FEDERAL COST | Q60: FEDERAL PGM | R60: FEDERAL OBL. | S60: FEDERAL COST | T60: FEDERAL PGM | U60: FEDERAL OBL. | V60: FEDERAL COST | W60: FEDERAL PGM | X60: FEDERAL OBL. | Y60: FEDERAL COST | Z60: FEDERAL PGM | AA60: FEDERAL OBL. | AB60: FEDERAL COST | AC60: FEDERAL PGM | AD60: FEDERAL OBL. | AE60: FEDERAL COST | AF60: FEDERAL PGM | AG60: FEDERAL OBL. | AH60: FEDERAL COST | AI60: FEDERAL PGM | AJ60: FEDERAL OBL. | AK60: FEDERAL COST | AL60: FEDERAL PGM | AM60: FEDERAL OBL. | AN60: FEDERAL COST | AO60: FEDERAL PGM | AP60: FEDERAL OBL. | AQ60: FEDERAL COST | AR60: FEDERAL PGM | AS60: FEDERAL OBL. | AT60: FEDERAL COST | AU60: FEDERAL PGM | AV60: FEDERAL OBL. | AW60: FEDERAL COST | AX60: FEDERAL PGM | AY60: FEDERAL OBL. | AZ60: FEDERAL COST | BA60: TOTALS
A61: Louisville Metro PW | B61: Hill Street Sidewalk Rehabilitation | C61: 2104 | E61: Rehabilitation of sidewalks along Hill Street between 6th Street and 7th Street. | F61: Planning | H61: =G61-I61 -> 0 | K61: =J61-L61 -> 0 | N61: =M61-O61 -> 0 | Q61: =P61-R61 -> 0 | T61: =S61-U61 -> 0 | W61: =V61-X61 -> 0 | Z61: =Y61-AA61 -> 0 | AC61: =AB61-AD61 -> 0 | AF61: =AE61-AG61 -> 0 | AI61: =AH61-AJ61 -> 0 | AL61: =AK61-AM61 -> 0 | AO61: =AN61-AP61 -> 0 | AR61: =AQ61-AS61 -> 0 | AU61: =AT61-AV61 -> 0 | AX61: =AW61-AY61 -> 0 | BA61: FED COST
F62: Preliminary Eng. | H62: =G62-I62 -> 0 | K62: =J62-L62 -> 0 | N62: =M62-O62 -> 0 | Q62: =P62-R62 -> 0 | T62: =S62-U62 -> 0 | W62: =V62-X62 -> 0 | Z62: =Y62-AA62 -> 0 | AC62: =AB62-AD62 -> 0 | AF62: =AE62-AG62 -> 0 | AI62: =AH62-AJ62 -> 0 | AL62: =AK62-AM62 -> 0 | AO62: =AN62-AP62 -> 0 | AR62: =AQ62-AS62 -> 0 | AU62: =AT62-AV62 -> 0 | AX62: =AW62-AY62 -> 0 | BA62: =SUM(G61:G66,J61:J66,M61:M66,P61:P66,S61:S66,V61:V66,Y61:Y66,AB61:AB66,AE61:AE66,AH61:AH66,AK61:AK66,AN61:AN66,AQ61:AQ66,AZ61:AZ66) -> 414122
F63: Design | H63: =G63-I63 -> 0 | K63: =J63-L63 -> 0 | N63: =M63-O63 -> 0 | Q63: =P63-R63 -> 0 | T63: =S63-U63 -> 0 | W63: =V63-X63 -> 0 | Z63: =Y63-AA63 -> 0 | AC63: =AB63-AD63 -> 0 | AF63: =AE63-AG63 -> 0 | AI63: =AH63-AJ63 -> 0 | AL63: =AK63-AM63 -> 0 | AO63: =AN63-AP63 -> 0 | AR63: =AQ63-AS63 -> 0 | AU63: =AT63-AV63 -> 0 | AX63: =AW63-AY63 -> 0 | BA63: FED PGM
F64: Right of Way | H64: =G64-I64 -> 0 | K64: =J64-L64 -> 0 | N64: =M64-O64 -> 0 | Q64: =P64-R64 -> 0 | T64: =S64-U64 -> 0 | W64: =V64-X64 -> 0 | Z64: =Y64-AA64 -> 0 | AC64: =AB64-AD64 -> 0 | AF64: =AE64-AG64 -> 0 | AI64: =AH64-AJ64 -> 0 | AL64: =AK64-AM64 -> 0 | AO64: =AN64-AP64 -> 0 | AR64: =AQ64-AS64 -> 0 | AU64: =AT64-AV64 -> 0 | AX64: =AW64-AY64 -> 0 | BA64: =SUM(H61:H66,K61:K66,N61:N66,Q61:Q66,T61:T66,W61:W66,Z61:Z66,AC61:AC66,Z61:Z66,AF61:AF66,AI61:AI66,AL61:AL66,AO61:AO66,AR61:AR66) -> -13350
F65: Utility Relocation | H65: =G65-I65 -> 0 | K65: =J65-L65 -> 0 | N65: =M65-O65 -> 0 | Q65: =P65-R65 -> 0 | T65: =S65-U65 -> 0 | W65: =V65-X65 -> 0 | Z65: =Y65-AA65 -> 0 | AC65: =AB65-AD65 -> 0 | AF65: =AE65-AG65 -> 0 | AI65: =AH65-AJ65 -> 0 | AL65: =AK65-AM65 -> 0 | AO65: =AN65-AP65 -> 0 | AR65: =AQ65-AS65 -> 0 | AU65: =AT65-AV65 -> 0 | AX65: =AW65-AY65 -> 0 | BA65: FED OBL
F66: Construction | G66: 297122 | H66: =G66-I66 -> 0 | I66: 297122 | K66: =J66-L66 -> 0 | N66: =M66-O66 -> 0 | P66: 117000 | Q66: =P66-R66 -> -13350 | R66: 130350 | T66: =S66-U66 -> 0 | W66: =V66-X66 -> 0 | Z66: =Y66-AA66 -> 0 | AC66: =AB66-AD66 -> 0 | AF66: =AE66-AG66 -> 0 | AI66: =AH66-AJ66 -> 0 | AL66: =AK66-AM66 -> 0 | AO66: =AN66-AP66 -> 0 | AR66: =AQ66-AS66 -> 0 | AU66: =AT66-AV66 -> 0 | AX66: =AW66-AY66 -> 0 | BA66: =SUM(I61:I66,L61:L66,O61:O66,R61:R66,U61:U66,X61:X66,AA61:AA66,AD61:AD66,AG61:AG66,AJ61:AJ66,AM61:AM66,AP61:AP66,AS61:AS66) -> 427472
A67: SPONSOR | B67: PROJECT | C67: KIPDA ID | D67: STATE ID | E67: DESCRIPTION | F67: PHASE | G67: FEDERAL COST | H67: FEDERAL PGM | I67: FEDERAL OBL. | J67: FEDERAL COST | K67: FEDERAL PGM | L67: FEDERAL OBL. | M67: FEDERAL COST | N67: FEDERAL PGM | O67: FEDERAL OBL. | P67: FEDERAL COST | Q67: FEDERAL PGM | R67: FEDERAL OBL. | S67: FEDERAL COST | T67: FEDERAL PGM | U67: FEDERAL OBL. | V67: FEDERAL COST | W67: FEDERAL PGM | X67: FEDERAL OBL. | Y67: FEDERAL COST | Z67: FEDERAL PGM | AA67: FEDERAL OBL. | AB67: FEDERAL COST | AC67: FEDERAL PGM | AD67: FEDERAL OBL. | AE67: FEDERAL COST | AF67: FEDERAL PGM | AG67: FEDERAL OBL. | AH67: FEDERAL COST | AI67: FEDERAL PGM | AJ67: FEDERAL OBL. | AK67: FEDERAL COST | AL67: FEDERAL PGM | AM67: FEDERAL OBL. | AN67: FEDERAL COST | AO67: FEDERAL PGM | AP67: FEDERAL OBL. | AQ67: FEDERAL COST | AR67: FEDERAL PGM | AS67: FEDERAL OBL. | AT67: FEDERAL COST | AU67: FEDERAL PGM | AV67: FEDERAL OBL. | AW67: FEDERAL COST | AX67: FEDERAL PGM | AY67: FEDERAL OBL. | AZ67: FEDERAL COST | BA67: TOTALS
A68: Louisville Metro | B68: Louisville Loop Shared Use Path - McNeely Lake Segment | C68: 2539 | D68: 05-03034.00 | E68: This project proposes to construct approximately two miles of new 10-12 foot wide asphalt/concrete shared use path through McNeely Lake Park. | F68: Planning | H68: =G68-I68 -> 0 | K68: =J68-L68 -> 0 | N68: =M68-O68 -> 0 | Q68: =P68-R68 -> 0 | T68: =S68-U68 -> 0 | W68: =V68-X68 -> 0 | Z68: =Y68-AA68 -> 0 | AC68: =AB68-AD68 -> 0 | AF68: =AE68-AG68 -> 0 | AI68: =AH68-AJ68 -> 0 | AL68: =AK68-AM68 -> 0 | AO68: =AN68-AP68 -> 0 | AR68: =AQ68-AS68 -> 0 | AU68: =AT68-AV68 -> 0 | AX68: =AW68-AY68 -> 0 | BA68: FED COST
F69: Preliminary Eng. | H69: =G69-I69 -> 0 | K69: =J69-L69 -> 0 | N69: =M69-O69 -> 0 | Q69: =P69-R69 -> 0 | T69: =S69-U69 -> 0 | W69: =V69-X69 -> 0 | Z69: =Y69-AA69 -> 0 | AC69: =AB69-AD69 -> 0 | AF69: =AE69-AG69 -> 0 | AI69: =AH69-AJ69 -> 0 | AL69: =AK69-AM69 -> 0 | AO69: =AN69-AP69 -> 0 | AR69: =AQ69-AS69 -> 0 | AU69: =AT69-AV69 -> 0 | AX69: =AW69-AY69 -> 0 | BA69: =SUM(G68:G73,J68:J73,M68:M73,P68:P73,S68:S73,V68:V73,Y68:Y73,AB68:AB73,AE68:AE73,AH68:AH73,AQ68:AQ73,AZ68:AZ73,AK68:AK73,AN68:AN73) -> 5467889
F70: Design | H70: =G70-I70 -> 0 | K70: =J70-L70 -> 0 | N70: =M70-O70 -> 0 | Q70: =P70-R70 -> 0 | T70: =S70-U70 -> 0 | V70: 185200 | W70: =V70-X70 -> -5000 | X70: 190200 | Z70: =Y70-AA70 -> 0 | AC70: =AB70-AD70 -> 0 | AE70: 242689 | AF70: =AE70-AG70 -> 0 | AG70: 242689 | AI70: =AH70-AJ70 -> 0 | AL70: =AK70-AM70 -> 0 | AO70: =AN70-AP70 -> 0 | AR70: =AQ70-AS70 -> 0 | AU70: =AT70-AV70 -> 0 | AX70: =AW70-AY70 -> 0 | BA70: FED PGM
F71: Right of Way | H71: =G71-I71 -> 0 | K71: =J71-L71 -> 0 | N71: =M71-O71 -> 0 | Q71: =P71-R71 -> 0 | T71: =S71-U71 -> 0 | W71: =V71-X71 -> 0 | Z71: =Y71-AA71 -> 0 | AC71: =AB71-AD71 -> 0 | AF71: =AE71-AG71 -> 0 | AI71: =AH71-AJ71 -> 0 | AL71: =AK71-AM71 -> 0 | AO71: =AN71-AP71 -> 0 | AR71: =AQ71-AS71 -> 0 | AU71: =AT71-AV71 -> 0 | AX71: =AW71-AY71 -> 0 | BA71: =SUM(H68:H73,K68:K73,N68:N73,Q68:Q73,T68:T73,W68:W73,Z68:Z73,AC68:AC73,Z68:Z73,AF68:AF73,AI68:AI73,AR68:AR73,AL68:AL73,AO68:AO73) -> 5035000
F72: Utility Relocation | H72: =G72-I72 -> 0 | K72: =J72-L72 -> 0 | N72: =M72-O72 -> 0 | Q72: =P72-R72 -> 0 | T72: =S72-U72 -> 0 | W72: =V72-X72 -> 0 | Z72: =Y72-AA72 -> 0 | AC72: =AB72-AD72 -> 0 | AF72: =AE72-AG72 -> 0 | AI72: =AH72-AJ72 -> 0 | AL72: =AK72-AM72 -> 0 | AO72: =AN72-AP72 -> 0 | AR72: =AQ72-AS72 -> 0 | AU72: =AT72-AV72 -> 0 | AX72: =AW72-AY72 -> 0 | BA72: FED OBL
F73: Construction | H73: =G73-I73 -> 0 | K73: =J73-L73 -> 0 | N73: =M73-O73 -> 0 | Q73: =P73-R73 -> 0 | T73: =S73-U73 -> 0 | W73: =V73-X73 -> 0 | Z73: =Y73-AA73 -> 0 | AF73: =AE73-AG73 -> 0 | AI73: =AH73-AJ73 -> 0 | AL73: =AK73-AM73 -> 0 | AN73: 5040000 | AO73: =AN73-AP73 -> 5040000 | AR73: =AQ73-AS73 -> 0 | AU73: =AT73-AV73 -> 0 | AX73: =AW73-AY73 -> 0 | BA73: =SUM(I68:I73,L68:L73,O68:O73,R68:R73,U68:U73,X68:X73,AA68:AA73,AD68:AD73,AG68:AG73,AJ68:AJ73,AS68:AS73,AM68:AM73,AP68:AP73) -> 432889
A74: SPONSOR | B74: PROJECT | C74: KIPDA ID | D74: STATE ID | E74: DESCRIPTION | F74: PHASE | G74: FEDERAL COST | H74: FEDERAL PGM | I74: FEDERAL OBL. | J74: FEDERAL COST | K74: FEDERAL PGM | L74: FEDERAL OBL. | M74: FEDERAL COST | N74: FEDERAL PGM | O74: FEDERAL OBL. | P74: FEDERAL COST | Q74: FEDERAL PGM | R74: FEDERAL OBL. | S74: FEDERAL COST | T74: FEDERAL PGM | U74: FEDERAL OBL. | V74: FEDERAL COST | W74: FEDERAL PGM | X74: FEDERAL OBL. | Y74: FEDERAL COST | Z74: FEDERAL PGM | AA74: FEDERAL OBL. | AB74: FEDERAL COST | AC74: FEDERAL PGM | AD74: FEDERAL OBL. | AE74: FEDERAL COST | AF74: FEDERAL PGM | AG74: FEDERAL OBL. | AH74: FEDERAL COST | AI74: FEDERAL PGM | AJ74: FEDERAL OBL. | AK74: FEDERAL COST | AL74: FEDERAL PGM | AM74: FEDERAL OBL. | AN74: FEDERAL COST | AO74: FEDERAL PGM | AP74: FEDERAL OBL. | AQ74: FEDERAL COST | AR74: FEDERAL PGM | AS74: FEDERAL OBL. | AT74: FEDERAL COST | AU74: FEDERAL PGM | AV74: FEDERAL OBL. | AW74: FEDERAL COST | AX74: FEDERAL PGM | AY74: FEDERAL OBL. | AZ74: FEDERAL COST | BA74: TOTALS
A75: Louisville Metro | B75: Newburg Road Sidewalk | C75: 2898 | D75: 05-03041.00 | E75: Construct a continuous 6-foot sidewalk on the west side of Newburg Road from the end of the existing sidewalk at Larkmoor Lane to approximately 300 feet south of Bluegrass Park Drive at the entrance to Louisville Metro Animal Services. This project will add approximately 2,775 linear feet of sidewalk. | F75: Planning | H75: =G75-I75 -> 0 | K75: =J75-L75 -> 0 | N75: =M75-O75 -> 0 | Q75: =P75-R75 -> 0 | T75: =S75-U75 -> 0 | W75: =V75-X75 -> 0 | Z75: =Y75-AA75 -> 0 | AC75: =AB75-AD75 -> 0 | AF75: =AE75-AG75 -> 0 | AI75: =AH75-AJ75 -> 0 | AL75: =AK75-AM75 -> 0 | AO75: =AN75-AP75 -> 0 | AR75: =AQ75-AS75 -> 0 | AU75: =AT75-AV75 -> 0 | AX75: =AW75-AY75 -> 0 | BA75: FED COST
F76: Preliminary Eng. | H76: =G76-I76 -> 0 | K76: =J76-L76 -> 0 | N76: =M76-O76 -> 0 | Q76: =P76-R76 -> 0 | T76: =S76-U76 -> 0 | W76: =V76-X76 -> 0 | Z76: =Y76-AA76 -> 0 | AC76: =AB76-AD76 -> 0 | AF76: =AE76-AG76 -> 0 | AI76: =AH76-AJ76 -> 0 | AL76: =AK76-AM76 -> 0 | AO76: =AN76-AP76 -> 0 | AR76: =AQ76-AS76 -> 0 | AU76: =AT76-AV76 -> 0 | AX76: =AW76-AY76 -> 0 | BA76: =SUM(G75:G80,J75:J80,M75:M80,P75:P80,S75:S80,V75:V80,Y75:Y80,AB75:AB80,AE75:AE80,AH75:AH80,AQ75:AQ80,AZ75:AZ80,AK75:AK80,AN75:AN80) -> 746000
F77: Design | H77: =G77-I77 -> 0 | K77: =J77-L77 -> 0 | N77: =M77-O77 -> 0 | Q77: =P77-R77 -> 0 | S77: 135000 | T77: =S77-U77 -> 0 | U77: 135000 | W77: =V77-X77 -> 0 | Z77: =Y77-AA77 -> 0 | AC77: =AB77-AD77 -> 0 | AF77: =AE77-AG77 -> 0 | AI77: =AH77-AJ77 -> 0 | AL77: =AK77-AM77 -> 0 | AO77: =AN77-AP77 -> 0 | AR77: =AQ77-AS77 -> 0 | AU77: =AT77-AV77 -> 0 | AX77: =AW77-AY77 -> 0 | BA77: FED PGM
F78: Right of Way | H78: =G78-I78 -> 0 | K78: =J78-L78 -> 0 | N78: =M78-O78 -> 0 | Q78: =P78-R78 -> 0 | T78: =S78-U78 -> 0 | W78: =V78-X78 -> 0 | Z78: =Y78-AA78 -> 0 | AC78: =AB78-AD78 -> 0 | AF78: =AE78-AG78 -> 0 | AI78: =AH78-AJ78 -> 0 | AL78: =AK78-AM78 -> 0 | AO78: =AN78-AP78 -> 0 | AR78: =AQ78-AS78 -> 0 | AU78: =AT78-AV78 -> 0 | AX78: =AW78-AY78 -> 0 | BA78: =SUM(H75:H80,K75:K80,N75:N80,Q75:Q80,T75:T80,W75:W80,Z75:Z80,AC75:AC80,Z75:Z80,AF75:AF80,AI75:AI80,AR75:AR80,AL75:AL80,AO75:AO80) -> 0
F79: Utility Relocation | H79: =G79-I79 -> 0 | K79: =J79-L79 -> 0 | N79: =M79-O79 -> 0 | Q79: =P79-R79 -> 0 | T79: =S79-U79 -> 0 | W79: =V79-X79 -> 0 | Z79: =Y79-AA79 -> 0 | AC79: =AB79-AD79 -> 0 | AF79: =AE79-AG79 -> 0 | AI79: =AH79-AJ79 -> 0 | AL79: =AK79-AM79 -> 0 | AO79: =AN79-AP79 -> 0 | AR79: =AQ79-AS79 -> 0 | AU79: =AT79-AV79 -> 0 | AX79: =AW79-AY79 -> 0 | BA79: FED OBL
F80: Construction | H80: =G80-I80 -> 0 | K80: =J80-L80 -> 0 | N80: =M80-O80 -> 0 | Q80: =P80-R80 -> 0 | T80: =S80-U80 -> 0 | W80: =V80-X80 -> 0 | Y80: 611000 | Z80: =Y80-AA80 -> 0 | AA80: 611000 | AC80: =AB80-AD80 -> 0 | AF80: =AE80-AG80 -> 0 | AI80: =AH80-AJ80 -> 0 | AL80: =AK80-AM80 -> 0 | AO80: =AN80-AP80 -> 0 | AR80: =AQ80-AS80 -> 0 | AU80: =AT80-AV80 -> 0 | AX80: =AW80-AY80 -> 0 | BA80: =SUM(I75:I80,L75:L80,O75:O80,R75:R80,U75:U80,X75:X80,AA75:AA80,AD75:AD80,AG75:AG80,AJ75:AJ80,AS75:AS80,AM75:AM80,AP75:AP80) -> 746000
A81: SPONSOR | B81: PROJECT | C81: KIPDA ID | D81: STATE ID | E81: DESCRIPTION | F81: PHASE | G81: FEDERAL COST | H81: FEDERAL PGM | I81: FEDERAL OBL. | J81: FEDERAL COST | K81: FEDERAL PGM | L81: FEDERAL OBL. | M81: FEDERAL COST | N81: FEDERAL PGM | O81: FEDERAL OBL. | P81: FEDERAL COST | Q81: FEDERAL PGM | R81: FEDERAL OBL. | S81: FEDERAL COST | T81: FEDERAL PGM | U81: FEDERAL OBL. | V81: FEDERAL COST | W81: FEDERAL PGM | X81: FEDERAL OBL. | Y81: FEDERAL COST | Z81: FEDERAL PGM | AA81: FEDERAL OBL. | AB81: FEDERAL COST | AC81: FEDERAL PGM | AD81: FEDERAL OBL. | AE81: FEDERAL COST | AF81: FEDERAL PGM | AG81: FEDERAL OBL. | AH81: FEDERAL COST | AI81: FEDERAL PGM | AJ81: FEDERAL OBL. | AK81: FEDERAL COST | AL81: FEDERAL PGM | AM81: FEDERAL OBL. | AN81: FEDERAL COST | AO81: FEDERAL PGM | AP81: FEDERAL OBL. | AQ81: FEDERAL COST | AR81: FEDERAL PGM | AS81: FEDERAL OBL. | AT81: FEDERAL COST | AU81: FEDERAL PGM | AV81: FEDERAL OBL. | AW81: FEDERAL COST | AX81: FEDERAL PGM | AY81: FEDERAL OBL. | AZ81: FEDERAL COST | BA81: TOTALS
A82: Louisville Metro | B82: River Road Multi-Modal Improvements | C82: 2540 | D82: 05-3217.00 | E82: To improve safety and comfort of walkers, joggers, and cyclists along the riverfront, we are proposing re-allocation of the northern most lane traveling in the west bound direction and relocation of the existing barrier wall to expand the existing separated multi-use path of sub-standard width. | F82: Planning | H82: =G82-I82 -> 0 | K82: =J82-L82 -> 0 | N82: =M82-O82 -> 0 | Q82: =P82-R82 -> 0 | T82: =S82-U82 -> 0 | W82: =V82-X82 -> 0 | Z82: =Y82-AA82 -> 0 | AC82: =AB82-AD82 -> 0 | AF82: =AE82-AG82 -> 0 | AI82: =AH82-AJ82 -> 0 | AL82: =AK82-AM82 -> 0 | AO82: =AN82-AP82 -> 0 | AR82: =AQ82-AS82 -> 0 | AU82: =AT82-AV82 -> 0 | AX82: =AW82-AY82 -> 0 | BA82: FED COST
F83: Preliminary Eng. | H83: =G83-I83 -> 0 | K83: =J83-L83 -> 0 | N83: =M83-O83 -> 0 | Q83: =P83-R83 -> 0 | T83: =S83-U83 -> 0 | W83: =V83-X83 -> 0 | Z83: =Y83-AA83 -> 0 | AC83: =AB83-AD83 -> 0 | AF83: =AE83-AG83 -> 0 | AI83: =AH83-AJ83 -> 0 | AL83: =AK83-AM83 -> 0 | AO83: =AN83-AP83 -> 0 | AR83: =AQ83-AS83 -> 0 | AU83: =AT83-AV83 -> 0 | AX83: =AW83-AY83 -> 0 | BA83: =SUM(G82:G87,J82:J87,M82:M87,P82:P87,S82:S87,V82:V87,Y82:Y87,AB82:AB87,AE82:AE87,AH82:AH87,AQ82:AQ87,AZ82:AZ87,AK82:AK87,AN82:AN87) -> 2470000
F84: Design | H84: =G84-I84 -> 0 | J84: 135000 | K84: =J84-L84 -> 0 | L84: 135000 | N84: =M84-O84 -> 0 | P84: 135000 | Q84: =P84-R84 -> 0 | R84: 135000 | T84: =S84-U84 -> 0 | W84: =V84-X84 -> 0 | Z84: =Y84-AA84 -> 0 | AC84: =AB84-AD84 -> 0 | AF84: =AE84-AG84 -> 0 | AI84: =AH84-AJ84 -> 0 | AL84: =AK84-AM84 -> 0 | AO84: =AN84-AP84 -> 0 | AR84: =AQ84-AS84 -> 0 | AU84: =AT84-AV84 -> 0 | AX84: =AW84-AY84 -> 0 | BA84: FED PGM
F85: Right of Way | H85: =G85-I85 -> 0 | K85: =J85-L85 -> 0 | N85: =M85-O85 -> 0 | Q85: =P85-R85 -> 0 | T85: =S85-U85 -> 0 | W85: =V85-X85 -> 0 | Z85: =Y85-AA85 -> 0 | AC85: =AB85-AD85 -> 0 | AF85: =AE85-AG85 -> 0 | AI85: =AH85-AJ85 -> 0 | AL85: =AK85-AM85 -> 0 | AO85: =AN85-AP85 -> 0 | AR85: =AQ85-AS85 -> 0 | AU85: =AT85-AV85 -> 0 | AX85: =AW85-AY85 -> 0 | BA85: =SUM(H82:H87,K82:K87,N82:N87,Q82:Q87,T82:T87,W82:W87,Z82:Z87,AC82:AC87,Z82:Z87,AF82:AF87,AI82:AI87,AR82:AR87,AL82:AL87,AO82:AO87) -> 0
F86: Utility Relocation | H86: =G86-I86 -> 0 | K86: =J86-L86 -> 0 | N86: =M86-O86 -> 0 | Q86: =P86-R86 -> 0 | T86: =S86-U86 -> 0 | W86: =V86-X86 -> 0 | Z86: =Y86-AA86 -> 0 | AC86: =AB86-AD86 -> 0 | AF86: =AE86-AG86 -> 0 | AI86: =AH86-AJ86 -> 0 | AL86: =AK86-AM86 -> 0 | AO86: =AN86-AP86 -> 0 | AR86: =AQ86-AS86 -> 0 | AU86: =AT86-AV86 -> 0 | AX86: =AW86-AY86 -> 0 | BA86: FED OBL
F87: Construction | H87: =G87-I87 -> 0 | K87: =J87-L87 -> 0 | N87: =M87-O87 -> 0 | Q87: =P87-R87 -> 0 | T87: =S87-U87 -> 0 | W87: =V87-X87 -> 0 | Z87: =Y87-AA87 -> 0 | AB87: =SUM(1413708+786292) -> 2200000 | AC87: =AB87-AD87 -> 0 | AD87: 2200000 | AF87: =AE87-AG87 -> 0 | AI87: =AH87-AJ87 -> 0 | AL87: =AK87-AM87 -> 0 | AO87: =AN87-AP87 -> 0 | AR87: =AQ87-AS87 -> 0 | AU87: =AT87-AV87 -> 0 | AX87: =AW87-AY87 -> 0 | BA87: =SUM(I82:I87,L82:L87,O82:O87,R82:R87,U82:U87,X82:X87,AA82:AA87,AD82:AD87,AG82:AG87,AJ82:AJ87,AS82:AS87,AM82:AM87,AP82:AP87) -> 2470000
A88: SPONSOR | B88: PROJECT | C88: KIPDA ID | D88: STATE ID | E88: DESCRIPTION | F88: PHASE | G88: FEDERAL COST | H88: FEDERAL PGM | I88: FEDERAL OBL. | J88: FEDERAL COST | K88: FEDERAL PGM | L88: FEDERAL OBL. | M88: FEDERAL COST | N88: FEDERAL PGM | O88: FEDERAL OBL. | P88: FEDERAL COST | Q88: FEDERAL PGM | R88: FEDERAL OBL. | S88: FEDERAL COST | T88: FEDERAL PGM | U88: FEDERAL OBL. | V88: FEDERAL COST | W88: FEDERAL PGM | X88: FEDERAL OBL. | Y88: FEDERAL COST | Z88: FEDERAL PGM | AA88: FEDERAL OBL. | AB88: FEDERAL COST | AC88: FEDERAL PGM | AD88: FEDERAL OBL. | AE88: FEDERAL COST | AF88: FEDERAL PGM | AG88: FEDERAL OBL. | AH88: FEDERAL COST | AI88: FEDERAL PGM | AJ88: FEDERAL OBL. | AK88: FEDERAL COST | AL88: FEDERAL PGM | AM88: FEDERAL OBL. | AN88: FEDERAL COST | AO88: FEDERAL PGM | AP88: FEDERAL OBL. | AQ88: FEDERAL COST | AR88: FEDERAL PGM | AS88: FEDERAL OBL. | AT88: FEDERAL COST | AU88: FEDERAL PGM | AV88: FEDERAL OBL. | AW88: FEDERAL COST | AX88: FEDERAL PGM | AY88: FEDERAL OBL. | AZ88: FEDERAL COST | BA88: TOTALS
A89: Louisville Metro | B89: South Hubbards Lane | C89: 3024 | D89: 5-479.20 | E89: Add bicycle and pedestrian facilities to South Hubbards Lane from Kresge Way to US 60 (Shelbyville Road). | F89: Planning | H89: =G89-I89 -> 0 | K89: =J89-L89 -> 0 | N89: =M89-O89 -> 0 | Q89: =P89-R89 -> 0 | T89: =S89-U89 -> 0 | W89: =V89-X89 -> 0 | Z89: =Y89-AA89 -> 0 | AC89: =AB89-AD89 -> 0 | AF89: =AE89-AG89 -> 0 | AI89: =AH89-AJ89 -> 0 | AL89: =AK89-AM89 -> 0 | AO89: =AN89-AP89 -> 0 | AR89: =AQ89-AS89 -> 0 | AU89: =AT89-AV89 -> 0 | AX89: =AW89-AY89 -> 0 | BA89: FED COST
F90: Preliminary Eng. | H90: =G90-I90 -> 0 | K90: =J90-L90 -> 0 | N90: =M90-O90 -> 0 | Q90: =P90-R90 -> 0 | T90: =S90-U90 -> 0 | W90: =V90-X90 -> 0 | Z90: =Y90-AA90 -> 0 | AC90: =AB90-AD90 -> 0 | AF90: =AE90-AG90 -> 0 | AI90: =AH90-AJ90 -> 0 | AL90: =AK90-AM90 -> 0 | AO90: =AN90-AP90 -> 0 | AR90: =AQ90-AS90 -> 0 | AU90: =AT90-AV90 -> 0 | AX90: =AW90-AY90 -> 0 | BA90: =SUM(G89:G94,J89:J94,M89:M94,P89:P94,S89:S94,V89:V94,Y89:Y94,AB89:AB94,AE89:AE94,AH89:AH94,AQ89:AQ94,AZ89:AZ94,AK89:AK94,AN89:AN94) -> 700000
F91: Design | H91: =G91-I91 -> 0 | K91: =J91-L91 -> 0 | N91: =M91-O91 -> 0 | Q91: =P91-R91 -> 0 | T91: =S91-U91 -> 0 | W91: =V91-X91 -> 0 | Z91: =Y91-AA91 -> 0 | AC91: =AB91-AD91 -> 0 | AF91: =AE91-AG91 -> 0 | AI91: =AH91-AJ91 -> 0 | AK91: 200000 | AL91: =AK91-AM91 -> 200000 | AO91: =AN91-AP91 -> 0 | AR91: =AQ91-AS91 -> 0 | AU91: =AT91-AV91 -> 0 | AX91: =AW91-AY91 -> 0 | BA91: FED PGM
F92: Right of Way | H92: =G92-I92 -> 0 | K92: =J92-L92 -> 0 | N92: =M92-O92 -> 0 | Q92: =P92-R92 -> 0 | T92: =S92-U92 -> 0 | W92: =V92-X92 -> 0 | Z92: =Y92-AA92 -> 0 | AC92: =AB92-AD92 -> 0 | AF92: =AE92-AG92 -> 0 | AI92: =AH92-AJ92 -> 0 | AL92: =AK92-AM92 -> 0 | AO92: =AN92-AP92 -> 0 | AR92: =AQ92-AS92 -> 0 | AU92: =AT92-AV92 -> 0 | AX92: =AW92-AY92 -> 0 | BA92: =SUM(H89:H94,K89:K94,N89:N94,Q89:Q94,T89:T94,W89:W94,Z89:Z94,AC89:AC94,Z89:Z94,AF89:AF94,AI89:AI94,AR89:AR94,AL89:AL94,AO89:AO94) -> 700000
F93: Utility Relocation | H93: =G93-I93 -> 0 | K93: =J93-L93 -> 0 | N93: =M93-O93 -> 0 | Q93: =P93-R93 -> 0 | T93: =S93-U93 -> 0 | W93: =V93-X93 -> 0 | Z93: =Y93-AA93 -> 0 | AC93: =AB93-AD93 -> 0 | AF93: =AE93-AG93 -> 0 | AI93: =AH93-AJ93 -> 0 | AL93: =AK93-AM93 -> 0 | AO93: =AN93-AP93 -> 0 | AR93: =AQ93-AS93 -> 0 | AU93: =AT93-AV93 -> 0 | AX93: =AW93-AY93 -> 0 | BA93: FED OBL
F94: Construction | H94: =G94-I94 -> 0 | K94: =J94-L94 -> 0 | N94: =M94-O94 -> 0 | Q94: =P94-R94 -> 0 | T94: =S94-U94 -> 0 | W94: =V94-X94 -> 0 | Z94: =Y94-AA94 -> 0 | AC94: =AB94-AD94 -> 0 | AF94: =AE94-AG94 -> 0 | AI94: =AH94-AJ94 -> 0 | AK94: 500000 | AL94: =AK94-AM94 -> 500000 | AO94: =AN94-AP94 -> 0 | AR94: =AQ94-AS94 -> 0 | AU94: =AT94-AV94 -> 0 | AX94: =AW94-AY94 -> 0 | BA94: =SUM(I89:I94,L89:L94,O89:O94,R89:R94,U89:U94,X89:X94,AA89:AA94,AD89:AD94,AG89:AG94,AJ89:AJ94,AS89:AS94,AM89:AM94,AP89:AP94) -> 0
A95: SPONSOR | B95: PROJECT | C95: KIPDA ID | D95: STATE ID | E95: DESCRIPTION | F95: PHASE | G95: FEDERAL COST | H95: FEDERAL PGM | I95: FEDERAL OBL. | J95: FEDERAL COST | K95: FEDERAL PGM | L95: FEDERAL OBL. | M95: FEDERAL COST | N95: FEDERAL PGM | O95: FEDERAL OBL. | P95: FEDERAL COST | Q95: FEDERAL PGM | R95: FEDERAL OBL. | S95: FEDERAL COST | T95: FEDERAL PGM | U95: FEDERAL OBL. | V95: FEDERAL COST | W95: FEDERAL PGM | X95: FEDERAL OBL. | Y95: FEDERAL COST | Z95: FEDERAL PGM | AA95: FEDERAL OBL. | AB95: FEDERAL COST | AC95: FEDERAL PGM | AD95: FEDERAL OBL. | AE95: FEDERAL COST | AF95: FEDERAL PGM | AG95: FEDERAL OBL. | AH95: FEDERAL COST | AI95: FEDERAL PGM | AJ95: FEDERAL OBL. | AK95: FEDERAL COST | AL95: FEDERAL PGM | AM95: FEDERAL OBL. | AN95: FEDERAL COST | AO95: FEDERAL PGM | AP95: FEDERAL OBL. | AQ95: FEDERAL COST | AR95: FEDERAL PGM | AS95: FEDERAL OBL. | AT95: FEDERAL COST | AU95: FEDERAL PGM | AV95: FEDERAL OBL. | AW95: FEDERAL COST | AX95: FEDERAL PGM | AY95: FEDERAL OBL. | AZ95: FEDERAL COST | BA95: TOTALS
A96: Middletown | B96: South Madison Avenue | C96: 2320 | D96: 5-3214.00 | E96: Construct sidewalks on South Madison Avenue from Main Street to Tucker Station Road. | F96: Planning | H96: =G96-I96 -> 0 | K96: =J96-L96 -> 0 | N96: =M96-O96 -> 0 | Q96: =P96-R96 -> 0 | T96: =S96-U96 -> 0 | W96: =V96-X96 -> 0 | Z96: =Y96-AA96 -> 0 | AC96: =AB96-AD96 -> 0 | AF96: =AE96-AG96 -> 0 | AI96: =AH96-AJ96 -> 0 | AL96: =AK96-AM96 -> 0 | AO96: =AN96-AP96 -> 0 | AR96: =AQ96-AS96 -> 0 | AU96: =AT96-AV96 -> 0 | AX96: =AW96-AY96 -> 0 | BA96: FED COST
